Workbook
Name all_scores: Weekly!#REF!
Name all_scores: Weekly!#REF!
Name choices: Odds!$G$2:$G$140
Name CurrentSeason: Images!$C$1
Name CurrentWeek: Images!$C$2
Name entrants: Prizelist!$B$1
Name game1: Perms!$B$6
Name game2: Perms!$B$7
Name game3: Perms!$B$8
Name groups: #REF!
Name Inactive: Table!$T$1
Name nonentrants: Prizelist!$B$22
Name placefund: Prizelist!#REF!
Name positionpot: Prizelist!#REF!
Name pot: Prizes!$I$1
Name PotA: Prizes!$I$2
Name PotB: Prizes!$I$3
Name PotC: Prizes!$I$4
Name PotD: Prizes!$I$5
Name SeasonTitle: Images!$D$1
Name TableWeeklyActual: Table!$R$54
Name TableWeeklyMax: Table!$Q$54
Name thisweekscore: Weekly!$H$2:$H$51
Name TopMaxScores: Picks!$AM$2:$AM$51
Name TopScores: Picks!$AH$2:$AH$51
Name totalscores: Weekly!$F$2:$F$51
Name twentysixth: Prizelist!#REF!

Sheet Home
B1: Click the top left cell in any tab to return Home
B2: Weekly Reports | C2: Useful Info | D2: Admin (Weekly) | E2: Admin (Other)
B3: League Table | C3: Pics for Publication | D3: Add Matches | E3: Calculations
B4: Weekly Results | C4: Prizes - Summary | D4: Add Predictions | E4: Entrants
B5: Cup Draw | C5: Prizes - Divisional Splits | D5: Add Predictions (double-week) | E5: Last Season Places
B6: Season Diary | C6: FAQ | D6: 1-2-3 Pivot | E6: Brought Forward
B7: Current Week Fixtures | C7: Sample Bets | D7: Top Picks | E7: End of Season Finance
B8: Current Week Predictions | D8: Cup Draw Raw | E8: Mini Leagues

Sheet Players
A1: Players | B1: Div
A2: Alan Bond | B2: C | D2: Row Labels | E2: Count of Players
A3: Alan Rogers | B3: A | D3: A | E3: 16
A4: Alan White | B4: A | D4: B | E4: 16
A5: Alex Griffin | B5: C | D5: C | E5: 18
A6: Alick Rocca | B6: C | D6: (blank)
A7: Andy White | B7: C | D7: Grand Total | E7: 50
A8: Barry Birchall | B8: A
A9: Ben Rosser | B9: B
A10: Bob Bailey | B10: C
A11: Charlie Griffiths | B11: C
A12: Chris Bow | B12: C
A13: Chris Griffin | B13: B
A14: Chris Luck | B14: B
A15: Dan Gibbard | B15: C
A16: Dave Bell | B16: B
A17: David Dunn | B17: C
A18: Dot Bow | B18: C
A19: Frank Allen | B19: B
... A51: Vinny Topping | B51: B

Sheet Weekly
A1: Rank Seas | B1: Rank Wk | C1: Pos L/W | D1: Div | E1: Player | F1: Season Score | G1: Season Correct | H1: Week Score | I1: Week ? of 3 | J1: Weekly Prizes | K1: Cup Prize | L1: League Place Prize | M1: Total Prize | N1: W1 | O1: W1Q | P1: W1P | Q1: W2 | R1: W2Q | S1: W2P | T1: W3 | U1: W3Q | V1: W3P | W1: W4 | X1: W4Q | Y1: W4P | Z1: W5 | AA1: W5Q | AB1: W5P | AC1: W6 | AD1: W6Q | AE1: W6P | AF1: W7 | AG1: W7Q | AH1: W7P | AI1: W8 | AJ1: W8Q | AK1: W8P | AL1: W9 | AM1: W9Q | AN1: W9P | AO1: W10 | AP1: W10Q | AQ1: W10P | AR1: W11 | AS1: W11Q | AT1: W11P | AU1: W12 | AV1: W12Q | AW1: W12P | AX1: W13 | AY1: W13Q | AZ1: W13P | BA1: W14 | BB1: W14Q | BC1: W14P | BD1: W15 | BE1: W15Q | BF1: W15P | BG1: W16 | BH1: W16Q | BI1: W16P | BJ1: W17 | BK1: W17Q | BL1: W17P | BM1: W18 | BN1: W18Q | BO1: W18P | BP1: W19 | BQ1: W19Q | BR1: W19P | BS1: W20 | BT1: W20Q | BU1: W20P | BV1: Seas | BW1: SeasQ | BX1: SeasP
A2: =_xlfn.RANK.EQ(F2,totalscores,0) -> 15 | B2: =_xlfn.RANK.EQ(H2,thisweekscore,0) -> 19 | D2: =INDEX(Table!E:E,MATCH(E2,Table!F:F,0)) -> C | E2: Alan Bond | F2: =+N2+Q2+T2+W2+Z2+AC2+AF2+AI2+AL2+AO2+AR2+AU2+AX2+BA2+BD2+BG2+BJ2+BM2+BP2+BS2 -> -10.73 | G2: =+O2+R2+U2+X2+AA2+AD2+AG2+AJ2+AM2+AP2+AS2+AV2+AY2+BB2+BE2+BH2+BK2+BN2+BQ2+BT2 -> 6 | H2: -3.9 | I2: 1 | J2: =P2+S2+V2+Y2+AB2+AE2+AH2+AK2+AN2+AQ2+AT2+AW2+AZ2+BC2+BF2+BI2+BL2+BO2+BR2+BU2 -> 5 | L2: =INDEX(Table!M:M,MATCH(E2,Table!F:F,0)) -> 2.025 | M2: =K2+J2+L2 -> 7.025 | N2: -3.7 | O2: 1 | Q2: -7 | R2: 0 | T2: -3.7 | U2: 1 | W2: -3.7 | X2: 1 | Z2: 11.27 | AA2: 2 | AB2: 5 | AC2: -3.9 | AD2: 1 | BV2: =BS2+BP2+BM2+BJ2+BG2+BD2+BA2+AX2+AU2+AR2+AO2+AL2+AI2+AF2+AC2+Z2+W2+T2+Q2+N2 -> -10.73 | BW2: =BT2+BQ2+BN2+BK2+BH2+BE2+BB2+AY2+AV2+AS2+AP2+AM2+AJ2+AG2+AD2+AA2+X2+U2+R2+O2 -> 6 | BX2: =BU2+BR2+BO2+BL2+BI2+BF2+BC2+AZ2+AW2+AT2+AQ2+AN2+AK2+AH2+AE2+AB2+Y2+V2+S2+P2 -> 5
A3: =_xlfn.RANK.EQ(F3,totalscores,0) -> 19 | B3: =_xlfn.RANK.EQ(H3,thisweekscore,0) -> 6 | D3: =INDEX(Table!E:E,MATCH(E3,Table!F:F,0)) -> A | E3: Alan Rogers | F3: =+N3+Q3+T3+W3+Z3+AC3+AF3+AI3+AL3+AO3+AR3+AU3+AX3+BA3+BD3+BG3+BJ3+BM3+BP3+BS3 -> -14.09 | G3: =+O3+R3+U3+X3+AA3+AD3+AG3+AJ3+AM3+AP3+AS3+AV3+AY3+BB3+BE3+BH3+BK3+BN3+BQ3+BT3 -> 6 | H3: 9.16 | I3: 2 | J3: =P3+S3+V3+Y3+AB3+AE3+AH3+AK3+AN3+AQ3+AT3+AW3+AZ3+BC3+BF3+BI3+BL3+BO3+BR3+BU3 -> 0 | L3: =INDEX(Table!M:M,MATCH(E3,Table!F:F,0)) -> 6.75 | M3: =K3+J3+L3 -> 6.75 | N3: -7 | O3: 0 | Q3: -4.7 | R3: 1 | T3: -3.7 | U3: 1 | W3: -4.25 | X3: 1 | Z3: -3.6 | AA3: 1 | AC3: 9.16 | AD3: 2 | BV3: =BS3+BP3+BM3+BJ3+BG3+BD3+BA3+AX3+AU3+AR3+AO3+AL3+AI3+AF3+AC3+Z3+W3+T3+Q3+N3 -> -14.09 | BW3: =BT3+BQ3+BN3+BK3+BH3+BE3+BB3+AY3+AV3+AS3+AP3+AM3+AJ3+AG3+AD3+AA3+X3+U3+R3+O3 -> 6 | BX3: =BU3+BR3+BO3+BL3+BI3+BF3+BC3+AZ3+AW3+AT3+AQ3+AN3+AK3+AH3+AE3+AB3+Y3+V3+S3+P3 -> 0
A4: =_xlfn.RANK.EQ(F4,totalscores,0) -> 44 | B4: =_xlfn.RANK.EQ(H4,thisweekscore,0) -> 35 | D4: =INDEX(Table!E:E,MATCH(E4,Table!F:F,0)) -> A | E4: Alan White | F4: =+N4+Q4+T4+W4+Z4+AC4+AF4+AI4+AL4+AO4+AR4+AU4+AX4+BA4+BD4+BG4+BJ4+BM4+BP4+BS4 -> -29.356364 | G4: =+O4+R4+U4+X4+AA4+AD4+AG4+AJ4+AM4+AP4+AS4+AV4+AY4+BB4+BE4+BH4+BK4+BN4+BQ4+BT4 -> 4 | H4: -5.6363636 | I4: 1 | J4: =P4+S4+V4+Y4+AB4+AE4+AH4+AK4+AN4+AQ4+AT4+AW4+AZ4+BC4+BF4+BI4+BL4+BO4+BR4+BU4 -> 0 | L4: =INDEX(Table!M:M,MATCH(E4,Table!F:F,0)) -> 0 | M4: =K4+J4+L4 -> 0 | N4: 2.08 | O4: 2 | Q4: -4.8 | R4: 1 | T4: -7 | U4: 0 | W4: -7 | X4: 0 | Z4: -7 | AA4: 0 | AC4: -5.6363636 | AD4: 1 | BV4: =BS4+BP4+BM4+BJ4+BG4+BD4+BA4+AX4+AU4+AR4+AO4+AL4+AI4+AF4+AC4+Z4+W4+T4+Q4+N4 -> -29.356364 | BW4: =BT4+BQ4+BN4+BK4+BH4+BE4+BB4+AY4+AV4+AS4+AP4+AM4+AJ4+AG4+AD4+AA4+X4+U4+R4+O4 -> 4 | BX4: =BU4+BR4+BO4+BL4+BI4+BF4+BC4+AZ4+AW4+AT4+AQ4+AN4+AK4+AH4+AE4+AB4+Y4+V4+S4+P4 -> 0
A5: =_xlfn.RANK.EQ(F5,totalscores,0) -> 12 | B5: =_xlfn.RANK.EQ(H5,thisweekscore,0) -> 23 | D5: =INDEX(Table!E:E,MATCH(E5,Table!F:F,0)) -> C | E5: Alex Griffin | F5: =+N5+Q5+T5+W5+Z5+AC5+AF5+AI5+AL5+AO5+AR5+AU5+AX5+BA5+BD5+BG5+BJ5+BM5+BP5+BS5 -> -9.3671901 | G5: =+O5+R5+U5+X5+AA5+AD5+AG5+AJ5+AM5+AP5+AS5+AV5+AY5+BB5+BE5+BH5+BK5+BN5+BQ5+BT5 -> 8 | H5: -4.8 | I5: 1 | J5: =P5+S5+V5+Y5+AB5+AE5+AH5+AK5+AN5+AQ5+AT5+AW5+AZ5+BC5+BF5+BI5+BL5+BO5+BR5+BU5 -> 0 | L5: =INDEX(Table!M:M,MATCH(E5,Table!F:F,0)) -> 4.725 | M5: =K5+J5+L5 -> 4.725 | N5: 2.71 | O5: 2 | Q5: 0.46280992 | R5: 2 | T5: -4.95 | U5: 1 | W5: -7 | X5: 0 | Z5: 4.21 | AA5: 2 | AC5: -4.8 | AD5: 1 | BV5: =BS5+BP5+BM5+BJ5+BG5+BD5+BA5+AX5+AU5+AR5+AO5+AL5+AI5+AF5+AC5+Z5+W5+T5+Q5+N5 -> -9.3671901 | BW5: =BT5+BQ5+BN5+BK5+BH5+BE5+BB5+AY5+AV5+AS5+AP5+AM5+AJ5+AG5+AD5+AA5+X5+U5+R5+O5 -> 8 | BX5: =BU5+BR5+BO5+BL5+BI5+BF5+BC5+AZ5+AW5+AT5+AQ5+AN5+AK5+AH5+AE5+AB5+Y5+V5+S5+P5 -> 0
A6: =_xlfn.RANK.EQ(F6,totalscores,0) -> 9 | B6: =_xlfn.RANK.EQ(H6,thisweekscore,0) -> 4 | D6: =INDEX(Table!E:E,MATCH(E6,Table!F:F,0)) -> C | E6: Alick Rocca | F6: =+N6+Q6+T6+W6+Z6+AC6+AF6+AI6+AL6+AO6+AR6+AU6+AX6+BA6+BD6+BG6+BJ6+BM6+BP6+BS6 -> -4.825 | G6: =+O6+R6+U6+X6+AA6+AD6+AG6+AJ6+AM6+AP6+AS6+AV6+AY6+BB6+BE6+BH6+BK6+BN6+BQ6+BT6 -> 5 | H6: 9.6 | I6: 2 | J6: =P6+S6+V6+Y6+AB6+AE6+AH6+AK6+AN6+AQ6+AT6+AW6+AZ6+BC6+BF6+BI6+BL6+BO6+BR6+BU6 -> 7.5 | L6: =INDEX(Table!M:M,MATCH(E6,Table!F:F,0)) -> 12.15 | M6: =K6+J6+L6 -> 19.65 | N6: -7 | O6: 0 | Q6: -3.7 | R6: 1 | T6: 10.275 | U6: 2 | V6: 5 | W6: -7 | X6: 0 | Z6: -7 | AA6: 0 | AC6: 9.6 | AD6: 2 | AE6: 2.5 | BV6: =BS6+BP6+BM6+BJ6+BG6+BD6+BA6+AX6+AU6+AR6+AO6+AL6+AI6+AF6+AC6+Z6+W6+T6+Q6+N6 -> -4.825 | BW6: =BT6+BQ6+BN6+BK6+BH6+BE6+BB6+AY6+AV6+AS6+AP6+AM6+AJ6+AG6+AD6+AA6+X6+U6+R6+O6 -> 5 | BX6: =BU6+BR6+BO6+BL6+BI6+BF6+BC6+AZ6+AW6+AT6+AQ6+AN6+AK6+AH6+AE6+AB6+Y6+V6+S6+P6 -> 7.5
A7: =_xlfn.RANK.EQ(F7,totalscores,0) -> 45 | B7: =_xlfn.RANK.EQ(H7,thisweekscore,0) -> 20 | D7: =INDEX(Table!E:E,MATCH(E7,Table!F:F,0)) -> C | E7: Andy White | F7: =+N7+Q7+T7+W7+Z7+AC7+AF7+AI7+AL7+AO7+AR7+AU7+AX7+BA7+BD7+BG7+BJ7+BM7+BP7+BS7 -> -31.590909 | G7: =+O7+R7+U7+X7+AA7+AD7+AG7+AJ7+AM7+AP7+AS7+AV7+AY7+BB7+BE7+BH7+BK7+BN7+BQ7+BT7 -> 4 | H7: -4.6 | I7: 1 | J7: =P7+S7+V7+Y7+AB7+AE7+AH7+AK7+AN7+AQ7+AT7+AW7+AZ7+BC7+BF7+BI7+BL7+BO7+BR7+BU7 -> 0 | L7: =INDEX(Table!M:M,MATCH(E7,Table!F:F,0)) -> 0 | M7: =K7+J7+L7 -> 0 | N7: -4.3 | O7: 1 | Q7: -5.0909091 | R7: 1 | T7: -7 | U7: 0 | W7: -3.6 | X7: 1 | Z7: -7 | AA7: 0 | AC7: -4.6 | AD7: 1 | BV7: =BS7+BP7+BM7+BJ7+BG7+BD7+BA7+AX7+AU7+AR7+AO7+AL7+AI7+AF7+AC7+Z7+W7+T7+Q7+N7 -> -31.590909 | BW7: =BT7+BQ7+BN7+BK7+BH7+BE7+BB7+AY7+AV7+AS7+AP7+AM7+AJ7+AG7+AD7+AA7+X7+U7+R7+O7 -> 4 | BX7: =BU7+BR7+BO7+BL7+BI7+BF7+BC7+AZ7+AW7+AT7+AQ7+AN7+AK7+AH7+AE7+AB7+Y7+V7+S7+P7 -> 0
A8: =_xlfn.RANK.EQ(F8,totalscores,0) -> 39 | B8: =_xlfn.RANK.EQ(H8,thisweekscore,0) -> 35 | D8: =INDEX(Table!E:E,MATCH(E8,Table!F:F,0)) -> A | E8: Barry Birchall | F8: =+N8+Q8+T8+W8+Z8+AC8+AF8+AI8+AL8+AO8+AR8+AU8+AX8+BA8+BD8+BG8+BJ8+BM8+BP8+BS8 -> -25.903182 | G8: =+O8+R8+U8+X8+AA8+AD8+AG8+AJ8+AM8+AP8+AS8+AV8+AY8+BB8+BE8+BH8+BK8+BN8+BQ8+BT8 -> 6 | H8: -5.6363636 | I8: 1 | J8: =P8+S8+V8+Y8+AB8+AE8+AH8+AK8+AN8+AQ8+AT8+AW8+AZ8+BC8+BF8+BI8+BL8+BO8+BR8+BU8 -> 0 | L8: =INDEX(Table!M:M,MATCH(E8,Table!F:F,0)) -> 0 | M8: =K8+J8+L8 -> 0 | N8: -7 | O8: 0 | Q8: -5.0909091 | R8: 1 | T8: -5.0909091 | U8: 1 | W8: -4.4 | X8: 1 | Z8: 1.315 | AA8: 2 | AC8: -5.6363636 | AD8: 1 | BV8: =BS8+BP8+BM8+BJ8+BG8+BD8+BA8+AX8+AU8+AR8+AO8+AL8+AI8+AF8+AC8+Z8+W8+T8+Q8+N8 -> -25.903182 | BW8: =BT8+BQ8+BN8+BK8+BH8+BE8+BB8+AY8+AV8+AS8+AP8+AM8+AJ8+AG8+AD8+AA8+X8+U8+R8+O8 -> 6 | BX8: =BU8+BR8+BO8+BL8+BI8+BF8+BC8+AZ8+AW8+AT8+AQ8+AN8+AK8+AH8+AE8+AB8+Y8+V8+S8+P8 -> 0
A9: =_xlfn.RANK.EQ(F9,totalscores,0) -> 22 | B9: =_xlfn.RANK.EQ(H9,thisweekscore,0) -> 8 | D9: =INDEX(Table!E:E,MATCH(E9,Table!F:F,0)) -> B | E9: Ben Rosser | F9: =+N9+Q9+T9+W9+Z9+AC9+AF9+AI9+AL9+AO9+AR9+AU9+AX9+BA9+BD9+BG9+BJ9+BM9+BP9+BS9 -> -15.61 | G9: =+O9+R9+U9+X9+AA9+AD9+AG9+AJ9+AM9+AP9+AS9+AV9+AY9+BB9+BE9+BH9+BK9+BN9+BQ9+BT9 -> 5 | H9: 5.94 | I9: 2 | J9: =P9+S9+V9+Y9+AB9+AE9+AH9+AK9+AN9+AQ9+AT9+AW9+AZ9+BC9+BF9+BI9+BL9+BO9+BR9+BU9 -> 0 | L9: =INDEX(Table!M:M,MATCH(E9,Table!F:F,0)) -> 0 | M9: =K9+J9+L9 -> 0 | N9: 3.05 | O9: 2 | Q9: -7 | R9: 0 | T9: -7 | U9: 0 | W9: -3.6 | X9: 1 | Z9: -7 | AA9: 0 | AC9: 5.94 | AD9: 2 | BV9: =BS9+BP9+BM9+BJ9+BG9+BD9+BA9+AX9+AU9+AR9+AO9+AL9+AI9+AF9+AC9+Z9+W9+T9+Q9+N9 -> -15.61 | BW9: =BT9+BQ9+BN9+BK9+BH9+BE9+BB9+AY9+AV9+AS9+AP9+AM9+AJ9+AG9+AD9+AA9+X9+U9+R9+O9 -> 5 | BX9: =BU9+BR9+BO9+BL9+BI9+BF9+BC9+AZ9+AW9+AT9+AQ9+AN9+AK9+AH9+AE9+AB9+Y9+V9+S9+P9 -> 0
A10: =_xlfn.RANK.EQ(F10,totalscores,0) -> 35 | B10: =_xlfn.RANK.EQ(H10,thisweekscore,0) -> 20 | D10: =INDEX(Table!E:E,MATCH(E10,Table!F:F,0)) -> C | E10: Bob Bailey | F10: =+N10+Q10+T10+W10+Z10+AC10+AF10+AI10+AL10+AO10+AR10+AU10+AX10+BA10+BD10+BG10+BJ10+BM10+BP10+BS10 -> -22.25 | G10: =+O10+R10+U10+X10+AA10+AD10+AG10+AJ10+AM10+AP10+AS10+AV10+AY10+BB10+BE10+BH10+BK10+BN10+BQ10+BT10 -> 7 | H10: -4.6 | I10: 1 | J10: =P10+S10+V10+Y10+AB10+AE10+AH10+AK10+AN10+AQ10+AT10+AW10+AZ10+BC10+BF10+BI10+BL10+BO10+BR10+BU10 -> 0 | L10: =INDEX(Table!M:M,MATCH(E10,Table!F:F,0)) -> 0 | M10: =K10+J10+L10 -> 0 | N10: 0.4 | O10: 2 | Q10: -3.7 | R10: 1 | T10: -3.7 | U10: 1 | W10: -5.4 | X10: 1 | Z10: -5.25 | AA10: 1 | AC10: -4.6 | AD10: 1 | BV10: =BS10+BP10+BM10+BJ10+BG10+BD10+BA10+AX10+AU10+AR10+AO10+AL10+AI10+AF10+AC10+Z10+W10+T10+Q10+N10 -> -22.25 | BW10: =BT10+BQ10+BN10+BK10+BH10+BE10+BB10+AY10+AV10+AS10+AP10+AM10+AJ10+AG10+AD10+AA10+X10+U10+R10+O10 -> 7 | BX10: =BU10+BR10+BO10+BL10+BI10+BF10+BC10+AZ10+AW10+AT10+AQ10+AN10+AK10+AH10+AE10+AB10+Y10+V10+S10+P10 -> 0
A11: =_xlfn.RANK.EQ(F11,totalscores,0) -> 37 | B11: =_xlfn.RANK.EQ(H11,thisweekscore,0) -> 40 | D11: =INDEX(Table!E:E,MATCH(E11,Table!F:F,0)) -> C | E11: Charlie Griffiths | F11: =+N11+Q11+T11+W11+Z11+AC11+AF11+AI11+AL11+AO11+AR11+AU11+AX11+BA11+BD11+BG11+BJ11+BM11+BP11+BS11 -> -25.735 | G11: =+O11+R11+U11+X11+AA11+AD11+AG11+AJ11+AM11+AP11+AS11+AV11+AY11+BB11+BE11+BH11+BK11+BN11+BQ11+BT11 -> 3 | H11: -7 | I11: 0 | J11: =P11+S11+V11+Y11+AB11+AE11+AH11+AK11+AN11+AQ11+AT11+AW11+AZ11+BC11+BF11+BI11+BL11+BO11+BR11+BU11 -> 0 | L11: =INDEX(Table!M:M,MATCH(E11,Table!F:F,0)) -> 0 | M11: =K11+J11+L11 -> 0 | N11: 0.5 | O11: 1 | Q11: -7 | R11: 0 | T11: 1.765 | U11: 2 | W11: -7 | X11: 0 | Z11: -7 | AA11: 0 | AC11: -7 | AD11: 0 | BV11: =BS11+BP11+BM11+BJ11+BG11+BD11+BA11+AX11+AU11+AR11+AO11+AL11+AI11+AF11+AC11+Z11+W11+T11+Q11+N11 -> -25.735 | BW11: =BT11+BQ11+BN11+BK11+BH11+BE11+BB11+AY11+AV11+AS11+AP11+AM11+AJ11+AG11+AD11+AA11+X11+U11+R11+O11 -> 3 | BX11: =BU11+BR11+BO11+BL11+BI11+BF11+BC11+AZ11+AW11+AT11+AQ11+AN11+AK11+AH11+AE11+AB11+Y11+V11+S11+P11 -> 0
A12: =_xlfn.RANK.EQ(F12,totalscores,0) -> 41 | B12: =_xlfn.RANK.EQ(H12,thisweekscore,0) -> 27 | D12: =INDEX(Table!E:E,MATCH(E12,Table!F:F,0)) -> C | E12: Chris Bow | F12: =+N12+Q12+T12+W12+Z12+AC12+AF12+AI12+AL12+AO12+AR12+AU12+AX12+BA12+BD12+BG12+BJ12+BM12+BP12+BS12 -> -27.1875 | G12: =+O12+R12+U12+X12+AA12+AD12+AG12+AJ12+AM12+AP12+AS12+AV12+AY12+BB12+BE12+BH12+BK12+BN12+BQ12+BT12 -> 5 | H12: -4.85 | I12: 1 | J12: =P12+S12+V12+Y12+AB12+AE12+AH12+AK12+AN12+AQ12+AT12+AW12+AZ12+BC12+BF12+BI12+BL12+BO12+BR12+BU12 -> 0 | L12: =INDEX(Table!M:M,MATCH(E12,Table!F:F,0)) -> 0 | M12: =K12+J12+L12 -> 0 | N12: -4.8 | O12: 1 | Q12: -7 | R12: 0 | T12: -7 | U12: 0 | W12: 0.6625 | X12: 2 | Z12: -4.2 | AA12: 1 | AC12: -4.85 | AD12: 1 | BV12: =BS12+BP12+BM12+BJ12+BG12+BD12+BA12+AX12+AU12+AR12+AO12+AL12+AI12+AF12+AC12+Z12+W12+T12+Q12+N12 -> -27.1875 | BW12: =BT12+BQ12+BN12+BK12+BH12+BE12+BB12+AY12+AV12+AS12+AP12+AM12+AJ12+AG12+AD12+AA12+X12+U12+R12+O12 -> 5 | BX12: =BU12+BR12+BO12+BL12+BI12+BF12+BC12+AZ12+AW12+AT12+AQ12+AN12+AK12+AH12+AE12+AB12+Y12+V12+S12+P12 -> 0
A13: =_xlfn.RANK.EQ(F13,totalscores,0) -> 49 | B13: =_xlfn.RANK.EQ(H13,thisweekscore,0) -> 40 | D13: =INDEX(Table!E:E,MATCH(E13,Table!F:F,0)) -> B | E13: Chris Griffin | F13: =+N13+Q13+T13+W13+Z13+AC13+AF13+AI13+AL13+AO13+AR13+AU13+AX13+BA13+BD13+BG13+BJ13+BM13+BP13+BS13 -> -36.518182 | G13: =+O13+R13+U13+X13+AA13+AD13+AG13+AJ13+AM13+AP13+AS13+AV13+AY13+BB13+BE13+BH13+BK13+BN13+BQ13+BT13 -> 3 | H13: -7 | I13: 0 | J13: =P13+S13+V13+Y13+AB13+AE13+AH13+AK13+AN13+AQ13+AT13+AW13+AZ13+BC13+BF13+BI13+BL13+BO13+BR13+BU13 -> 0 | L13: =INDEX(Table!M:M,MATCH(E13,Table!F:F,0)) -> 0 | M13: =K13+J13+L13 -> 0 | N13: -5.8181818 | O13: 1 | Q13: -4.8 | R13: 1 | T13: -7 | U13: 0 | W13: -4.9 | X13: 1 | Z13: -7 | AA13: 0 | AC13: -7 | AD13: 0 | BV13: =BS13+BP13+BM13+BJ13+BG13+BD13+BA13+AX13+AU13+AR13+AO13+AL13+AI13+AF13+AC13+Z13+W13+T13+Q13+N13 -> -36.518182 | BW13: =BT13+BQ13+BN13+BK13+BH13+BE13+BB13+AY13+AV13+AS13+AP13+AM13+AJ13+AG13+AD13+AA13+X13+U13+R13+O13 -> 3 | BX13: =BU13+BR13+BO13+BL13+BI13+BF13+BC13+AZ13+AW13+AT13+AQ13+AN13+AK13+AH13+AE13+AB13+Y13+V13+S13+P13 -> 0
A14: =_xlfn.RANK.EQ(F14,totalscores,0) -> 34 | B14: =_xlfn.RANK.EQ(H14,thisweekscore,0) -> 40 | D14: =INDEX(Table!E:E,MATCH(E14,Table!F:F,0)) -> B | E14: Chris Luck | F14: =+N14+Q14+T14+W14+Z14+AC14+AF14+AI14+AL14+AO14+AR14+AU14+AX14+BA14+BD14+BG14+BJ14+BM14+BP14+BS14 -> -20.5 | G14: =+O14+R14+U14+X14+AA14+AD14+AG14+AJ14+AM14+AP14+AS14+AV14+AY14+BB14+BE14+BH14+BK14+BN14+BQ14+BT14 -> 3 | H14: -7 | I14: 0 | J14: =P14+S14+V14+Y14+AB14+AE14+AH14+AK14+AN14+AQ14+AT14+AW14+AZ14+BC14+BF14+BI14+BL14+BO14+BR14+BU14 -> 5 | L14: =INDEX(Table!M:M,MATCH(E14,Table!F:F,0)) -> 0 | M14: =K14+J14+L14 -> 5 | N14: -7 | O14: 0 | Q14: 12 | R14: 2 | S14: 5 | T14: -4.5 | U14: 1 | W14: -7 | X14: 0 | Z14: -7 | AA14: 0 | AC14: -7 | AD14: 0 | BV14: =BS14+BP14+BM14+BJ14+BG14+BD14+BA14+AX14+AU14+AR14+AO14+AL14+AI14+AF14+AC14+Z14+W14+T14+Q14+N14 -> -20.5 | BW14: =BT14+BQ14+BN14+BK14+BH14+BE14+BB14+AY14+AV14+AS14+AP14+AM14+AJ14+AG14+AD14+AA14+X14+U14+R14+O14 -> 3 | BX14: =BU14+BR14+BO14+BL14+BI14+BF14+BC14+AZ14+AW14+AT14+AQ14+AN14+AK14+AH14+AE14+AB14+Y14+V14+S14+P14 -> 5
A15: =_xlfn.RANK.EQ(F15,totalscores,0) -> 42 | B15: =_xlfn.RANK.EQ(H15,thisweekscore,0) -> 15 | D15: =INDEX(Table!E:E,MATCH(E15,Table!F:F,0)) -> C | E15: Dan Gibbard | F15: =+N15+Q15+T15+W15+Z15+AC15+AF15+AI15+AL15+AO15+AR15+AU15+AX15+BA15+BD15+BG15+BJ15+BM15+BP15+BS15 -> -27.266538 | G15: =+O15+R15+U15+X15+AA15+AD15+AG15+AJ15+AM15+AP15+AS15+AV15+AY15+BB15+BE15+BH15+BK15+BN15+BQ15+BT15 -> 6 | H15: -1.4615385 | I15: 2 | J15: =P15+S15+V15+Y15+AB15+AE15+AH15+AK15+AN15+AQ15+AT15+AW15+AZ15+BC15+BF15+BI15+BL15+BO15+BR15+BU15 -> 0 | L15: =INDEX(Table!M:M,MATCH(E15,Table!F:F,0)) -> 0 | M15: =K15+J15+L15 -> 0 | N15: -7 | O15: 0 | Q15: -7 | R15: 0 | T15: -1.655 | U15: 2 | W15: -4.9 | X15: 1 | Z15: -5.25 | AA15: 1 | AC15: -1.4615385 | AD15: 2 | BV15: =BS15+BP15+BM15+BJ15+BG15+BD15+BA15+AX15+AU15+AR15+AO15+AL15+AI15+AF15+AC15+Z15+W15+T15+Q15+N15 -> -27.266538 | BW15: =BT15+BQ15+BN15+BK15+BH15+BE15+BB15+AY15+AV15+AS15+AP15+AM15+AJ15+AG15+AD15+AA15+X15+U15+R15+O15 -> 6 | BX15: =BU15+BR15+BO15+BL15+BI15+BF15+BC15+AZ15+AW15+AT15+AQ15+AN15+AK15+AH15+AE15+AB15+Y15+V15+S15+P15 -> 0
A16: =_xlfn.RANK.EQ(F16,totalscores,0) -> 30 | B16: =_xlfn.RANK.EQ(H16,thisweekscore,0) -> 7 | D16: =INDEX(Table!E:E,MATCH(E16,Table!F:F,0)) -> B | E16: Dave Bell | F16: =+N16+Q16+T16+W16+Z16+AC16+AF16+AI16+AL16+AO16+AR16+AU16+AX16+BA16+BD16+BG16+BJ16+BM16+BP16+BS16 -> -17.65 | G16: =+O16+R16+U16+X16+AA16+AD16+AG16+AJ16+AM16+AP16+AS16+AV16+AY16+BB16+BE16+BH16+BK16+BN16+BQ16+BT16 -> 4 | H16: 6.35 | I16: 2 | J16: =P16+S16+V16+Y16+AB16+AE16+AH16+AK16+AN16+AQ16+AT16+AW16+AZ16+BC16+BF16+BI16+BL16+BO16+BR16+BU16 -> 0 | L16: =INDEX(Table!M:M,MATCH(E16,Table!F:F,0)) -> 0 | M16: =K16+J16+L16 -> 0 | N16: 0.5 | O16: 1 | Q16: -7 | R16: 0 | T16: -7 | U16: 0 | W16: -7 | X16: 0 | Z16: -3.5 | AA16: 1 | AC16: 6.35 | AD16: 2 | BV16: =BS16+BP16+BM16+BJ16+BG16+BD16+BA16+AX16+AU16+AR16+AO16+AL16+AI16+AF16+AC16+Z16+W16+T16+Q16+N16 -> -17.65 | BW16: =BT16+BQ16+BN16+BK16+BH16+BE16+BB16+AY16+AV16+AS16+AP16+AM16+AJ16+AG16+AD16+AA16+X16+U16+R16+O16 -> 4 | BX16: =BU16+BR16+BO16+BL16+BI16+BF16+BC16+AZ16+AW16+AT16+AQ16+AN16+AK16+AH16+AE16+AB16+Y16+V16+S16+P16 -> 0
A17: =_xlfn.RANK.EQ(F17,totalscores,0) -> 29 | B17: =_xlfn.RANK.EQ(H17,thisweekscore,0) -> 12 | D17: =INDEX(Table!E:E,MATCH(E17,Table!F:F,0)) -> C | E17: David Dunn | F17: =+N17+Q17+T17+W17+Z17+AC17+AF17+AI17+AL17+AO17+AR17+AU17+AX17+BA17+BD17+BG17+BJ17+BM17+BP17+BS17 -> -17.364545 | G17: =+O17+R17+U17+X17+AA17+AD17+AG17+AJ17+AM17+AP17+AS17+AV17+AY17+BB17+BE17+BH17+BK17+BN17+BQ17+BT17 -> 6 | H17: -0.55454545 | I17: 2 | J17: =P17+S17+V17+Y17+AB17+AE17+AH17+AK17+AN17+AQ17+AT17+AW17+AZ17+BC17+BF17+BI17+BL17+BO17+BR17+BU17 -> 5 | L17: =INDEX(Table!M:M,MATCH(E17,Table!F:F,0)) -> 0 | M17: =K17+J17+L17 -> 5 | N17: 5.94 | O17: 2 | P17: 5 | Q17: -7 | R17: 0 | T17: -3.5 | U17: 1 | W17: -7 | X17: 0 | Z17: -5.25 | AA17: 1 | AC17: -0.55454545 | AD17: 2 | BV17: =BS17+BP17+BM17+BJ17+BG17+BD17+BA17+AX17+AU17+AR17+AO17+AL17+AI17+AF17+AC17+Z17+W17+T17+Q17+N17 -> -17.364545 | BW17: =BT17+BQ17+BN17+BK17+BH17+BE17+BB17+AY17+AV17+AS17+AP17+AM17+AJ17+AG17+AD17+AA17+X17+U17+R17+O17 -> 6 | BX17: =BU17+BR17+BO17+BL17+BI17+BF17+BC17+AZ17+AW17+AT17+AQ17+AN17+AK17+AH17+AE17+AB17+Y17+V17+S17+P17 -> 5
A18: =_xlfn.RANK.EQ(F18,totalscores,0) -> 10 | B18: =_xlfn.RANK.EQ(H18,thisweekscore,0) -> 28 | D18: =INDEX(Table!E:E,MATCH(E18,Table!F:F,0)) -> C | E18: Dot Bow | F18: =+N18+Q18+T18+W18+Z18+AC18+AF18+AI18+AL18+AO18+AR18+AU18+AX18+BA18+BD18+BG18+BJ18+BM18+BP18+BS18 -> -8.6601282 | G18: =+O18+R18+U18+X18+AA18+AD18+AG18+AJ18+AM18+AP18+AS18+AV18+AY18+BB18+BE18+BH18+BK18+BN18+BQ18+BT18 -> 7 | H18: -5.15 | I18: 1 | J18: =P18+S18+V18+Y18+AB18+AE18+AH18+AK18+AN18+AQ18+AT18+AW18+AZ18+BC18+BF18+BI18+BL18+BO18+BR18+BU18 -> 0 | L18: =INDEX(Table!M:M,MATCH(E18,Table!F:F,0)) -> 8.1 | M18: =K18+J18+L18 -> 8.1 | N18: 2.4833333 | O18: 2 | Q18: 2.4615385 | R18: 2 | T18: -7 | U18: 0 | W18: 5.545 | X18: 2 | Z18: -7 | AA18: 0 | AC18: -5.15 | AD18: 1 | BV18: =BS18+BP18+BM18+BJ18+BG18+BD18+BA18+AX18+AU18+AR18+AO18+AL18+AI18+AF18+AC18+Z18+W18+T18+Q18+N18 -> -8.6601282 | BW18: =BT18+BQ18+BN18+BK18+BH18+BE18+BB18+AY18+AV18+AS18+AP18+AM18+AJ18+AG18+AD18+AA18+X18+U18+R18+O18 -> 7 | BX18: =BU18+BR18+BO18+BL18+BI18+BF18+BC18+AZ18+AW18+AT18+AQ18+AN18+AK18+AH18+AE18+AB18+Y18+V18+S18+P18 -> 0
A19: =_xlfn.RANK.EQ(F19,totalscores,0) -> 5 | B19: =_xlfn.RANK.EQ(H19,thisweekscore,0) -> 11 | D19: =INDEX(Table!E:E,MATCH(E19,Table!F:F,0)) -> B | E19: Frank Allen | F19: =+N19+Q19+T19+W19+Z19+AC19+AF19+AI19+AL19+AO19+AR19+AU19+AX19+BA19+BD19+BG19+BJ19+BM19+BP19+BS19 -> 6.2209091 | G19: =+O19+R19+U19+X19+AA19+AD19+AG19+AJ19+AM19+AP19+AS19+AV19+AY19+BB19+BE19+BH19+BK19+BN19+BQ19+BT19 -> 10 | H19: 0.59090909 | I19: 2 | J19: =P19+S19+V19+Y19+AB19+AE19+AH19+AK19+AN19+AQ19+AT19+AW19+AZ19+BC19+BF19+BI19+BL19+BO19+BR19+BU19 -> 5 | L19: =INDEX(Table!M:M,MATCH(E19,Table!F:F,0)) -> 28.35 | M19: =K19+J19+L19 -> 33.35 | N19: 2.2375 | O19: 2 | Q19: 14.0875 | R19: 3 | S19: 5 | T19: 1.455 | U19: 2 | W19: -5.15 | X19: 1 | Z19: -7 | AA19: 0 | AC19: 0.59090909 | AD19: 2 | BV19: =BS19+BP19+BM19+BJ19+BG19+BD19+BA19+AX19+AU19+AR19+AO19+AL19+AI19+AF19+AC19+Z19+W19+T19+Q19+N19 -> 6.2209091 | BW19: =BT19+BQ19+BN19+BK19+BH19+BE19+BB19+AY19+AV19+AS19+AP19+AM19+AJ19+AG19+AD19+AA19+X19+U19+R19+O19 -> 10 | BX19: =BU19+BR19+BO19+BL19+BI19+BF19+BC19+AZ19+AW19+AT19+AQ19+AN19+AK19+AH19+AE19+AB19+Y19+V19+S19+P19 -> 5
A20: =_xlfn.RANK.EQ(F20,totalscores,0) -> 46 | B20: =_xlfn.RANK.EQ(H20,thisweekscore,0) -> 40 | D20: =INDEX(Table!E:E,MATCH(E20,Table!F:F,0)) -> A | E20: Gareth Powell | F20: =+N20+Q20+T20+W20+Z20+AC20+AF20+AI20+AL20+AO20+AR20+AU20+AX20+BA20+BD20+BG20+BJ20+BM20+BP20+BS20 -> -32.25 | G20: =+O20+R20+U20+X20+AA20+AD20+AG20+AJ20+AM20+AP20+AS20+AV20+AY20+BB20+BE20+BH20+BK20+BN20+BQ20+BT20 -> 4 | H20: -7 | I20: 0 | J20: =P20+S20+V20+Y20+AB20+AE20+AH20+AK20+AN20+AQ20+AT20+AW20+AZ20+BC20+BF20+BI20+BL20+BO20+BR20+BU20 -> 0 | L20: =INDEX(Table!M:M,MATCH(E20,Table!F:F,0)) -> 0 | M20: =K20+J20+L20 -> 0 | N20: -7 | O20: 0 | Q20: -4.8 | R20: 1 | T20: -4.9 | U20: 1 | W20: -3.6 | X20: 1 | Z20: -4.95 | AA20: 1 | AC20: -7 | AD20: 0 | BV20: =BS20+BP20+BM20+BJ20+BG20+BD20+BA20+AX20+AU20+AR20+AO20+AL20+AI20+AF20+AC20+Z20+W20+T20+Q20+N20 -> -32.25 | BW20: =BT20+BQ20+BN20+BK20+BH20+BE20+BB20+AY20+AV20+AS20+AP20+AM20+AJ20+AG20+AD20+AA20+X20+U20+R20+O20 -> 4 | BX20: =BU20+BR20+BO20+BL20+BI20+BF20+BC20+AZ20+AW20+AT20+AQ20+AN20+AK20+AH20+AE20+AB20+Y20+V20+S20+P20 -> 0
A21: =_xlfn.RANK.EQ(F21,totalscores,0) -> 8 | B21: =_xlfn.RANK.EQ(H21,thisweekscore,0) -> 4 | D21: =INDEX(Table!E:E,MATCH(E21,Table!F:F,0)) -> B | E21: Gerard Ventom | F21: =+N21+Q21+T21+W21+Z21+AC21+AF21+AI21+AL21+AO21+AR21+AU21+AX21+BA21+BD21+BG21+BJ21+BM21+BP21+BS21 -> 0.775 | G21: =+O21+R21+U21+X21+AA21+AD21+AG21+AJ21+AM21+AP21+AS21+AV21+AY21+BB21+BE21+BH21+BK21+BN21+BQ21+BT21 -> 6 | H21: 9.6 | I21: 2 | J21: =P21+S21+V21+Y21+AB21+AE21+AH21+AK21+AN21+AQ21+AT21+AW21+AZ21+BC21+BF21+BI21+BL21+BO21+BR21+BU21 -> 12.5 | L21: =INDEX(Table!M:M,MATCH(E21,Table!F:F,0)) -> 18.9 | M21: =K21+J21+L21 -> 31.4 | N21: -7 | O21: 0 | Q21: -4.8 | R21: 1 | T21: -3.4 | U21: 1 | W21: -7 | X21: 0 | Z21: 13.375 | AA21: 2 | AB21: 10 | AC21: 9.6 | AD21: 2 | AE21: 2.5 | BV21: =BS21+BP21+BM21+BJ21+BG21+BD21+BA21+AX21+AU21+AR21+AO21+AL21+AI21+AF21+AC21+Z21+W21+T21+Q21+N21 -> 0.775 | BW21: =BT21+BQ21+BN21+BK21+BH21+BE21+BB21+AY21+AV21+AS21+AP21+AM21+AJ21+AG21+AD21+AA21+X21+U21+R21+O21 -> 6 | BX21: =BU21+BR21+BO21+BL21+BI21+BF21+BC21+AZ21+AW21+AT21+AQ21+AN21+AK21+AH21+AE21+AB21+Y21+V21+S21+P21 -> 12.5
A22: =_xlfn.RANK.EQ(F22,totalscores,0) -> 48 | B22: =_xlfn.RANK.EQ(H22,thisweekscore,0) -> 33 | D22: =INDEX(Table!E:E,MATCH(E22,Table!F:F,0)) -> B | E22: Graham Miller | F22: =+N22+Q22+T22+W22+Z22+AC22+AF22+AI22+AL22+AO22+AR22+AU22+AX22+BA22+BD22+BG22+BJ22+BM22+BP22+BS22 -> -36.05 | G22: =+O22+R22+U22+X22+AA22+AD22+AG22+AJ22+AM22+AP22+AS22+AV22+AY22+BB22+BE22+BH22+BK22+BN22+BQ22+BT22 -> 3 | H22: -5.5 | I22: 1 | J22: =P22+S22+V22+Y22+AB22+AE22+AH22+AK22+AN22+AQ22+AT22+AW22+AZ22+BC22+BF22+BI22+BL22+BO22+BR22+BU22 -> 0 | L22: =INDEX(Table!M:M,MATCH(E22,Table!F:F,0)) -> 0 | M22: =K22+J22+L22 -> 0 | N22: -7 | O22: 0 | Q22: -4.6 | R22: 1 | T22: -7 | U22: 0 | W22: -7 | X22: 0 | Z22: -4.95 | AA22: 1 | AC22: -5.5 | AD22: 1 | BV22: =BS22+BP22+BM22+BJ22+BG22+BD22+BA22+AX22+AU22+AR22+AO22+AL22+AI22+AF22+AC22+Z22+W22+T22+Q22+N22 -> -36.05 | BW22: =BT22+BQ22+BN22+BK22+BH22+BE22+BB22+AY22+AV22+AS22+AP22+AM22+AJ22+AG22+AD22+AA22+X22+U22+R22+O22 -> 3 | BX22: =BU22+BR22+BO22+BL22+BI22+BF22+BC22+AZ22+AW22+AT22+AQ22+AN22+AK22+AH22+AE22+AB22+Y22+V22+S22+P22 -> 0
A23: =_xlfn.RANK.EQ(F23,totalscores,0) -> 7 | B23: =_xlfn.RANK.EQ(H23,thisweekscore,0) -> 18 | D23: =INDEX(Table!E:E,MATCH(E23,Table!F:F,0)) -> A | E23: Howard Bradley | F23: =+N23+Q23+T23+W23+Z23+AC23+AF23+AI23+AL23+AO23+AR23+AU23+AX23+BA23+BD23+BG23+BJ23+BM23+BP23+BS23 -> 1.9 | G23: =+O23+R23+U23+X23+AA23+AD23+AG23+AJ23+AM23+AP23+AS23+AV23+AY23+BB23+BE23+BH23+BK23+BN23+BQ23+BT23 -> 10 | H23: -2.375 | I23: 2 | J23: =P23+S23+V23+Y23+AB23+AE23+AH23+AK23+AN23+AQ23+AT23+AW23+AZ23+BC23+BF23+BI23+BL23+BO23+BR23+BU23 -> 5 | L23: =INDEX(Table!M:M,MATCH(E23,Table!F:F,0)) -> 56.25 | M23: =K23+J23+L23 -> 61.25 | N23: 8 | O23: 2 | P23: 5 | Q23: 2 | R23: 2 | T23: -7 | U23: 0 | W23: 2.4 | X23: 2 | Z23: -1.125 | AA23: 2 | AC23: -2.375 | AD23: 2 | BV23: =BS23+BP23+BM23+BJ23+BG23+BD23+BA23+AX23+AU23+AR23+AO23+AL23+AI23+AF23+AC23+Z23+W23+T23+Q23+N23 -> 1.9 | BW23: =BT23+BQ23+BN23+BK23+BH23+BE23+BB23+AY23+AV23+AS23+AP23+AM23+AJ23+AG23+AD23+AA23+X23+U23+R23+O23 -> 10 | BX23: =BU23+BR23+BO23+BL23+BI23+BF23+BC23+AZ23+AW23+AT23+AQ23+AN23+AK23+AH23+AE23+AB23+Y23+V23+S23+P23 -> 5
A24: =_xlfn.RANK.EQ(F24,totalscores,0) -> 23 | B24: =_xlfn.RANK.EQ(H24,thisweekscore,0) -> 23 | D24: =INDEX(Table!E:E,MATCH(E24,Table!F:F,0)) -> B | E24: Jack Walsh | F24: =+N24+Q24+T24+W24+Z24+AC24+AF24+AI24+AL24+AO24+AR24+AU24+AX24+BA24+BD24+BG24+BJ24+BM24+BP24+BS24 -> -15.649091 | G24: =+O24+R24+U24+X24+AA24+AD24+AG24+AJ24+AM24+AP24+AS24+AV24+AY24+BB24+BE24+BH24+BK24+BN24+BQ24+BT24 -> 8 | H24: -4.8 | I24: 1 | J24: =P24+S24+V24+Y24+AB24+AE24+AH24+AK24+AN24+AQ24+AT24+AW24+AZ24+BC24+BF24+BI24+BL24+BO24+BR24+BU24 -> 0 | L24: =INDEX(Table!M:M,MATCH(E24,Table!F:F,0)) -> 0 | M24: =K24+J24+L24 -> 0 | N24: 2.71 | O24: 2 | Q24: 1.8909091 | R24: 2 | T24: -4.85 | U24: 1 | W24: -5.35 | X24: 1 | Z24: -5.25 | AA24: 1 | AC24: -4.8 | AD24: 1 | BV24: =BS24+BP24+BM24+BJ24+BG24+BD24+BA24+AX24+AU24+AR24+AO24+AL24+AI24+AF24+AC24+Z24+W24+T24+Q24+N24 -> -15.649091 | BW24: =BT24+BQ24+BN24+BK24+BH24+BE24+BB24+AY24+AV24+AS24+AP24+AM24+AJ24+AG24+AD24+AA24+X24+U24+R24+O24 -> 8 | BX24: =BU24+BR24+BO24+BL24+BI24+BF24+BC24+AZ24+AW24+AT24+AQ24+AN24+AK24+AH24+AE24+AB24+Y24+V24+S24+P24 -> 0
A25: =_xlfn.RANK.EQ(F25,totalscores,0) -> 18 | B25: =_xlfn.RANK.EQ(H25,thisweekscore,0) -> 35 | D25: =INDEX(Table!E:E,MATCH(E25,Table!F:F,0)) -> C | E25: Julie Dodd | F25: =+N25+Q25+T25+W25+Z25+AC25+AF25+AI25+AL25+AO25+AR25+AU25+AX25+BA25+BD25+BG25+BJ25+BM25+BP25+BS25 -> -12.266477 | G25: =+O25+R25+U25+X25+AA25+AD25+AG25+AJ25+AM25+AP25+AS25+AV25+AY25+BB25+BE25+BH25+BK25+BN25+BQ25+BT25 -> 9 | H25: -5.6363636 | I25: 1 | J25: =P25+S25+V25+Y25+AB25+AE25+AH25+AK25+AN25+AQ25+AT25+AW25+AZ25+BC25+BF25+BI25+BL25+BO25+BR25+BU25 -> 0 | L25: =INDEX(Table!M:M,MATCH(E25,Table!F:F,0)) -> 0 | M25: =K25+J25+L25 -> 0 | N25: -5.05 | O25: 1 | Q25: -0.4 | R25: 2 | T25: 1.1636364 | U25: 2 | W25: -5.4 | X25: 1 | Z25: 3.05625 | AA25: 2 | AC25: -5.6363636 | AD25: 1 | BV25: =BS25+BP25+BM25+BJ25+BG25+BD25+BA25+AX25+AU25+AR25+AO25+AL25+AI25+AF25+AC25+Z25+W25+T25+Q25+N25 -> -12.266477 | BW25: =BT25+BQ25+BN25+BK25+BH25+BE25+BB25+AY25+AV25+AS25+AP25+AM25+AJ25+AG25+AD25+AA25+X25+U25+R25+O25 -> 9 | BX25: =BU25+BR25+BO25+BL25+BI25+BF25+BC25+AZ25+AW25+AT25+AQ25+AN25+AK25+AH25+AE25+AB25+Y25+V25+S25+P25 -> 0
A26: =_xlfn.RANK.EQ(F26,totalscores,0) -> 40 | B26: =_xlfn.RANK.EQ(H26,thisweekscore,0) -> 40 | D26: =INDEX(Table!E:E,MATCH(E26,Table!F:F,0)) -> B | E26: Katy Savory | F26: =+N26+Q26+T26+W26+Z26+AC26+AF26+AI26+AL26+AO26+AR26+AU26+AX26+BA26+BD26+BG26+BJ26+BM26+BP26+BS26 -> -26.416667 | G26: =+O26+R26+U26+X26+AA26+AD26+AG26+AJ26+AM26+AP26+AS26+AV26+AY26+BB26+BE26+BH26+BK26+BN26+BQ26+BT26 -> 4 | H26: -7 | I26: 0 | J26: =P26+S26+V26+Y26+AB26+AE26+AH26+AK26+AN26+AQ26+AT26+AW26+AZ26+BC26+BF26+BI26+BL26+BO26+BR26+BU26 -> 0 | L26: =INDEX(Table!M:M,MATCH(E26,Table!F:F,0)) -> 0 | M26: =K26+J26+L26 -> 0 | N26: -7 | O26: 0 | Q26: 4.6 | R26: 2 | T26: -7 | U26: 0 | W26: -4.85 | X26: 1 | Z26: -5.1666667 | AA26: 1 | AC26: -7 | AD26: 0 | BV26: =BS26+BP26+BM26+BJ26+BG26+BD26+BA26+AX26+AU26+AR26+AO26+AL26+AI26+AF26+AC26+Z26+W26+T26+Q26+N26 -> -26.416667 | BW26: =BT26+BQ26+BN26+BK26+BH26+BE26+BB26+AY26+AV26+AS26+AP26+AM26+AJ26+AG26+AD26+AA26+X26+U26+R26+O26 -> 4 | BX26: =BU26+BR26+BO26+BL26+BI26+BF26+BC26+AZ26+AW26+AT26+AQ26+AN26+AK26+AH26+AE26+AB26+Y26+V26+S26+P26 -> 0
A27: =_xlfn.RANK.EQ(F27,totalscores,0) -> 28 | B27: =_xlfn.RANK.EQ(H27,thisweekscore,0) -> 32 | D27: =INDEX(Table!E:E,MATCH(E27,Table!F:F,0)) -> A | E27: Kevin Carter | F27: =+N27+Q27+T27+W27+Z27+AC27+AF27+AI27+AL27+AO27+AR27+AU27+AX27+BA27+BD27+BG27+BJ27+BM27+BP27+BS27 -> -16.982063 | G27: =+O27+R27+U27+X27+AA27+AD27+AG27+AJ27+AM27+AP27+AS27+AV27+AY27+BB27+BE27+BH27+BK27+BN27+BQ27+BT27 -> 8 | H27: -5.35 | I27: 1 | J27: =P27+S27+V27+Y27+AB27+AE27+AH27+AK27+AN27+AQ27+AT27+AW27+AZ27+BC27+BF27+BI27+BL27+BO27+BR27+BU27 -> 0 | L27: =INDEX(Table!M:M,MATCH(E27,Table!F:F,0)) -> 0 | M27: =K27+J27+L27 -> 0 | N27: -0.17777778 | O27: 2 | Q27: 2.56 | R27: 2 | T27: -2.8 | U27: 1 | W27: -5.5 | X27: 1 | Z27: -5.7142857 | AA27: 1 | AC27: -5.35 | AD27: 1 | BV27: =BS27+BP27+BM27+BJ27+BG27+BD27+BA27+AX27+AU27+AR27+AO27+AL27+AI27+AF27+AC27+Z27+W27+T27+Q27+N27 -> -16.982063 | BW27: =BT27+BQ27+BN27+BK27+BH27+BE27+BB27+AY27+AV27+AS27+AP27+AM27+AJ27+AG27+AD27+AA27+X27+U27+R27+O27 -> 8 | BX27: =BU27+BR27+BO27+BL27+BI27+BF27+BC27+AZ27+AW27+AT27+AQ27+AN27+AK27+AH27+AE27+AB27+Y27+V27+S27+P27 -> 0
A28: =_xlfn.RANK.EQ(F28,totalscores,0) -> 33 | B28: =_xlfn.RANK.EQ(H28,thisweekscore,0) -> 40 | D28: =INDEX(Table!E:E,MATCH(E28,Table!F:F,0)) -> A | E28: Lennie Bow | F28: =+N28+Q28+T28+W28+Z28+AC28+AF28+AI28+AL28+AO28+AR28+AU28+AX28+BA28+BD28+BG28+BJ28+BM28+BP28+BS28 -> -20.414797 | G28: =+O28+R28+U28+X28+AA28+AD28+AG28+AJ28+AM28+AP28+AS28+AV28+AY28+BB28+BE28+BH28+BK28+BN28+BQ28+BT28 -> 8 | H28: -7 | I28: 0 | J28: =P28+S28+V28+Y28+AB28+AE28+AH28+AK28+AN28+AQ28+AT28+AW28+AZ28+BC28+BF28+BI28+BL28+BO28+BR28+BU28 -> 0 | L28: =INDEX(Table!M:M,MATCH(E28,Table!F:F,0)) -> 0 | M28: =K28+J28+L28 -> 0 | N28: -5.3333333 | O28: 1 | Q28: 0 | R28: 2 | T28: -1.6528926 | U28: 2 | W28: -0.92857143 | X28: 2 | Z28: -5.5 | AA28: 1 | AC28: -7 | AD28: 0 | BV28: =BS28+BP28+BM28+BJ28+BG28+BD28+BA28+AX28+AU28+AR28+AO28+AL28+AI28+AF28+AC28+Z28+W28+T28+Q28+N28 -> -20.414797 | BW28: =BT28+BQ28+BN28+BK28+BH28+BE28+BB28+AY28+AV28+AS28+AP28+AM28+AJ28+AG28+AD28+AA28+X28+U28+R28+O28 -> 8 | BX28: =BU28+BR28+BO28+BL28+BI28+BF28+BC28+AZ28+AW28+AT28+AQ28+AN28+AK28+AH28+AE28+AB28+Y28+V28+S28+P28 -> 0
A29: =_xlfn.RANK.EQ(F29,totalscores,0) -> 47 | B29: =_xlfn.RANK.EQ(H29,thisweekscore,0) -> 20 | D29: =INDEX(Table!E:E,MATCH(E29,Table!F:F,0)) -> A | E29: Mark Bunn | F29: =+N29+Q29+T29+W29+Z29+AC29+AF29+AI29+AL29+AO29+AR29+AU29+AX29+BA29+BD29+BG29+BJ29+BM29+BP29+BS29 -> -32.55 | G29: =+O29+R29+U29+X29+AA29+AD29+AG29+AJ29+AM29+AP29+AS29+AV29+AY29+BB29+BE29+BH29+BK29+BN29+BQ29+BT29 -> 4 | H29: -4.6 | I29: 1 | J29: =P29+S29+V29+Y29+AB29+AE29+AH29+AK29+AN29+AQ29+AT29+AW29+AZ29+BC29+BF29+BI29+BL29+BO29+BR29+BU29 -> 0 | L29: =INDEX(Table!M:M,MATCH(E29,Table!F:F,0)) -> 0 | M29: =K29+J29+L29 -> 0 | N29: -4.3 | O29: 1 | Q29: -4.8 | R29: 1 | T29: -7 | U29: 0 | W29: -4.85 | X29: 1 | Z29: -7 | AA29: 0 | AC29: -4.6 | AD29: 1 | BV29: =BS29+BP29+BM29+BJ29+BG29+BD29+BA29+AX29+AU29+AR29+AO29+AL29+AI29+AF29+AC29+Z29+W29+T29+Q29+N29 -> -32.55 | BW29: =BT29+BQ29+BN29+BK29+BH29+BE29+BB29+AY29+AV29+AS29+AP29+AM29+AJ29+AG29+AD29+AA29+X29+U29+R29+O29 -> 4 | BX29: =BU29+BR29+BO29+BL29+BI29+BF29+BC29+AZ29+AW29+AT29+AQ29+AN29+AK29+AH29+AE29+AB29+Y29+V29+S29+P29 -> 0
A30: =_xlfn.RANK.EQ(F30,totalscores,0) -> 13 | B30: =_xlfn.RANK.EQ(H30,thisweekscore,0) -> 3 | D30: =INDEX(Table!E:E,MATCH(E30,Table!F:F,0)) -> B | E30: Mark Saunders | F30: =+N30+Q30+T30+W30+Z30+AC30+AF30+AI30+AL30+AO30+AR30+AU30+AX30+BA30+BD30+BG30+BJ30+BM30+BP30+BS30 -> -9.7723214 | G30: =+O30+R30+U30+X30+AA30+AD30+AG30+AJ30+AM30+AP30+AS30+AV30+AY30+BB30+BE30+BH30+BK30+BN30+BQ30+BT30 -> 7 | H30: 14.65625 | I30: 3 | J30: =P30+S30+V30+Y30+AB30+AE30+AH30+AK30+AN30+AQ30+AT30+AW30+AZ30+BC30+BF30+BI30+BL30+BO30+BR30+BU30 -> 5 | L30: =INDEX(Table!M:M,MATCH(E30,Table!F:F,0)) -> 11.025 | M30: =K30+J30+L30 -> 16.025 | N30: -7 | O30: 0 | Q30: -5.5 | R30: 1 | T30: -4 | U30: 1 | W30: -7 | X30: 0 | Z30: -0.92857143 | AA30: 2 | AC30: 14.65625 | AD30: 3 | AE30: 5 | BV30: =BS30+BP30+BM30+BJ30+BG30+BD30+BA30+AX30+AU30+AR30+AO30+AL30+AI30+AF30+AC30+Z30+W30+T30+Q30+N30 -> -9.7723214 | BW30: =BT30+BQ30+BN30+BK30+BH30+BE30+BB30+AY30+AV30+AS30+AP30+AM30+AJ30+AG30+AD30+AA30+X30+U30+R30+O30 -> 7 | BX30: =BU30+BR30+BO30+BL30+BI30+BF30+BC30+AZ30+AW30+AT30+AQ30+AN30+AK30+AH30+AE30+AB30+Y30+V30+S30+P30 -> 5
A31: =_xlfn.RANK.EQ(F31,totalscores,0) -> 32 | B31: =_xlfn.RANK.EQ(H31,thisweekscore,0) -> 40 | D31: =INDEX(Table!E:E,MATCH(E31,Table!F:F,0)) -> C | E31: Martin Molyneux | F31: =+N31+Q31+T31+W31+Z31+AC31+AF31+AI31+AL31+AO31+AR31+AU31+AX31+BA31+BD31+BG31+BJ31+BM31+BP31+BS31 -> -19.4025 | G31: =+O31+R31+U31+X31+AA31+AD31+AG31+AJ31+AM31+AP31+AS31+AV31+AY31+BB31+BE31+BH31+BK31+BN31+BQ31+BT31 -> 6 | H31: -7 | I31: 0 | J31: =P31+S31+V31+Y31+AB31+AE31+AH31+AK31+AN31+AQ31+AT31+AW31+AZ31+BC31+BF31+BI31+BL31+BO31+BR31+BU31 -> 0 | L31: =INDEX(Table!M:M,MATCH(E31,Table!F:F,0)) -> 0 | M31: =K31+J31+L31 -> 0 | N31: 2.2375 | O31: 2 | Q31: 2.56 | R31: 2 | T31: -4.95 | U31: 1 | W31: -7 | X31: 0 | Z31: -5.25 | AA31: 1 | AC31: -7 | AD31: 0 | BV31: =BS31+BP31+BM31+BJ31+BG31+BD31+BA31+AX31+AU31+AR31+AO31+AL31+AI31+AF31+AC31+Z31+W31+T31+Q31+N31 -> -19.4025 | BW31: =BT31+BQ31+BN31+BK31+BH31+BE31+BB31+AY31+AV31+AS31+AP31+AM31+AJ31+AG31+AD31+AA31+X31+U31+R31+O31 -> 6 | BX31: =BU31+BR31+BO31+BL31+BI31+BF31+BC31+AZ31+AW31+AT31+AQ31+AN31+AK31+AH31+AE31+AB31+Y31+V31+S31+P31 -> 0
A32: =_xlfn.RANK.EQ(F32,totalscores,0) -> 38 | B32: =_xlfn.RANK.EQ(H32,thisweekscore,0) -> 40 | D32: =INDEX(Table!E:E,MATCH(E32,Table!F:F,0)) -> B | E32: Martin Tarbuck | F32: =+N32+Q32+T32+W32+Z32+AC32+AF32+AI32+AL32+AO32+AR32+AU32+AX32+BA32+BD32+BG32+BJ32+BM32+BP32+BS32 -> -25.856364 | G32: =+O32+R32+U32+X32+AA32+AD32+AG32+AJ32+AM32+AP32+AS32+AV32+AY32+BB32+BE32+BH32+BK32+BN32+BQ32+BT32 -> 5 | H32: -7 | I32: 0 | J32: =P32+S32+V32+Y32+AB32+AE32+AH32+AK32+AN32+AQ32+AT32+AW32+AZ32+BC32+BF32+BI32+BL32+BO32+BR32+BU32 -> 5 | L32: =INDEX(Table!M:M,MATCH(E32,Table!F:F,0)) -> 0 | M32: =K32+J32+L32 -> 5 | N32: -5.2 | O32: 1 | Q32: -5.5 | R32: 1 | T32: 5.8436364 | U32: 3 | V32: 5 | W32: -7 | X32: 0 | Z32: -7 | AA32: 0 | AC32: -7 | AD32: 0 | BV32: =BS32+BP32+BM32+BJ32+BG32+BD32+BA32+AX32+AU32+AR32+AO32+AL32+AI32+AF32+AC32+Z32+W32+T32+Q32+N32 -> -25.856364 | BW32: =BT32+BQ32+BN32+BK32+BH32+BE32+BB32+AY32+AV32+AS32+AP32+AM32+AJ32+AG32+AD32+AA32+X32+U32+R32+O32 -> 5 | BX32: =BU32+BR32+BO32+BL32+BI32+BF32+BC32+AZ32+AW32+AT32+AQ32+AN32+AK32+AH32+AE32+AB32+Y32+V32+S32+P32 -> 5
A33: =_xlfn.RANK.EQ(F33,totalscores,0) -> 31 | B33: =_xlfn.RANK.EQ(H33,thisweekscore,0) -> 23 | D33: =INDEX(Table!E:E,MATCH(E33,Table!F:F,0)) -> A | E33: Mike Penk | F33: =+N33+Q33+T33+W33+Z33+AC33+AF33+AI33+AL33+AO33+AR33+AU33+AX33+BA33+BD33+BG33+BJ33+BM33+BP33+BS33 -> -18.336364 | G33: =+O33+R33+U33+X33+AA33+AD33+AG33+AJ33+AM33+AP33+AS33+AV33+AY33+BB33+BE33+BH33+BK33+BN33+BQ33+BT33 -> 6 | H33: -4.8 | I33: 1 | J33: =P33+S33+V33+Y33+AB33+AE33+AH33+AK33+AN33+AQ33+AT33+AW33+AZ33+BC33+BF33+BI33+BL33+BO33+BR33+BU33 -> 0 | L33: =INDEX(Table!M:M,MATCH(E33,Table!F:F,0)) -> 0 | M33: =K33+J33+L33 -> 0 | N33: -3.9 | O33: 1 | Q33: 3.3454545 | R33: 2 | T33: 1.0181818 | U33: 2 | W33: -7 | X33: 0 | Z33: -7 | AA33: 0 | AC33: -4.8 | AD33: 1 | BV33: =BS33+BP33+BM33+BJ33+BG33+BD33+BA33+AX33+AU33+AR33+AO33+AL33+AI33+AF33+AC33+Z33+W33+T33+Q33+N33 -> -18.336364 | BW33: =BT33+BQ33+BN33+BK33+BH33+BE33+BB33+AY33+AV33+AS33+AP33+AM33+AJ33+AG33+AD33+AA33+X33+U33+R33+O33 -> 6 | BX33: =BU33+BR33+BO33+BL33+BI33+BF33+BC33+AZ33+AW33+AT33+AQ33+AN33+AK33+AH33+AE33+AB33+Y33+V33+S33+P33 -> 0
A34: =_xlfn.RANK.EQ(F34,totalscores,0) -> 21 | B34: =_xlfn.RANK.EQ(H34,thisweekscore,0) -> 33 | D34: =INDEX(Table!E:E,MATCH(E34,Table!F:F,0)) -> C | E34: Naaman Boyd | F34: =+N34+Q34+T34+W34+Z34+AC34+AF34+AI34+AL34+AO34+AR34+AU34+AX34+BA34+BD34+BG34+BJ34+BM34+BP34+BS34 -> -15.487619 | G34: =+O34+R34+U34+X34+AA34+AD34+AG34+AJ34+AM34+AP34+AS34+AV34+AY34+BB34+BE34+BH34+BK34+BN34+BQ34+BT34 -> 9 | H34: -5.5 | I34: 1 | J34: =P34+S34+V34+Y34+AB34+AE34+AH34+AK34+AN34+AQ34+AT34+AW34+AZ34+BC34+BF34+BI34+BL34+BO34+BR34+BU34 -> 0 | L34: =INDEX(Table!M:M,MATCH(E34,Table!F:F,0)) -> 0 | M34: =K34+J34+L34 -> 0 | N34: -4.25 | O34: 1 | Q34: -1.3333333 | R34: 2 | T34: 0.46 | U34: 2 | W34: -5.35 | X34: 1 | Z34: 0.48571429 | AA34: 2 | AC34: -5.5 | AD34: 1 | BV34: =BS34+BP34+BM34+BJ34+BG34+BD34+BA34+AX34+AU34+AR34+AO34+AL34+AI34+AF34+AC34+Z34+W34+T34+Q34+N34 -> -15.487619 | BW34: =BT34+BQ34+BN34+BK34+BH34+BE34+BB34+AY34+AV34+AS34+AP34+AM34+AJ34+AG34+AD34+AA34+X34+U34+R34+O34 -> 9 | BX34: =BU34+BR34+BO34+BL34+BI34+BF34+BC34+AZ34+AW34+AT34+AQ34+AN34+AK34+AH34+AE34+AB34+Y34+V34+S34+P34 -> 0
A35: =_xlfn.RANK.EQ(F35,totalscores,0) -> 17 | B35: =_xlfn.RANK.EQ(H35,thisweekscore,0) -> 17 | D35: =INDEX(Table!E:E,MATCH(E35,Table!F:F,0)) -> A | E35: Nick Blocksidge | F35: =+N35+Q35+T35+W35+Z35+AC35+AF35+AI35+AL35+AO35+AR35+AU35+AX35+BA35+BD35+BG35+BJ35+BM35+BP35+BS35 -> -12.149351 | G35: =+O35+R35+U35+X35+AA35+AD35+AG35+AJ35+AM35+AP35+AS35+AV35+AY35+BB35+BE35+BH35+BK35+BN35+BQ35+BT35 -> 10 | H35: -2.0909091 | I35: 2 | J35: =P35+S35+V35+Y35+AB35+AE35+AH35+AK35+AN35+AQ35+AT35+AW35+AZ35+BC35+BF35+BI35+BL35+BO35+BR35+BU35 -> 0 | L35: =INDEX(Table!M:M,MATCH(E35,Table!F:F,0)) -> 15.75 | M35: =K35+J35+L35 -> 15.75 | N35: -4.3 | O35: 1 | Q35: 3 | R35: 2 | T35: -2.8727273 | U35: 2 | W35: -3.6 | X35: 1 | Z35: -2.2857143 | AA35: 2 | AC35: -2.0909091 | AD35: 2 | BV35: =BS35+BP35+BM35+BJ35+BG35+BD35+BA35+AX35+AU35+AR35+AO35+AL35+AI35+AF35+AC35+Z35+W35+T35+Q35+N35 -> -12.149351 | BW35: =BT35+BQ35+BN35+BK35+BH35+BE35+BB35+AY35+AV35+AS35+AP35+AM35+AJ35+AG35+AD35+AA35+X35+U35+R35+O35 -> 10 | BX35: =BU35+BR35+BO35+BL35+BI35+BF35+BC35+AZ35+AW35+AT35+AQ35+AN35+AK35+AH35+AE35+AB35+Y35+V35+S35+P35 -> 0
A36: =_xlfn.RANK.EQ(F36,totalscores,0) -> 14 | B36: =_xlfn.RANK.EQ(H36,thisweekscore,0) -> 40 | D36: =INDEX(Table!E:E,MATCH(E36,Table!F:F,0)) -> A | E36: Nigel Heyes | F36: =+N36+Q36+T36+W36+Z36+AC36+AF36+AI36+AL36+AO36+AR36+AU36+AX36+BA36+BD36+BG36+BJ36+BM36+BP36+BS36 -> -10.369008 | G36: =+O36+R36+U36+X36+AA36+AD36+AG36+AJ36+AM36+AP36+AS36+AV36+AY36+BB36+BE36+BH36+BK36+BN36+BQ36+BT36 -> 6 | H36: -7 | I36: 0 | J36: =P36+S36+V36+Y36+AB36+AE36+AH36+AK36+AN36+AQ36+AT36+AW36+AZ36+BC36+BF36+BI36+BL36+BO36+BR36+BU36 -> 10 | L36: =INDEX(Table!M:M,MATCH(E36,Table!F:F,0)) -> 27 | M36: =K36+J36+L36 -> 37 | N36: -5.05 | O36: 1 | Q36: 19.080992 | R36: 3 | S36: 10 | T36: -4.9 | U36: 1 | W36: -7 | X36: 0 | Z36: -5.5 | AA36: 1 | AC36: -7 | AD36: 0 | BV36: =BS36+BP36+BM36+BJ36+BG36+BD36+BA36+AX36+AU36+AR36+AO36+AL36+AI36+AF36+AC36+Z36+W36+T36+Q36+N36 -> -10.369008 | BW36: =BT36+BQ36+BN36+BK36+BH36+BE36+BB36+AY36+AV36+AS36+AP36+AM36+AJ36+AG36+AD36+AA36+X36+U36+R36+O36 -> 6 | BX36: =BU36+BR36+BO36+BL36+BI36+BF36+BC36+AZ36+AW36+AT36+AQ36+AN36+AK36+AH36+AE36+AB36+Y36+V36+S36+P36 -> 10
A37: =_xlfn.RANK.EQ(F37,totalscores,0) -> 26 | B37: =_xlfn.RANK.EQ(H37,thisweekscore,0) -> 29 | D37: =INDEX(Table!E:E,MATCH(E37,Table!F:F,0)) -> C | E37: Paul Adderley | F37: =+N37+Q37+T37+W37+Z37+AC37+AF37+AI37+AL37+AO37+AR37+AU37+AX37+BA37+BD37+BG37+BJ37+BM37+BP37+BS37 -> -16.026616 | G37: =+O37+R37+U37+X37+AA37+AD37+AG37+AJ37+AM37+AP37+AS37+AV37+AY37+BB37+BE37+BH37+BK37+BN37+BQ37+BT37 -> 8 | H37: -5.2727273 | I37: 1 | J37: =P37+S37+V37+Y37+AB37+AE37+AH37+AK37+AN37+AQ37+AT37+AW37+AZ37+BC37+BF37+BI37+BL37+BO37+BR37+BU37 -> 0 | L37: =INDEX(Table!M:M,MATCH(E37,Table!F:F,0)) -> 0 | M37: =K37+J37+L37 -> 0 | N37: -7 | O37: 0 | Q37: -0.88888889 | R37: 2 | T37: -1.89 | U37: 2 | W37: 1.625 | X37: 2 | Z37: -2.6 | AA37: 1 | AC37: -5.2727273 | AD37: 1 | BV37: =BS37+BP37+BM37+BJ37+BG37+BD37+BA37+AX37+AU37+AR37+AO37+AL37+AI37+AF37+AC37+Z37+W37+T37+Q37+N37 -> -16.026616 | BW37: =BT37+BQ37+BN37+BK37+BH37+BE37+BB37+AY37+AV37+AS37+AP37+AM37+AJ37+AG37+AD37+AA37+X37+U37+R37+O37 -> 8 | BX37: =BU37+BR37+BO37+BL37+BI37+BF37+BC37+AZ37+AW37+AT37+AQ37+AN37+AK37+AH37+AE37+AB37+Y37+V37+S37+P37 -> 0
A38: =_xlfn.RANK.EQ(F38,totalscores,0) -> 50 | B38: =_xlfn.RANK.EQ(H38,thisweekscore,0) -> 40 | D38: =INDEX(Table!E:E,MATCH(E38,Table!F:F,0)) -> A | E38: Paul Allen | F38: =+N38+Q38+T38+W38+Z38+AC38+AF38+AI38+AL38+AO38+AR38+AU38+AX38+BA38+BD38+BG38+BJ38+BM38+BP38+BS38 -> -38.678571 | G38: =+O38+R38+U38+X38+AA38+AD38+AG38+AJ38+AM38+AP38+AS38+AV38+AY38+BB38+BE38+BH38+BK38+BN38+BQ38+BT38 -> 2 | H38: -7 | I38: 0 | J38: =P38+S38+V38+Y38+AB38+AE38+AH38+AK38+AN38+AQ38+AT38+AW38+AZ38+BC38+BF38+BI38+BL38+BO38+BR38+BU38 -> 0 | L38: =INDEX(Table!M:M,MATCH(E38,Table!F:F,0)) -> 0 | M38: =K38+J38+L38 -> 0 | N38: -7 | O38: 0 | Q38: -7 | R38: 0 | T38: -5.4285714 | U38: 1 | W38: -7 | X38: 0 | Z38: -5.25 | AA38: 1 | AC38: -7 | AD38: 0 | BV38: =BS38+BP38+BM38+BJ38+BG38+BD38+BA38+AX38+AU38+AR38+AO38+AL38+AI38+AF38+AC38+Z38+W38+T38+Q38+N38 -> -38.678571 | BW38: =BT38+BQ38+BN38+BK38+BH38+BE38+BB38+AY38+AV38+AS38+AP38+AM38+AJ38+AG38+AD38+AA38+X38+U38+R38+O38 -> 2 | BX38: =BU38+BR38+BO38+BL38+BI38+BF38+BC38+AZ38+AW38+AT38+AQ38+AN38+AK38+AH38+AE38+AB38+Y38+V38+S38+P38 -> 0
A39: =_xlfn.RANK.EQ(F39,totalscores,0) -> 6 | B39: =_xlfn.RANK.EQ(H39,thisweekscore,0) -> 2 | D39: =INDEX(Table!E:E,MATCH(E39,Table!F:F,0)) -> A | E39: Paul Barnes | F39: =+N39+Q39+T39+W39+Z39+AC39+AF39+AI39+AL39+AO39+AR39+AU39+AX39+BA39+BD39+BG39+BJ39+BM39+BP39+BS39 -> 3.8594444 | G39: =+O39+R39+U39+X39+AA39+AD39+AG39+AJ39+AM39+AP39+AS39+AV39+AY39+BB39+BE39+BH39+BK39+BN39+BQ39+BT39 -> 9 | H39: 15.625 | I39: 3 | J39: =P39+S39+V39+Y39+AB39+AE39+AH39+AK39+AN39+AQ39+AT39+AW39+AZ39+BC39+BF39+BI39+BL39+BO39+BR39+BU39 -> 5 | L39: =INDEX(Table!M:M,MATCH(E39,Table!F:F,0)) -> 78.75 | M39: =K39+J39+L39 -> 83.75 | N39: -4.75 | O39: 1 | Q39: -5.5555556 | R39: 1 | T39: 1.165 | U39: 2 | W39: -7 | X39: 0 | Z39: 4.375 | AA39: 2 | AC39: 15.625 | AD39: 3 | AE39: 5 | BV39: =BS39+BP39+BM39+BJ39+BG39+BD39+BA39+AX39+AU39+AR39+AO39+AL39+AI39+AF39+AC39+Z39+W39+T39+Q39+N39 -> 3.8594444 | BW39: =BT39+BQ39+BN39+BK39+BH39+BE39+BB39+AY39+AV39+AS39+AP39+AM39+AJ39+AG39+AD39+AA39+X39+U39+R39+O39 -> 9 | BX39: =BU39+BR39+BO39+BL39+BI39+BF39+BC39+AZ39+AW39+AT39+AQ39+AN39+AK39+AH39+AE39+AB39+Y39+V39+S39+P39 -> 5
A40: =_xlfn.RANK.EQ(F40,totalscores,0) -> 1 | B40: =_xlfn.RANK.EQ(H40,thisweekscore,0) -> 1 | D40: =INDEX(Table!E:E,MATCH(E40,Table!F:F,0)) -> B | E40: Paul Fairhurst | F40: =+N40+Q40+T40+W40+Z40+AC40+AF40+AI40+AL40+AO40+AR40+AU40+AX40+BA40+BD40+BG40+BJ40+BM40+BP40+BS40 -> 36.95 | G40: =+O40+R40+U40+X40+AA40+AD40+AG40+AJ40+AM40+AP40+AS40+AV40+AY40+BB40+BE40+BH40+BK40+BN40+BQ40+BT40 -> 11 | H40: 16.99 | I40: 3 | J40: =P40+S40+V40+Y40+AB40+AE40+AH40+AK40+AN40+AQ40+AT40+AW40+AZ40+BC40+BF40+BI40+BL40+BO40+BR40+BU40 -> 25 | L40: =INDEX(Table!M:M,MATCH(E40,Table!F:F,0)) -> 55.125 | M40: =K40+J40+L40 -> 80.125 | N40: 3.05 | O40: 2 | Q40: 5.26 | R40: 2 | S40: 5 | T40: -7 | U40: 0 | W40: 6.7 | X40: 2 | Y40: 5 | Z40: 11.95 | AA40: 2 | AB40: 5 | AC40: 16.99 | AD40: 3 | AE40: 10 | BV40: =BS40+BP40+BM40+BJ40+BG40+BD40+BA40+AX40+AU40+AR40+AO40+AL40+AI40+AF40+AC40+Z40+W40+T40+Q40+N40 -> 36.95 | BW40: =BT40+BQ40+BN40+BK40+BH40+BE40+BB40+AY40+AV40+AS40+AP40+AM40+AJ40+AG40+AD40+AA40+X40+U40+R40+O40 -> 11 | BX40: =BU40+BR40+BO40+BL40+BI40+BF40+BC40+AZ40+AW40+AT40+AQ40+AN40+AK40+AH40+AE40+AB40+Y40+V40+S40+P40 -> 25
A41: =_xlfn.RANK.EQ(F41,totalscores,0) -> 3 | B41: =_xlfn.RANK.EQ(H41,thisweekscore,0) -> 14 | D41: =INDEX(Table!E:E,MATCH(E41,Table!F:F,0)) -> B | E41: Phil Miller | F41: =+N41+Q41+T41+W41+Z41+AC41+AF41+AI41+AL41+AO41+AR41+AU41+AX41+BA41+BD41+BG41+BJ41+BM41+BP41+BS41 -> 22.785086 | G41: =+O41+R41+U41+X41+AA41+AD41+AG41+AJ41+AM41+AP41+AS41+AV41+AY41+BB41+BE41+BH41+BK41+BN41+BQ41+BT41 -> 10 | H41: -1.4 | I41: 2 | J41: =P41+S41+V41+Y41+AB41+AE41+AH41+AK41+AN41+AQ41+AT41+AW41+AZ41+BC41+BF41+BI41+BL41+BO41+BR41+BU41 -> 15 | L41: =INDEX(Table!M:M,MATCH(E41,Table!F:F,0)) -> 39.375 | M41: =K41+J41+L41 -> 54.375 | N41: -7 | O41: 0 | Q41: -5.3846154 | R41: 1 | T41: 30.898701 | U41: 3 | V41: 10 | W41: 10.921 | X41: 3 | Y41: 5 | Z41: -5.25 | AA41: 1 | AC41: -1.4 | AD41: 2 | BV41: =BS41+BP41+BM41+BJ41+BG41+BD41+BA41+AX41+AU41+AR41+AO41+AL41+AI41+AF41+AC41+Z41+W41+T41+Q41+N41 -> 22.785086 | BW41: =BT41+BQ41+BN41+BK41+BH41+BE41+BB41+AY41+AV41+AS41+AP41+AM41+AJ41+AG41+AD41+AA41+X41+U41+R41+O41 -> 10 | BX41: =BU41+BR41+BO41+BL41+BI41+BF41+BC41+AZ41+AW41+AT41+AQ41+AN41+AK41+AH41+AE41+AB41+Y41+V41+S41+P41 -> 15
A42: =_xlfn.RANK.EQ(F42,totalscores,0) -> 11 | B42: =_xlfn.RANK.EQ(H42,thisweekscore,0) -> 35 | D42: =INDEX(Table!E:E,MATCH(E42,Table!F:F,0)) -> A | E42: Rob England | F42: =+N42+Q42+T42+W42+Z42+AC42+AF42+AI42+AL42+AO42+AR42+AU42+AX42+BA42+BD42+BG42+BJ42+BM42+BP42+BS42 -> -8.6989177 | G42: =+O42+R42+U42+X42+AA42+AD42+AG42+AJ42+AM42+AP42+AS42+AV42+AY42+BB42+BE42+BH42+BK42+BN42+BQ42+BT42 -> 11 | H42: -5.6363636 | I42: 1 | J42: =P42+S42+V42+Y42+AB42+AE42+AH42+AK42+AN42+AQ42+AT42+AW42+AZ42+BC42+BF42+BI42+BL42+BO42+BR42+BU42 -> 0 | L42: =INDEX(Table!M:M,MATCH(E42,Table!F:F,0)) -> 40.5 | M42: =K42+J42+L42 -> 40.5 | N42: -0.53333333 | O42: 2 | Q42: -1.125 | R42: 2 | T42: 1.1636364 | U42: 2 | W42: -1.4428571 | X42: 2 | Z42: -1.125 | AA42: 2 | AC42: -5.6363636 | AD42: 1 | BV42: =BS42+BP42+BM42+BJ42+BG42+BD42+BA42+AX42+AU42+AR42+AO42+AL42+AI42+AF42+AC42+Z42+W42+T42+Q42+N42 -> -8.6989177 | BW42: =BT42+BQ42+BN42+BK42+BH42+BE42+BB42+AY42+AV42+AS42+AP42+AM42+AJ42+AG42+AD42+AA42+X42+U42+R42+O42 -> 11 | BX42: =BU42+BR42+BO42+BL42+BI42+BF42+BC42+AZ42+AW42+AT42+AQ42+AN42+AK42+AH42+AE42+AB42+Y42+V42+S42+P42 -> 0
A43: =_xlfn.RANK.EQ(F43,totalscores,0) -> 43 | B43: =_xlfn.RANK.EQ(H43,thisweekscore,0) -> 16 | D43: =INDEX(Table!E:E,MATCH(E43,Table!F:F,0)) -> A | E43: Simon Greenhalgh | F43: =+N43+Q43+T43+W43+Z43+AC43+AF43+AI43+AL43+AO43+AR43+AU43+AX43+BA43+BD43+BG43+BJ43+BM43+BP43+BS43 -> -27.5 | G43: =+O43+R43+U43+X43+AA43+AD43+AG43+AJ43+AM43+AP43+AS43+AV43+AY43+BB43+BE43+BH43+BK43+BN43+BQ43+BT43 -> 6 | H43: -1.75 | I43: 2 | J43: =P43+S43+V43+Y43+AB43+AE43+AH43+AK43+AN43+AQ43+AT43+AW43+AZ43+BC43+BF43+BI43+BL43+BO43+BR43+BU43 -> 0 | L43: =INDEX(Table!M:M,MATCH(E43,Table!F:F,0)) -> 0 | M43: =K43+J43+L43 -> 0 | N43: -3.9 | O43: 1 | Q43: -5.15 | R43: 1 | T43: -4.85 | U43: 1 | W43: -4.85 | X43: 1 | Z43: -7 | AA43: 0 | AC43: -1.75 | AD43: 2 | BV43: =BS43+BP43+BM43+BJ43+BG43+BD43+BA43+AX43+AU43+AR43+AO43+AL43+AI43+AF43+AC43+Z43+W43+T43+Q43+N43 -> -27.5 | BW43: =BT43+BQ43+BN43+BK43+BH43+BE43+BB43+AY43+AV43+AS43+AP43+AM43+AJ43+AG43+AD43+AA43+X43+U43+R43+O43 -> 6 | BX43: =BU43+BR43+BO43+BL43+BI43+BF43+BC43+AZ43+AW43+AT43+AQ43+AN43+AK43+AH43+AE43+AB43+Y43+V43+S43+P43 -> 0
A44: =_xlfn.RANK.EQ(F44,totalscores,0) -> 4 | B44: =_xlfn.RANK.EQ(H44,thisweekscore,0) -> 40 | D44: =INDEX(Table!E:E,MATCH(E44,Table!F:F,0)) -> C | E44: Simon Kimble | F44: =+N44+Q44+T44+W44+Z44+AC44+AF44+AI44+AL44+AO44+AR44+AU44+AX44+BA44+BD44+BG44+BJ44+BM44+BP44+BS44 -> 17.555 | G44: =+O44+R44+U44+X44+AA44+AD44+AG44+AJ44+AM44+AP44+AS44+AV44+AY44+BB44+BE44+BH44+BK44+BN44+BQ44+BT44 -> 9 | H44: -7 | I44: 0 | J44: =P44+S44+V44+Y44+AB44+AE44+AH44+AK44+AN44+AQ44+AT44+AW44+AZ44+BC44+BF44+BI44+BL44+BO44+BR44+BU44 -> 10 | L44: =INDEX(Table!M:M,MATCH(E44,Table!F:F,0)) -> 16.875 | M44: =K44+J44+L44 -> 26.875 | N44: 28.5925 | O44: 3 | P44: 10 | Q44: 2 | R44: 2 | T44: -3.9 | U44: 1 | W44: 2.2375 | X44: 2 | Z44: -4.375 | AA44: 1 | AC44: -7 | AD44: 0 | BV44: =BS44+BP44+BM44+BJ44+BG44+BD44+BA44+AX44+AU44+AR44+AO44+AL44+AI44+AF44+AC44+Z44+W44+T44+Q44+N44 -> 17.555 | BW44: =BT44+BQ44+BN44+BK44+BH44+BE44+BB44+AY44+AV44+AS44+AP44+AM44+AJ44+AG44+AD44+AA44+X44+U44+R44+O44 -> 9 | BX44: =BU44+BR44+BO44+BL44+BI44+BF44+BC44+AZ44+AW44+AT44+AQ44+AN44+AK44+AH44+AE44+AB44+Y44+V44+S44+P44 -> 10
A45: =_xlfn.RANK.EQ(F45,totalscores,0) -> 36 | B45: =_xlfn.RANK.EQ(H45,thisweekscore,0) -> 23 | D45: =INDEX(Table!E:E,MATCH(E45,Table!F:F,0)) -> C | E45: Simon Richardson | F45: =+N45+Q45+T45+W45+Z45+AC45+AF45+AI45+AL45+AO45+AR45+AU45+AX45+BA45+BD45+BG45+BJ45+BM45+BP45+BS45 -> -23.989305 | G45: =+O45+R45+U45+X45+AA45+AD45+AG45+AJ45+AM45+AP45+AS45+AV45+AY45+BB45+BE45+BH45+BK45+BN45+BQ45+BT45 -> 7 | H45: -4.8 | I45: 1 | J45: =P45+S45+V45+Y45+AB45+AE45+AH45+AK45+AN45+AQ45+AT45+AW45+AZ45+BC45+BF45+BI45+BL45+BO45+BR45+BU45 -> 0 | L45: =INDEX(Table!M:M,MATCH(E45,Table!F:F,0)) -> 0 | M45: =K45+J45+L45 -> 0 | N45: -5.8181818 | O45: 1 | Q45: -1.6068376 | R45: 2 | T45: -7 | U45: 0 | W45: -5.25 | X45: 1 | Z45: 0.48571429 | AA45: 2 | AC45: -4.8 | AD45: 1 | BV45: =BS45+BP45+BM45+BJ45+BG45+BD45+BA45+AX45+AU45+AR45+AO45+AL45+AI45+AF45+AC45+Z45+W45+T45+Q45+N45 -> -23.989305 | BW45: =BT45+BQ45+BN45+BK45+BH45+BE45+BB45+AY45+AV45+AS45+AP45+AM45+AJ45+AG45+AD45+AA45+X45+U45+R45+O45 -> 7 | BX45: =BU45+BR45+BO45+BL45+BI45+BF45+BC45+AZ45+AW45+AT45+AQ45+AN45+AK45+AH45+AE45+AB45+Y45+V45+S45+P45 -> 0
A46: =_xlfn.RANK.EQ(F46,totalscores,0) -> 25 | B46: =_xlfn.RANK.EQ(H46,thisweekscore,0) -> 29 | D46: =INDEX(Table!E:E,MATCH(E46,Table!F:F,0)) -> B | E46: Stephen Barr | F46: =+N46+Q46+T46+W46+Z46+AC46+AF46+AI46+AL46+AO46+AR46+AU46+AX46+BA46+BD46+BG46+BJ46+BM46+BP46+BS46 -> -15.702727 | G46: =+O46+R46+U46+X46+AA46+AD46+AG46+AJ46+AM46+AP46+AS46+AV46+AY46+BB46+BE46+BH46+BK46+BN46+BQ46+BT46 -> 6 | H46: -5.2727273 | I46: 1 | J46: =P46+S46+V46+Y46+AB46+AE46+AH46+AK46+AN46+AQ46+AT46+AW46+AZ46+BC46+BF46+BI46+BL46+BO46+BR46+BU46 -> 5 | L46: =INDEX(Table!M:M,MATCH(E46,Table!F:F,0)) -> 0 | M46: =K46+J46+L46 -> 5 | N46: -4.85 | O46: 1 | Q46: 2.56 | R46: 2 | T46: -7 | U46: 0 | W46: 5.86 | X46: 2 | Y46: 5 | Z46: -7 | AA46: 0 | AC46: -5.2727273 | AD46: 1 | BV46: =BS46+BP46+BM46+BJ46+BG46+BD46+BA46+AX46+AU46+AR46+AO46+AL46+AI46+AF46+AC46+Z46+W46+T46+Q46+N46 -> -15.702727 | BW46: =BT46+BQ46+BN46+BK46+BH46+BE46+BB46+AY46+AV46+AS46+AP46+AM46+AJ46+AG46+AD46+AA46+X46+U46+R46+O46 -> 6 | BX46: =BU46+BR46+BO46+BL46+BI46+BF46+BC46+AZ46+AW46+AT46+AQ46+AN46+AK46+AH46+AE46+AB46+Y46+V46+S46+P46 -> 5
A47: =_xlfn.RANK.EQ(F47,totalscores,0) -> 24 | B47: =_xlfn.RANK.EQ(H47,thisweekscore,0) -> 9 | D47: =INDEX(Table!E:E,MATCH(E47,Table!F:F,0)) -> A | E47: Steve Carter | F47: =+N47+Q47+T47+W47+Z47+AC47+AF47+AI47+AL47+AO47+AR47+AU47+AX47+BA47+BD47+BG47+BJ47+BM47+BP47+BS47 -> -15.678889 | G47: =+O47+R47+U47+X47+AA47+AD47+AG47+AJ47+AM47+AP47+AS47+AV47+AY47+BB47+BE47+BH47+BK47+BN47+BQ47+BT47 -> 8 | H47: 2.71 | I47: 2 | J47: =P47+S47+V47+Y47+AB47+AE47+AH47+AK47+AN47+AQ47+AT47+AW47+AZ47+BC47+BF47+BI47+BL47+BO47+BR47+BU47 -> 0 | L47: =INDEX(Table!M:M,MATCH(E47,Table!F:F,0)) -> 0 | M47: =K47+J47+L47 -> 0 | N47: -4.85 | O47: 1 | Q47: -0.88888889 | R47: 2 | T47: -2.8 | U47: 1 | W47: -4.9 | X47: 1 | Z47: -4.95 | AA47: 1 | AC47: 2.71 | AD47: 2 | BV47: =BS47+BP47+BM47+BJ47+BG47+BD47+BA47+AX47+AU47+AR47+AO47+AL47+AI47+AF47+AC47+Z47+W47+T47+Q47+N47 -> -15.678889 | BW47: =BT47+BQ47+BN47+BK47+BH47+BE47+BB47+AY47+AV47+AS47+AP47+AM47+AJ47+AG47+AD47+AA47+X47+U47+R47+O47 -> 8 | BX47: =BU47+BR47+BO47+BL47+BI47+BF47+BC47+AZ47+AW47+AT47+AQ47+AN47+AK47+AH47+AE47+AB47+Y47+V47+S47+P47 -> 0
A48: =_xlfn.RANK.EQ(F48,totalscores,0) -> 2 | B48: =_xlfn.RANK.EQ(H48,thisweekscore,0) -> 35 | D48: =INDEX(Table!E:E,MATCH(E48,Table!F:F,0)) -> C | E48: Steve Waterhouse | F48: =+N48+Q48+T48+W48+Z48+AC48+AF48+AI48+AL48+AO48+AR48+AU48+AX48+BA48+BD48+BG48+BJ48+BM48+BP48+BS48 -> 32.941796 | G48: =+O48+R48+U48+X48+AA48+AD48+AG48+AJ48+AM48+AP48+AS48+AV48+AY48+BB48+BE48+BH48+BK48+BN48+BQ48+BT48 -> 12 | H48: -5.6363636 | I48: 1 | J48: =P48+S48+V48+Y48+AB48+AE48+AH48+AK48+AN48+AQ48+AT48+AW48+AZ48+BC48+BF48+BI48+BL48+BO48+BR48+BU48 -> 20 | L48: =INDEX(Table!M:M,MATCH(E48,Table!F:F,0)) -> 23.625 | M48: =K48+J48+L48 -> 43.625 | N48: -0.17777778 | O48: 2 | Q48: 2.56 | R48: 2 | T48: 8.12 | U48: 2 | V48: 5 | W48: 23.125937 | X48: 3 | Y48: 10 | Z48: 4.95 | AA48: 2 | AB48: 5 | AC48: -5.6363636 | AD48: 1 | BV48: =BS48+BP48+BM48+BJ48+BG48+BD48+BA48+AX48+AU48+AR48+AO48+AL48+AI48+AF48+AC48+Z48+W48+T48+Q48+N48 -> 32.941796 | BW48: =BT48+BQ48+BN48+BK48+BH48+BE48+BB48+AY48+AV48+AS48+AP48+AM48+AJ48+AG48+AD48+AA48+X48+U48+R48+O48 -> 12 | BX48: =BU48+BR48+BO48+BL48+BI48+BF48+BC48+AZ48+AW48+AT48+AQ48+AN48+AK48+AH48+AE48+AB48+Y48+V48+S48+P48 -> 20
A49: =_xlfn.RANK.EQ(F49,totalscores,0) -> 27 | B49: =_xlfn.RANK.EQ(H49,thisweekscore,0) -> 13 | D49: =INDEX(Table!E:E,MATCH(E49,Table!F:F,0)) -> C | E49: Steven Naylor | F49: =+N49+Q49+T49+W49+Z49+AC49+AF49+AI49+AL49+AO49+AR49+AU49+AX49+BA49+BD49+BG49+BJ49+BM49+BP49+BS49 -> -16.119318 | G49: =+O49+R49+U49+X49+AA49+AD49+AG49+AJ49+AM49+AP49+AS49+AV49+AY49+BB49+BE49+BH49+BK49+BN49+BQ49+BT49 -> 8 | H49: -0.875 | I49: 2 | J49: =P49+S49+V49+Y49+AB49+AE49+AH49+AK49+AN49+AQ49+AT49+AW49+AZ49+BC49+BF49+BI49+BL49+BO49+BR49+BU49 -> 0 | L49: =INDEX(Table!M:M,MATCH(E49,Table!F:F,0)) -> 0 | M49: =K49+J49+L49 -> 0 | N49: -2.1818182 | O49: 2 | Q49: 3.1375 | R49: 2 | T49: -7 | U49: 0 | W49: -4.5 | X49: 1 | Z49: -4.7 | AA49: 1 | AC49: -0.875 | AD49: 2 | BV49: =BS49+BP49+BM49+BJ49+BG49+BD49+BA49+AX49+AU49+AR49+AO49+AL49+AI49+AF49+AC49+Z49+W49+T49+Q49+N49 -> -16.119318 | BW49: =BT49+BQ49+BN49+BK49+BH49+BE49+BB49+AY49+AV49+AS49+AP49+AM49+AJ49+AG49+AD49+AA49+X49+U49+R49+O49 -> 8 | BX49: =BU49+BR49+BO49+BL49+BI49+BF49+BC49+AZ49+AW49+AT49+AQ49+AN49+AK49+AH49+AE49+AB49+Y49+V49+S49+P49 -> 0
A50: =_xlfn.RANK.EQ(F50,totalscores,0) -> 20 | B50: =_xlfn.RANK.EQ(H50,thisweekscore,0) -> 10 | D50: =INDEX(Table!E:E,MATCH(E50,Table!F:F,0)) -> B | E50: Tom Robinson | F50: =+N50+Q50+T50+W50+Z50+AC50+AF50+AI50+AL50+AO50+AR50+AU50+AX50+BA50+BD50+BG50+BJ50+BM50+BP50+BS50 -> -14.828409 | G50: =+O50+R50+U50+X50+AA50+AD50+AG50+AJ50+AM50+AP50+AS50+AV50+AY50+BB50+BE50+BH50+BK50+BN50+BQ50+BT50 -> 8 | H50: 2.25 | I50: 2 | J50: =P50+S50+V50+Y50+AB50+AE50+AH50+AK50+AN50+AQ50+AT50+AW50+AZ50+BC50+BF50+BI50+BL50+BO50+BR50+BU50 -> 0 | L50: =INDEX(Table!M:M,MATCH(E50,Table!F:F,0)) -> 0 | M50: =K50+J50+L50 -> 0 | N50: -3.6 | O50: 1 | Q50: -5.0909091 | R50: 1 | T50: -2.8 | U50: 1 | W50: -5.15 | X50: 1 | Z50: -0.4375 | AA50: 2 | AC50: 2.25 | AD50: 2 | BV50: =BS50+BP50+BM50+BJ50+BG50+BD50+BA50+AX50+AU50+AR50+AO50+AL50+AI50+AF50+AC50+Z50+W50+T50+Q50+N50 -> -14.828409 | BW50: =BT50+BQ50+BN50+BK50+BH50+BE50+BB50+AY50+AV50+AS50+AP50+AM50+AJ50+AG50+AD50+AA50+X50+U50+R50+O50 -> 8 | BX50: =BU50+BR50+BO50+BL50+BI50+BF50+BC50+AZ50+AW50+AT50+AQ50+AN50+AK50+AH50+AE50+AB50+Y50+V50+S50+P50 -> 0
A51: =_xlfn.RANK.EQ(F51,totalscores,0) -> 16 | B51: =_xlfn.RANK.EQ(H51,thisweekscore,0) -> 29 | D51: =INDEX(Table!E:E,MATCH(E51,Table!F:F,0)) -> B | E51: Vinny Topping | F51: =+N51+Q51+T51+W51+Z51+AC51+AF51+AI51+AL51+AO51+AR51+AU51+AX51+BA51+BD51+BG51+BJ51+BM51+BP51+BS51 -> -11.387727 | G51: =+O51+R51+U51+X51+AA51+AD51+AG51+AJ51+AM51+AP51+AS51+AV51+AY51+BB51+BE51+BH51+BK51+BN51+BQ51+BT51 -> 7 | H51: -5.2727273 | I51: 1 | J51: =P51+S51+V51+Y51+AB51+AE51+AH51+AK51+AN51+AQ51+AT51+AW51+AZ51+BC51+BF51+BI51+BL51+BO51+BR51+BU51 -> 5 | L51: =INDEX(Table!M:M,MATCH(E51,Table!F:F,0)) -> 4.725 | M51: =K51+J51+L51 -> 9.725 | N51: 4.915 | O51: 2 | P51: 5 | Q51: 1.12 | R51: 2 | T51: -0.85 | U51: 1 | W51: -7 | X51: 0 | Z51: -4.3 | AA51: 1 | AC51: -5.2727273 | AD51: 1 | BV51: =BS51+BP51+BM51+BJ51+BG51+BD51+BA51+AX51+AU51+AR51+AO51+AL51+AI51+AF51+AC51+Z51+W51+T51+Q51+N51 -> -11.387727 | BW51: =BT51+BQ51+BN51+BK51+BH51+BE51+BB51+AY51+AV51+AS51+AP51+AM51+AJ51+AG51+AD51+AA51+X51+U51+R51+O51 -> 7 | BX51: =BU51+BR51+BO51+BL51+BI51+BF51+BC51+AZ51+AW51+AT51+AQ51+AN51+AK51+AH51+AE51+AB51+Y51+V51+S51+P51 -> 5
J53: =SUM(J2:J51) -> 150 | K53: =SUM(K2:K51) -> 0 | P53: =SUM(P2:P51) -> 25 | S53: =SUM(S2:S51) -> 25 | V53: =SUM(V2:V51) -> 25 | Y53: =SUM(Y2:Y48) -> 25 | AB53: =SUM(AB2:AB48) -> 25 | AE53: =SUM(AE2:AE47) -> 25 | AH53: =SUM(AH2:AH47) -> 0 | AK53: =SUM(AK2:AK47) -> 0 | AN53: =SUM(AN2:AN47) -> 0 | AQ53: =SUM(AQ2:AQ47) -> 0 | AT53: =SUM(AT2:AT47) -> 0 | AW53: =SUM(AW2:AW47) -> 0 | AZ53: =SUM(AZ2:AZ47) -> 0 | BC53: =SUM(BC2:BC47) -> 0 | BF53: =SUM(BF2:BF47) -> 0 | BI53: =SUM(BI2:BI47) -> 0 | BL53: =SUM(BL2:BL47) -> 0 | BO53: =SUM(BO2:BO47) -> 0 | BR53: =SUM(BR2:BR47) -> 0 | BU53: =SUM(BU2:BU47) -> 0 | BX53: =SUM(BX2:BX47) -> 125

Sheet Table
A1: =CONCATENATE(CurrentSeason,"/Week ",CurrentWeek) -> PL48/Week 06 | B1: Place Prize | C1: Promotion/ Relegation | D1: Pos | E1: PL48 Div | F1: Player | G1: PL49 Div | H1: ↓ | I1: Total Score | J1: Total correct | K1: Week Score | L1: Week Correct | M1: League Place Prize | N1: Weekly Prizes | O1: Cup Prize | P1: Total Prize | Q1: This Week Max | R1: This Week Actual | S1: Inactive This Season: | T1: =COUNTIF(S:S,"N") -> 0
A2: Division A | B2: =CONCATENATE(E2,D2) -> A1 | C2: ↔ | D2: 1 | E2: A | F2: Paul Barnes | G2: A | I2: =INDEX(Weekly!F:F,MATCH($F2,Weekly!$E:$E,0)) -> 3.8594444 | J2: =INDEX(Weekly!G:G,MATCH($F2,Weekly!$E:$E,0)) -> 9 | K2: =INDEX(Weekly!H:H,MATCH($F2,Weekly!$E:$E,0)) -> 15.625 | L2: =INDEX(Weekly!I:I,MATCH($F2,Weekly!$E:$E,0)) -> 3 | M2: =INDEX(Prizes!F:F,MATCH($B2,Prizes!A:A,0)) -> 78.75 | N2: =INDEX(Weekly!J:J,MATCH($F2,Weekly!$E:$E,0)) -> 5 | O2: =INDEX(Weekly!K:K,MATCH($F2,Weekly!$E:$E,0)) -> 0 | P2: =INDEX(Weekly!M:M,MATCH($F2,Weekly!$E:$E,0)) -> 83.75 | Q2: =INDEX(Picks!J:J,MATCH(F2,Picks!A:A,0)) -> 15.625 | R2: =INDEX(Picks!I:I,MATCH(F2,Picks!A:A,0)) -> 15.625
B3: =CONCATENATE(E3,D3) -> A2 | C3: ↔ | D3: 2 | E3: A | F3: Howard Bradley | G3: A | I3: =INDEX(Weekly!F:F,MATCH($F3,Weekly!$E:$E,0)) -> 1.9 | J3: =INDEX(Weekly!G:G,MATCH($F3,Weekly!$E:$E,0)) -> 10 | K3: =INDEX(Weekly!H:H,MATCH($F3,Weekly!$E:$E,0)) -> -2.375 | L3: =INDEX(Weekly!I:I,MATCH($F3,Weekly!$E:$E,0)) -> 2 | M3: =INDEX(Prizes!F:F,MATCH($B3,Prizes!A:A,0)) -> 56.25 | N3: =INDEX(Weekly!J:J,MATCH($F3,Weekly!$E:$E,0)) -> 5 | O3: =INDEX(Weekly!K:K,MATCH($F3,Weekly!$E:$E,0)) -> 0 | P3: =INDEX(Weekly!M:M,MATCH($F3,Weekly!$E:$E,0)) -> 61.25 | Q3: =INDEX(Picks!J:J,MATCH(F3,Picks!A:A,0)) -> 5.2954545 | R3: =INDEX(Picks!I:I,MATCH(F3,Picks!A:A,0)) -> -2.375
B4: =CONCATENATE(E4,D4) -> A3 | C4: ↔ | D4: 3 | E4: A | F4: Rob England | G4: A | I4: =INDEX(Weekly!F:F,MATCH($F4,Weekly!$E:$E,0)) -> -8.6989177 | J4: =INDEX(Weekly!G:G,MATCH($F4,Weekly!$E:$E,0)) -> 11 | K4: =INDEX(Weekly!H:H,MATCH($F4,Weekly!$E:$E,0)) -> -5.6363636 | L4: =INDEX(Weekly!I:I,MATCH($F4,Weekly!$E:$E,0)) -> 1 | M4: =INDEX(Prizes!F:F,MATCH($B4,Prizes!A:A,0)) -> 40.5 | N4: =INDEX(Weekly!J:J,MATCH($F4,Weekly!$E:$E,0)) -> 0 | O4: =INDEX(Weekly!K:K,MATCH($F4,Weekly!$E:$E,0)) -> 0 | P4: =INDEX(Weekly!M:M,MATCH($F4,Weekly!$E:$E,0)) -> 40.5 | Q4: =INDEX(Picks!J:J,MATCH(F4,Picks!A:A,0)) -> 9.3090909 | R4: =INDEX(Picks!I:I,MATCH(F4,Picks!A:A,0)) -> -5.6363636 | U4: Promotion and Relegation Key
B5: =CONCATENATE(E5,D5) -> A4 | C5: ↔ | D5: 4 | E5: A | F5: Nigel Heyes | G5: A | I5: =INDEX(Weekly!F:F,MATCH($F5,Weekly!$E:$E,0)) -> -10.369008 | J5: =INDEX(Weekly!G:G,MATCH($F5,Weekly!$E:$E,0)) -> 6 | K5: =INDEX(Weekly!H:H,MATCH($F5,Weekly!$E:$E,0)) -> -7 | L5: =INDEX(Weekly!I:I,MATCH($F5,Weekly!$E:$E,0)) -> 0 | M5: =INDEX(Prizes!F:F,MATCH($B5,Prizes!A:A,0)) -> 27 | N5: =INDEX(Weekly!J:J,MATCH($F5,Weekly!$E:$E,0)) -> 10 | O5: =INDEX(Weekly!K:K,MATCH($F5,Weekly!$E:$E,0)) -> 0 | P5: =INDEX(Weekly!M:M,MATCH($F5,Weekly!$E:$E,0)) -> 37 | Q5: =INDEX(Picks!J:J,MATCH(F5,Picks!A:A,0)) -> 21.78325 | R5: =INDEX(Picks!I:I,MATCH(F5,Picks!A:A,0)) -> -7 | U5: No change
B6: =CONCATENATE(E6,D6) -> A5 | C6: ↔ | D6: 5 | E6: A | F6: Nick Blocksidge | G6: A | I6: =INDEX(Weekly!F:F,MATCH($F6,Weekly!$E:$E,0)) -> -12.149351 | J6: =INDEX(Weekly!G:G,MATCH($F6,Weekly!$E:$E,0)) -> 10 | K6: =INDEX(Weekly!H:H,MATCH($F6,Weekly!$E:$E,0)) -> -2.0909091 | L6: =INDEX(Weekly!I:I,MATCH($F6,Weekly!$E:$E,0)) -> 2 | M6: =INDEX(Prizes!F:F,MATCH($B6,Prizes!A:A,0)) -> 15.75 | N6: =INDEX(Weekly!J:J,MATCH($F6,Weekly!$E:$E,0)) -> 0 | O6: =INDEX(Weekly!K:K,MATCH($F6,Weekly!$E:$E,0)) -> 0 | P6: =INDEX(Weekly!M:M,MATCH($F6,Weekly!$E:$E,0)) -> 15.75 | Q6: =INDEX(Picks!J:J,MATCH(F6,Picks!A:A,0)) -> 18 | R6: =INDEX(Picks!I:I,MATCH(F6,Picks!A:A,0)) -> -2.0909091 | U6: Promoted to Division above
B7: =CONCATENATE(E7,D7) -> A6 | C7: ↔ | D7: 6 | E7: A | F7: Alan Rogers | G7: A | I7: =INDEX(Weekly!F:F,MATCH($F7,Weekly!$E:$E,0)) -> -14.09 | J7: =INDEX(Weekly!G:G,MATCH($F7,Weekly!$E:$E,0)) -> 6 | K7: =INDEX(Weekly!H:H,MATCH($F7,Weekly!$E:$E,0)) -> 9.16 | L7: =INDEX(Weekly!I:I,MATCH($F7,Weekly!$E:$E,0)) -> 2 | M7: =INDEX(Prizes!F:F,MATCH($B7,Prizes!A:A,0)) -> 6.75 | N7: =INDEX(Weekly!J:J,MATCH($F7,Weekly!$E:$E,0)) -> 0 | O7: =INDEX(Weekly!K:K,MATCH($F7,Weekly!$E:$E,0)) -> 0 | P7: =INDEX(Weekly!M:M,MATCH($F7,Weekly!$E:$E,0)) -> 6.75 | Q7: =INDEX(Picks!J:J,MATCH(F7,Picks!A:A,0)) -> 44.338 | R7: =INDEX(Picks!I:I,MATCH(F7,Picks!A:A,0)) -> 9.16 | U7: Relegated to Division below
B8: =CONCATENATE(E8,D8) -> A7 | C8: ↔ | D8: 7 | E8: A | F8: Steve Carter | G8: A | I8: =INDEX(Weekly!F:F,MATCH($F8,Weekly!$E:$E,0)) -> -15.678889 | J8: =INDEX(Weekly!G:G,MATCH($F8,Weekly!$E:$E,0)) -> 8 | K8: =INDEX(Weekly!H:H,MATCH($F8,Weekly!$E:$E,0)) -> 2.71 | L8: =INDEX(Weekly!I:I,MATCH($F8,Weekly!$E:$E,0)) -> 2 | M8: =INDEX(Prizes!F:F,MATCH($B8,Prizes!A:A,0)) -> 0 | N8: =INDEX(Weekly!J:J,MATCH($F8,Weekly!$E:$E,0)) -> 0 | O8: =INDEX(Weekly!K:K,MATCH($F8,Weekly!$E:$E,0)) -> 0 | P8: =INDEX(Weekly!M:M,MATCH($F8,Weekly!$E:$E,0)) -> 0 | Q8: =INDEX(Picks!J:J,MATCH(F8,Picks!A:A,0)) -> 40.195 | R8: =INDEX(Picks!I:I,MATCH(F8,Picks!A:A,0)) -> 2.71 | U8: Best two up to Div A, Worst two down to Div B
B9: =CONCATENATE(E9,D9) -> A8 | C9: ↔ | D9: 8 | E9: A | F9: Kevin Carter | G9: A | I9: =INDEX(Weekly!F:F,MATCH($F9,Weekly!$E:$E,0)) -> -16.982063 | J9: =INDEX(Weekly!G:G,MATCH($F9,Weekly!$E:$E,0)) -> 8 | K9: =INDEX(Weekly!H:H,MATCH($F9,Weekly!$E:$E,0)) -> -5.35 | L9: =INDEX(Weekly!I:I,MATCH($F9,Weekly!$E:$E,0)) -> 1 | M9: =INDEX(Prizes!F:F,MATCH($B9,Prizes!A:A,0)) -> 0 | N9: =INDEX(Weekly!J:J,MATCH($F9,Weekly!$E:$E,0)) -> 0 | O9: =INDEX(Weekly!K:K,MATCH($F9,Weekly!$E:$E,0)) -> 0 | P9: =INDEX(Weekly!M:M,MATCH($F9,Weekly!$E:$E,0)) -> 0 | Q9: =INDEX(Picks!J:J,MATCH(F9,Picks!A:A,0)) -> 11.059615 | R9: =INDEX(Picks!I:I,MATCH(F9,Picks!A:A,0)) -> -5.35 | U9: Best two up to Div B, Worst two down to Div C
B10: =CONCATENATE(E10,D10) -> A9 | C10: Play-off | D10: 9 | E10: A | F10: Mike Penk | G10: A | I10: =INDEX(Weekly!F:F,MATCH($F10,Weekly!$E:$E,0)) -> -18.336364 | J10: =INDEX(Weekly!G:G,MATCH($F10,Weekly!$E:$E,0)) -> 6 | K10: =INDEX(Weekly!H:H,MATCH($F10,Weekly!$E:$E,0)) -> -4.8 | L10: =INDEX(Weekly!I:I,MATCH($F10,Weekly!$E:$E,0)) -> 1 | M10: =INDEX(Prizes!F:F,MATCH($B10,Prizes!A:A,0)) -> 0 | N10: =INDEX(Weekly!J:J,MATCH($F10,Weekly!$E:$E,0)) -> 0 | O10: =INDEX(Weekly!K:K,MATCH($F10,Weekly!$E:$E,0)) -> 0 | P10: =INDEX(Weekly!M:M,MATCH($F10,Weekly!$E:$E,0)) -> 0 | Q10: =INDEX(Picks!J:J,MATCH(F10,Picks!A:A,0)) -> 20.672 | R10: =INDEX(Picks!I:I,MATCH(F10,Picks!A:A,0)) -> -4.8 | U10: Best two up to Div C, Worst two down to Div D
B11: =CONCATENATE(E11,D11) -> A10 | C11: Play-off | D11: 10 | E11: A | F11: Lennie Bow | G11: A | I11: =INDEX(Weekly!F:F,MATCH($F11,Weekly!$E:$E,0)) -> -20.414797 | J11: =INDEX(Weekly!G:G,MATCH($F11,Weekly!$E:$E,0)) -> 8 | K11: =INDEX(Weekly!H:H,MATCH($F11,Weekly!$E:$E,0)) -> -7 | L11: =INDEX(Weekly!I:I,MATCH($F11,Weekly!$E:$E,0)) -> 0 | M11: =INDEX(Prizes!F:F,MATCH($B11,Prizes!A:A,0)) -> 0 | N11: =INDEX(Weekly!J:J,MATCH($F11,Weekly!$E:$E,0)) -> 0 | O11: =INDEX(Weekly!K:K,MATCH($F11,Weekly!$E:$E,0)) -> 0 | P11: =INDEX(Weekly!M:M,MATCH($F11,Weekly!$E:$E,0)) -> 0 | Q11: =INDEX(Picks!J:J,MATCH(F11,Picks!A:A,0)) -> 12.498077 | R11: =INDEX(Picks!I:I,MATCH(F11,Picks!A:A,0)) -> -7
B12: =CONCATENATE(E12,D12) -> A11 | C12: ↓ | D12: 11 | E12: A | F12: Barry Birchall | G12: A | I12: =INDEX(Weekly!F:F,MATCH($F12,Weekly!$E:$E,0)) -> -25.903182 | J12: =INDEX(Weekly!G:G,MATCH($F12,Weekly!$E:$E,0)) -> 6 | K12: =INDEX(Weekly!H:H,MATCH($F12,Weekly!$E:$E,0)) -> -5.6363636 | L12: =INDEX(Weekly!I:I,MATCH($F12,Weekly!$E:$E,0)) -> 1 | M12: =INDEX(Prizes!F:F,MATCH($B12,Prizes!A:A,0)) -> 0 | N12: =INDEX(Weekly!J:J,MATCH($F12,Weekly!$E:$E,0)) -> 0 | O12: =INDEX(Weekly!K:K,MATCH($F12,Weekly!$E:$E,0)) -> 0 | P12: =INDEX(Weekly!M:M,MATCH($F12,Weekly!$E:$E,0)) -> 0 | Q12: =INDEX(Picks!J:J,MATCH(F12,Picks!A:A,0)) -> 10.854545 | R12: =INDEX(Picks!I:I,MATCH(F12,Picks!A:A,0)) -> -5.6363636
B13: =CONCATENATE(E13,D13) -> A12 | C13: ↓ | D13: 12 | E13: A | F13: Simon Greenhalgh | G13: A | I13: =INDEX(Weekly!F:F,MATCH($F13,Weekly!$E:$E,0)) -> -27.5 | J13: =INDEX(Weekly!G:G,MATCH($F13,Weekly!$E:$E,0)) -> 6 | K13: =INDEX(Weekly!H:H,MATCH($F13,Weekly!$E:$E,0)) -> -1.75 | L13: =INDEX(Weekly!I:I,MATCH($F13,Weekly!$E:$E,0)) -> 2 | M13: =INDEX(Prizes!F:F,MATCH($B13,Prizes!A:A,0)) -> 0 | N13: =INDEX(Weekly!J:J,MATCH($F13,Weekly!$E:$E,0)) -> 0 | O13: =INDEX(Weekly!K:K,MATCH($F13,Weekly!$E:$E,0)) -> 0 | P13: =INDEX(Weekly!M:M,MATCH($F13,Weekly!$E:$E,0)) -> 0 | Q13: =INDEX(Picks!J:J,MATCH(F13,Picks!A:A,0)) -> 8.3461538 | R13: =INDEX(Picks!I:I,MATCH(F13,Picks!A:A,0)) -> -1.75
B14: =CONCATENATE(E14,D14) -> A13 | C14: ↓ | D14: 13 | E14: A | F14: Alan White | G14: A | I14: =INDEX(Weekly!F:F,MATCH($F14,Weekly!$E:$E,0)) -> -29.356364 | J14: =INDEX(Weekly!G:G,MATCH($F14,Weekly!$E:$E,0)) -> 4 | K14: =INDEX(Weekly!H:H,MATCH($F14,Weekly!$E:$E,0)) -> -5.6363636 | L14: =INDEX(Weekly!I:I,MATCH($F14,Weekly!$E:$E,0)) -> 1 | M14: =INDEX(Prizes!F:F,MATCH($B14,Prizes!A:A,0)) -> 0 | N14: =INDEX(Weekly!J:J,MATCH($F14,Weekly!$E:$E,0)) -> 0 | O14: =INDEX(Weekly!K:K,MATCH($F14,Weekly!$E:$E,0)) -> 0 | P14: =INDEX(Weekly!M:M,MATCH($F14,Weekly!$E:$E,0)) -> 0 | Q14: =INDEX(Picks!J:J,MATCH(F14,Picks!A:A,0)) -> 10.854545 | R14: =INDEX(Picks!I:I,MATCH(F14,Picks!A:A,0)) -> -5.6363636
B15: =CONCATENATE(E15,D15) -> A14 | C15: ↓ | D15: 14 | E15: A | F15: Gareth Powell | G15: A | I15: =INDEX(Weekly!F:F,MATCH($F15,Weekly!$E:$E,0)) -> -32.25 | J15: =INDEX(Weekly!G:G,MATCH($F15,Weekly!$E:$E,0)) -> 4 | K15: =INDEX(Weekly!H:H,MATCH($F15,Weekly!$E:$E,0)) -> -7 | L15: =INDEX(Weekly!I:I,MATCH($F15,Weekly!$E:$E,0)) -> 0 | M15: =INDEX(Prizes!F:F,MATCH($B15,Prizes!A:A,0)) -> 0 | N15: =INDEX(Weekly!J:J,MATCH($F15,Weekly!$E:$E,0)) -> 0 | O15: =INDEX(Weekly!K:K,MATCH($F15,Weekly!$E:$E,0)) -> 0 | P15: =INDEX(Weekly!M:M,MATCH($F15,Weekly!$E:$E,0)) -> 0 | Q15: =INDEX(Picks!J:J,MATCH(F15,Picks!A:A,0)) -> 65.5 | R15: =INDEX(Picks!I:I,MATCH(F15,Picks!A:A,0)) -> -7
B16: =CONCATENATE(E16,D16) -> A15 | C16: ↓ | D16: 15 | E16: A | F16: Mark Bunn | G16: A | I16: =INDEX(Weekly!F:F,MATCH($F16,Weekly!$E:$E,0)) -> -32.55 | J16: =INDEX(Weekly!G:G,MATCH($F16,Weekly!$E:$E,0)) -> 4 | K16: =INDEX(Weekly!H:H,MATCH($F16,Weekly!$E:$E,0)) -> -4.6 | L16: =INDEX(Weekly!I:I,MATCH($F16,Weekly!$E:$E,0)) -> 1 | M16: =INDEX(Prizes!F:F,MATCH($B16,Prizes!A:A,0)) -> 0 | N16: =INDEX(Weekly!J:J,MATCH($F16,Weekly!$E:$E,0)) -> 0 | O16: =INDEX(Weekly!K:K,MATCH($F16,Weekly!$E:$E,0)) -> 0 | P16: =INDEX(Weekly!M:M,MATCH($F16,Weekly!$E:$E,0)) -> 0 | Q16: =INDEX(Picks!J:J,MATCH(F16,Picks!A:A,0)) -> 34.517 | R16: =INDEX(Picks!I:I,MATCH(F16,Picks!A:A,0)) -> -4.6
B17: =CONCATENATE(E17,D17) -> A16 | C17: ↓ | D17: 16 | E17: A | F17: Paul Allen | G17: A | I17: =INDEX(Weekly!F:F,MATCH($F17,Weekly!$E:$E,0)) -> -38.678571 | J17: =INDEX(Weekly!G:G,MATCH($F17,Weekly!$E:$E,0)) -> 2 | K17: =INDEX(Weekly!H:H,MATCH($F17,Weekly!$E:$E,0)) -> -7 | L17: =INDEX(Weekly!I:I,MATCH($F17,Weekly!$E:$E,0)) -> 0 | M17: =INDEX(Prizes!F:F,MATCH($B17,Prizes!A:A,0)) -> 0 | N17: =INDEX(Weekly!J:J,MATCH($F17,Weekly!$E:$E,0)) -> 0 | O17: =INDEX(Weekly!K:K,MATCH($F17,Weekly!$E:$E,0)) -> 0 | P17: =INDEX(Weekly!M:M,MATCH($F17,Weekly!$E:$E,0)) -> 0 | Q17: =INDEX(Picks!J:J,MATCH(F17,Picks!A:A,0)) -> 69.572 | R17: =INDEX(Picks!I:I,MATCH(F17,Picks!A:A,0)) -> -7
A18: Division B | B18: =CONCATENATE(E18,D18) -> B1 | C18: ↑ | D18: 1 | E18: B | F18: Paul Fairhurst | G18: B | I18: =INDEX(Weekly!F:F,MATCH($F18,Weekly!$E:$E,0)) -> 36.95 | J18: =INDEX(Weekly!G:G,MATCH($F18,Weekly!$E:$E,0)) -> 11 | K18: =INDEX(Weekly!H:H,MATCH($F18,Weekly!$E:$E,0)) -> 16.99 | L18: =INDEX(Weekly!I:I,MATCH($F18,Weekly!$E:$E,0)) -> 3 | M18: =INDEX(Prizes!F:F,MATCH($B18,Prizes!A:A,0)) -> 55.125 | N18: =INDEX(Weekly!J:J,MATCH($F18,Weekly!$E:$E,0)) -> 25 | O18: =INDEX(Weekly!K:K,MATCH($F18,Weekly!$E:$E,0)) -> 0 | P18: =INDEX(Weekly!M:M,MATCH($F18,Weekly!$E:$E,0)) -> 80.125 | Q18: =INDEX(Picks!J:J,MATCH(F18,Picks!A:A,0)) -> 16.99 | R18: =INDEX(Picks!I:I,MATCH(F18,Picks!A:A,0)) -> 16.99
B19: =CONCATENATE(E19,D19) -> B2 | C19: ↑ | D19: 2 | E19: B | F19: Phil Miller | G19: B | I19: =INDEX(Weekly!F:F,MATCH($F19,Weekly!$E:$E,0)) -> 22.785086 | J19: =INDEX(Weekly!G:G,MATCH($F19,Weekly!$E:$E,0)) -> 10 | K19: =INDEX(Weekly!H:H,MATCH($F19,Weekly!$E:$E,0)) -> -1.4 | L19: =INDEX(Weekly!I:I,MATCH($F19,Weekly!$E:$E,0)) -> 2 | M19: =INDEX(Prizes!F:F,MATCH($B19,Prizes!A:A,0)) -> 39.375 | N19: =INDEX(Weekly!J:J,MATCH($F19,Weekly!$E:$E,0)) -> 15 | O19: =INDEX(Weekly!K:K,MATCH($F19,Weekly!$E:$E,0)) -> 0 | P19: =INDEX(Weekly!M:M,MATCH($F19,Weekly!$E:$E,0)) -> 54.375 | Q19: =INDEX(Picks!J:J,MATCH(F19,Picks!A:A,0)) -> 7.0857143 | R19: =INDEX(Picks!I:I,MATCH(F19,Picks!A:A,0)) -> -1.4
B20: =CONCATENATE(E20,D20) -> B3 | C20: ↑ | D20: 3 | E20: B | F20: Frank Allen | G20: B | I20: =INDEX(Weekly!F:F,MATCH($F20,Weekly!$E:$E,0)) -> 6.2209091 | J20: =INDEX(Weekly!G:G,MATCH($F20,Weekly!$E:$E,0)) -> 10 | K20: =INDEX(Weekly!H:H,MATCH($F20,Weekly!$E:$E,0)) -> 0.59090909 | L20: =INDEX(Weekly!I:I,MATCH($F20,Weekly!$E:$E,0)) -> 2 | M20: =INDEX(Prizes!F:F,MATCH($B20,Prizes!A:A,0)) -> 28.35 | N20: =INDEX(Weekly!J:J,MATCH($F20,Weekly!$E:$E,0)) -> 5 | O20: =INDEX(Weekly!K:K,MATCH($F20,Weekly!$E:$E,0)) -> 0 | P20: =INDEX(Weekly!M:M,MATCH($F20,Weekly!$E:$E,0)) -> 33.35 | Q20: =INDEX(Picks!J:J,MATCH(F20,Picks!A:A,0)) -> 29.8 | R20: =INDEX(Picks!I:I,MATCH(F20,Picks!A:A,0)) -> 0.59090909
B21: =CONCATENATE(E21,D21) -> B4 | C21: ↑ | D21: 4 | E21: B | F21: Gerard Ventom | G21: B | I21: =INDEX(Weekly!F:F,MATCH($F21,Weekly!$E:$E,0)) -> 0.775 | J21: =INDEX(Weekly!G:G,MATCH($F21,Weekly!$E:$E,0)) -> 6 | K21: =INDEX(Weekly!H:H,MATCH($F21,Weekly!$E:$E,0)) -> 9.6 | L21: =INDEX(Weekly!I:I,MATCH($F21,Weekly!$E:$E,0)) -> 2 | M21: =INDEX(Prizes!F:F,MATCH($B21,Prizes!A:A,0)) -> 18.9 | N21: =INDEX(Weekly!J:J,MATCH($F21,Weekly!$E:$E,0)) -> 12.5 | O21: =INDEX(Weekly!K:K,MATCH($F21,Weekly!$E:$E,0)) -> 0 | P21: =INDEX(Weekly!M:M,MATCH($F21,Weekly!$E:$E,0)) -> 31.4 | Q21: =INDEX(Picks!J:J,MATCH(F21,Picks!A:A,0)) -> 53.6 | R21: =INDEX(Picks!I:I,MATCH(F21,Picks!A:A,0)) -> 9.6
B22: =CONCATENATE(E22,D22) -> B5 | C22: ↑ | D22: 5 | E22: B | F22: Mark Saunders | G22: B | I22: =INDEX(Weekly!F:F,MATCH($F22,Weekly!$E:$E,0)) -> -9.7723214 | J22: =INDEX(Weekly!G:G,MATCH($F22,Weekly!$E:$E,0)) -> 7 | K22: =INDEX(Weekly!H:H,MATCH($F22,Weekly!$E:$E,0)) -> 14.65625 | L22: =INDEX(Weekly!I:I,MATCH($F22,Weekly!$E:$E,0)) -> 3 | M22: =INDEX(Prizes!F:F,MATCH($B22,Prizes!A:A,0)) -> 11.025 | N22: =INDEX(Weekly!J:J,MATCH($F22,Weekly!$E:$E,0)) -> 5 | O22: =INDEX(Weekly!K:K,MATCH($F22,Weekly!$E:$E,0)) -> 0 | P22: =INDEX(Weekly!M:M,MATCH($F22,Weekly!$E:$E,0)) -> 16.025 | Q22: =INDEX(Picks!J:J,MATCH(F22,Picks!A:A,0)) -> 14.65625 | R22: =INDEX(Picks!I:I,MATCH(F22,Picks!A:A,0)) -> 14.65625
B23: =CONCATENATE(E23,D23) -> B6 | C23: ↑ | D23: 6 | E23: B | F23: Vinny Topping | G23: B | I23: =INDEX(Weekly!F:F,MATCH($F23,Weekly!$E:$E,0)) -> -11.387727 | J23: =INDEX(Weekly!G:G,MATCH($F23,Weekly!$E:$E,0)) -> 7 | K23: =INDEX(Weekly!H:H,MATCH($F23,Weekly!$E:$E,0)) -> -5.2727273 | L23: =INDEX(Weekly!I:I,MATCH($F23,Weekly!$E:$E,0)) -> 1 | M23: =INDEX(Prizes!F:F,MATCH($B23,Prizes!A:A,0)) -> 4.725 | N23: =INDEX(Weekly!J:J,MATCH($F23,Weekly!$E:$E,0)) -> 5 | O23: =INDEX(Weekly!K:K,MATCH($F23,Weekly!$E:$E,0)) -> 0 | P23: =INDEX(Weekly!M:M,MATCH($F23,Weekly!$E:$E,0)) -> 9.725 | Q23: =INDEX(Picks!J:J,MATCH(F23,Picks!A:A,0)) -> 15.706818 | R23: =INDEX(Picks!I:I,MATCH(F23,Picks!A:A,0)) -> -5.2727273
B24: =CONCATENATE(E24,D24) -> B7 | C24: Play-off | D24: 7 | E24: B | F24: Tom Robinson | G24: B | I24: =INDEX(Weekly!F:F,MATCH($F24,Weekly!$E:$E,0)) -> -14.828409 | J24: =INDEX(Weekly!G:G,MATCH($F24,Weekly!$E:$E,0)) -> 8 | K24: =INDEX(Weekly!H:H,MATCH($F24,Weekly!$E:$E,0)) -> 2.25 | L24: =INDEX(Weekly!I:I,MATCH($F24,Weekly!$E:$E,0)) -> 2 | M24: =INDEX(Prizes!F:F,MATCH($B24,Prizes!A:A,0)) -> 0 | N24: =INDEX(Weekly!J:J,MATCH($F24,Weekly!$E:$E,0)) -> 0 | O24: =INDEX(Weekly!K:K,MATCH($F24,Weekly!$E:$E,0)) -> 0 | P24: =INDEX(Weekly!M:M,MATCH($F24,Weekly!$E:$E,0)) -> 0 | Q24: =INDEX(Picks!J:J,MATCH(F24,Picks!A:A,0)) -> 21.2125 | R24: =INDEX(Picks!I:I,MATCH(F24,Picks!A:A,0)) -> 2.25
B25: =CONCATENATE(E25,D25) -> B8 | C25: Play-off | D25: 8 | E25: B | F25: Ben Rosser | G25: B | I25: =INDEX(Weekly!F:F,MATCH($F25,Weekly!$E:$E,0)) -> -15.61 | J25: =INDEX(Weekly!G:G,MATCH($F25,Weekly!$E:$E,0)) -> 5 | K25: =INDEX(Weekly!H:H,MATCH($F25,Weekly!$E:$E,0)) -> 5.94 | L25: =INDEX(Weekly!I:I,MATCH($F25,Weekly!$E:$E,0)) -> 2 | M25: =INDEX(Prizes!F:F,MATCH($B25,Prizes!A:A,0)) -> 0 | N25: =INDEX(Weekly!J:J,MATCH($F25,Weekly!$E:$E,0)) -> 0 | O25: =INDEX(Weekly!K:K,MATCH($F25,Weekly!$E:$E,0)) -> 0 | P25: =INDEX(Weekly!M:M,MATCH($F25,Weekly!$E:$E,0)) -> 0 | Q25: =INDEX(Picks!J:J,MATCH(F25,Picks!A:A,0)) -> 42.184 | R25: =INDEX(Picks!I:I,MATCH(F25,Picks!A:A,0)) -> 5.94
B26: =CONCATENATE(E26,D26) -> B9 | C26: Play-off | D26: 9 | E26: B | F26: Jack Walsh | G26: B | I26: =INDEX(Weekly!F:F,MATCH($F26,Weekly!$E:$E,0)) -> -15.649091 | J26: =INDEX(Weekly!G:G,MATCH($F26,Weekly!$E:$E,0)) -> 8 | K26: =INDEX(Weekly!H:H,MATCH($F26,Weekly!$E:$E,0)) -> -4.8 | L26: =INDEX(Weekly!I:I,MATCH($F26,Weekly!$E:$E,0)) -> 1 | M26: =INDEX(Prizes!F:F,MATCH($B26,Prizes!A:A,0)) -> 0 | N26: =INDEX(Weekly!J:J,MATCH($F26,Weekly!$E:$E,0)) -> 0 | O26: =INDEX(Weekly!K:K,MATCH($F26,Weekly!$E:$E,0)) -> 0 | P26: =INDEX(Weekly!M:M,MATCH($F26,Weekly!$E:$E,0)) -> 0 | Q26: =INDEX(Picks!J:J,MATCH(F26,Picks!A:A,0)) -> 22.338462 | R26: =INDEX(Picks!I:I,MATCH(F26,Picks!A:A,0)) -> -4.8
B27: =CONCATENATE(E27,D27) -> B10 | C27: Play-off | D27: 10 | E27: B | F27: Stephen Barr | G27: B | I27: =INDEX(Weekly!F:F,MATCH($F27,Weekly!$E:$E,0)) -> -15.702727 | J27: =INDEX(Weekly!G:G,MATCH($F27,Weekly!$E:$E,0)) -> 6 | K27: =INDEX(Weekly!H:H,MATCH($F27,Weekly!$E:$E,0)) -> -5.2727273 | L27: =INDEX(Weekly!I:I,MATCH($F27,Weekly!$E:$E,0)) -> 1 | M27: =INDEX(Prizes!F:F,MATCH($B27,Prizes!A:A,0)) -> 0 | N27: =INDEX(Weekly!J:J,MATCH($F27,Weekly!$E:$E,0)) -> 5 | O27: =INDEX(Weekly!K:K,MATCH($F27,Weekly!$E:$E,0)) -> 0 | P27: =INDEX(Weekly!M:M,MATCH($F27,Weekly!$E:$E,0)) -> 5 | Q27: =INDEX(Picks!J:J,MATCH(F27,Picks!A:A,0)) -> 13.755245 | R27: =INDEX(Picks!I:I,MATCH(F27,Picks!A:A,0)) -> -5.2727273
B28: =CONCATENATE(E28,D28) -> B11 | C28: ↓ | D28: 11 | E28: B | F28: Dave Bell | G28: B | I28: =INDEX(Weekly!F:F,MATCH($F28,Weekly!$E:$E,0)) -> -17.65 | J28: =INDEX(Weekly!G:G,MATCH($F28,Weekly!$E:$E,0)) -> 4 | K28: =INDEX(Weekly!H:H,MATCH($F28,Weekly!$E:$E,0)) -> 6.35 | L28: =INDEX(Weekly!I:I,MATCH($F28,Weekly!$E:$E,0)) -> 2 | M28: =INDEX(Prizes!F:F,MATCH($B28,Prizes!A:A,0)) -> 0 | N28: =INDEX(Weekly!J:J,MATCH($F28,Weekly!$E:$E,0)) -> 0 | O28: =INDEX(Weekly!K:K,MATCH($F28,Weekly!$E:$E,0)) -> 0 | P28: =INDEX(Weekly!M:M,MATCH($F28,Weekly!$E:$E,0)) -> 0 | Q28: =INDEX(Picks!J:J,MATCH(F28,Picks!A:A,0)) -> 78.1 | R28: =INDEX(Picks!I:I,MATCH(F28,Picks!A:A,0)) -> 6.35
B29: =CONCATENATE(E29,D29) -> B12 | C29: ↓ | D29: 12 | E29: B | F29: Chris Luck | G29: B | I29: =INDEX(Weekly!F:F,MATCH($F29,Weekly!$E:$E,0)) -> -20.5 | J29: =INDEX(Weekly!G:G,MATCH($F29,Weekly!$E:$E,0)) -> 3 | K29: =INDEX(Weekly!H:H,MATCH($F29,Weekly!$E:$E,0)) -> -7 | L29: =INDEX(Weekly!I:I,MATCH($F29,Weekly!$E:$E,0)) -> 0 | M29: =INDEX(Prizes!F:F,MATCH($B29,Prizes!A:A,0)) -> 0 | N29: =INDEX(Weekly!J:J,MATCH($F29,Weekly!$E:$E,0)) -> 5 | O29: =INDEX(Weekly!K:K,MATCH($F29,Weekly!$E:$E,0)) -> 0 | P29: =INDEX(Weekly!M:M,MATCH($F29,Weekly!$E:$E,0)) -> 5 | Q29: =INDEX(Picks!J:J,MATCH(F29,Picks!A:A,0)) -> 26.1775 | R29: =INDEX(Picks!I:I,MATCH(F29,Picks!A:A,0)) -> -7
B30: =CONCATENATE(E30,D30) -> B13 | C30: ↓ | D30: 13 | E30: B | F30: Martin Tarbuck | G30: B | I30: =INDEX(Weekly!F:F,MATCH($F30,Weekly!$E:$E,0)) -> -25.856364 | J30: =INDEX(Weekly!G:G,MATCH($F30,Weekly!$E:$E,0)) -> 5 | K30: =INDEX(Weekly!H:H,MATCH($F30,Weekly!$E:$E,0)) -> -7 | L30: =INDEX(Weekly!I:I,MATCH($F30,Weekly!$E:$E,0)) -> 0 | M30: =INDEX(Prizes!F:F,MATCH($B30,Prizes!A:A,0)) -> 0 | N30: =INDEX(Weekly!J:J,MATCH($F30,Weekly!$E:$E,0)) -> 5 | O30: =INDEX(Weekly!K:K,MATCH($F30,Weekly!$E:$E,0)) -> 0 | P30: =INDEX(Weekly!M:M,MATCH($F30,Weekly!$E:$E,0)) -> 5 | Q30: =INDEX(Picks!J:J,MATCH(F30,Picks!A:A,0)) | R30: =INDEX(Picks!I:I,MATCH(F30,Picks!A:A,0)) -> -10
... B33: =CONCATENATE(E33,D33) -> B16 | C33: ↓ | D33: 16 | E33: B | F33: Chris Griffin | G33: B | I33: =INDEX(Weekly!F:F,MATCH($F33,Weekly!$E:$E,0)) -> -36.518182 | J33: =INDEX(Weekly!G:G,MATCH($F33,Weekly!$E:$E,0)) -> 3 | K33: =INDEX(Weekly!H:H,MATCH($F33,Weekly!$E:$E,0)) -> -7 | L33: =INDEX(Weekly!I:I,MATCH($F33,Weekly!$E:$E,0)) -> 0 | M33: =INDEX(Prizes!F:F,MATCH($B33,Prizes!A:A,0)) -> 0 | N33: =INDEX(Weekly!J:J,MATCH($F33,Weekly!$E:$E,0)) -> 0 | O33: =INDEX(Weekly!K:K,MATCH($F33,Weekly!$E:$E,0)) -> 0 | P33: =INDEX(Weekly!M:M,MATCH($F33,Weekly!$E:$E,0)) -> 0 | Q33: =INDEX(Picks!J:J,MATCH(F33,Picks!A:A,0)) -> 58.748 | R33: =INDEX(Picks!I:I,MATCH(F33,Picks!A:A,0)) -> -7
A34: Division C | B34: =CONCATENATE(E34,D34) -> C1 | C34: ↑ | D34: 1 | E34: C | F34: Steve Waterhouse | G34: C | I34: =INDEX(Weekly!F:F,MATCH($F34,Weekly!$E:$E,0)) -> 32.941796 | J34: =INDEX(Weekly!G:G,MATCH($F34,Weekly!$E:$E,0)) -> 12 | K34: =INDEX(Weekly!H:H,MATCH($F34,Weekly!$E:$E,0)) -> -5.6363636 | L34: =INDEX(Weekly!I:I,MATCH($F34,Weekly!$E:$E,0)) -> 1 | M34: =INDEX(Prizes!F:F,MATCH($B34,Prizes!A:A,0)) -> 23.625 | N34: =INDEX(Weekly!J:J,MATCH($F34,Weekly!$E:$E,0)) -> 20 | O34: =INDEX(Weekly!K:K,MATCH($F34,Weekly!$E:$E,0)) -> 0 | P34: =INDEX(Weekly!M:M,MATCH($F34,Weekly!$E:$E,0)) -> 43.625 | Q34: =INDEX(Picks!J:J,MATCH(F34,Picks!A:A,0)) -> 10.530909 | R34: =INDEX(Picks!I:I,MATCH(F34,Picks!A:A,0)) -> -5.6363636
B35: =CONCATENATE(E35,D35) -> C2 | C35: ↑ | D35: 2 | E35: C | F35: Simon Kimble | G35: C | I35: =INDEX(Weekly!F:F,MATCH($F35,Weekly!$E:$E,0)) -> 17.555 | J35: =INDEX(Weekly!G:G,MATCH($F35,Weekly!$E:$E,0)) -> 9 | K35: =INDEX(Weekly!H:H,MATCH($F35,Weekly!$E:$E,0)) -> -7 | L35: =INDEX(Weekly!I:I,MATCH($F35,Weekly!$E:$E,0)) -> 0 | M35: =INDEX(Prizes!F:F,MATCH($B35,Prizes!A:A,0)) -> 16.875 | N35: =INDEX(Weekly!J:J,MATCH($F35,Weekly!$E:$E,0)) -> 10 | O35: =INDEX(Weekly!K:K,MATCH($F35,Weekly!$E:$E,0)) -> 0 | P35: =INDEX(Weekly!M:M,MATCH($F35,Weekly!$E:$E,0)) -> 26.875 | Q35: =INDEX(Picks!J:J,MATCH(F35,Picks!A:A,0)) -> 50.719 | R35: =INDEX(Picks!I:I,MATCH(F35,Picks!A:A,0)) -> -7
B36: =CONCATENATE(E36,D36) -> C3 | C36: ↑ | D36: 3 | E36: C | F36: Alick Rocca | G36: C | I36: =INDEX(Weekly!F:F,MATCH($F36,Weekly!$E:$E,0)) -> -4.825 | J36: =INDEX(Weekly!G:G,MATCH($F36,Weekly!$E:$E,0)) -> 5 | K36: =INDEX(Weekly!H:H,MATCH($F36,Weekly!$E:$E,0)) -> 9.6 | L36: =INDEX(Weekly!I:I,MATCH($F36,Weekly!$E:$E,0)) -> 2 | M36: =INDEX(Prizes!F:F,MATCH($B36,Prizes!A:A,0)) -> 12.15 | N36: =INDEX(Weekly!J:J,MATCH($F36,Weekly!$E:$E,0)) -> 7.5 | O36: =INDEX(Weekly!K:K,MATCH($F36,Weekly!$E:$E,0)) -> 0 | P36: =INDEX(Weekly!M:M,MATCH($F36,Weekly!$E:$E,0)) -> 19.65 | Q36: =INDEX(Picks!J:J,MATCH(F36,Picks!A:A,0)) -> 72.96 | R36: =INDEX(Picks!I:I,MATCH(F36,Picks!A:A,0)) -> 9.6
B37: =CONCATENATE(E37,D37) -> C4 | C37: ↑ | D37: 4 | E37: C | F37: Dot Bow | G37: C | I37: =INDEX(Weekly!F:F,MATCH($F37,Weekly!$E:$E,0)) -> -8.6601282 | J37: =INDEX(Weekly!G:G,MATCH($F37,Weekly!$E:$E,0)) -> 7 | K37: =INDEX(Weekly!H:H,MATCH($F37,Weekly!$E:$E,0)) -> -5.15 | L37: =INDEX(Weekly!I:I,MATCH($F37,Weekly!$E:$E,0)) -> 1 | M37: =INDEX(Prizes!F:F,MATCH($B37,Prizes!A:A,0)) -> 8.1 | N37: =INDEX(Weekly!J:J,MATCH($F37,Weekly!$E:$E,0)) -> 0 | O37: =INDEX(Weekly!K:K,MATCH($F37,Weekly!$E:$E,0)) -> 0 | P37: =INDEX(Weekly!M:M,MATCH($F37,Weekly!$E:$E,0)) -> 8.1 | Q37: =INDEX(Picks!J:J,MATCH(F37,Picks!A:A,0)) -> 44.725 | R37: =INDEX(Picks!I:I,MATCH(F37,Picks!A:A,0)) -> -5.15
B38: =CONCATENATE(E38,D38) -> C5 | C38: ↑ | D38: 5 | E38: C | F38: Alex Griffin | G38: C | I38: =INDEX(Weekly!F:F,MATCH($F38,Weekly!$E:$E,0)) -> -9.3671901 | J38: =INDEX(Weekly!G:G,MATCH($F38,Weekly!$E:$E,0)) -> 8 | K38: =INDEX(Weekly!H:H,MATCH($F38,Weekly!$E:$E,0)) -> -4.8 | L38: =INDEX(Weekly!I:I,MATCH($F38,Weekly!$E:$E,0)) -> 1 | M38: =INDEX(Prizes!F:F,MATCH($B38,Prizes!A:A,0)) -> 4.725 | N38: =INDEX(Weekly!J:J,MATCH($F38,Weekly!$E:$E,0)) -> 0 | O38: =INDEX(Weekly!K:K,MATCH($F38,Weekly!$E:$E,0)) -> 0 | P38: =INDEX(Weekly!M:M,MATCH($F38,Weekly!$E:$E,0)) -> 4.725 | Q38: =INDEX(Picks!J:J,MATCH(F38,Picks!A:A,0)) -> 17.08 | R38: =INDEX(Picks!I:I,MATCH(F38,Picks!A:A,0)) -> -4.8
B39: =CONCATENATE(E39,D39) -> C6 | C39: ↑ | D39: 6 | E39: C | F39: Alan Bond | G39: C | I39: =INDEX(Weekly!F:F,MATCH($F39,Weekly!$E:$E,0)) -> -10.73 | J39: =INDEX(Weekly!G:G,MATCH($F39,Weekly!$E:$E,0)) -> 6 | K39: =INDEX(Weekly!H:H,MATCH($F39,Weekly!$E:$E,0)) -> -3.9 | L39: =INDEX(Weekly!I:I,MATCH($F39,Weekly!$E:$E,0)) -> 1 | M39: =INDEX(Prizes!F:F,MATCH($B39,Prizes!A:A,0)) -> 2.025 | N39: =INDEX(Weekly!J:J,MATCH($F39,Weekly!$E:$E,0)) -> 5 | O39: =INDEX(Weekly!K:K,MATCH($F39,Weekly!$E:$E,0)) -> 0 | P39: =INDEX(Weekly!M:M,MATCH($F39,Weekly!$E:$E,0)) -> 7.025 | Q39: =INDEX(Picks!J:J,MATCH(F39,Picks!A:A,0)) -> 64.283 | R39: =INDEX(Picks!I:I,MATCH(F39,Picks!A:A,0)) -> -3.9
B40: =CONCATENATE(E40,D40) -> C7 | C40: Play-off | D40: 7 | E40: C | F40: Julie Dodd | G40: C | I40: =INDEX(Weekly!F:F,MATCH($F40,Weekly!$E:$E,0)) -> -12.266477 | J40: =INDEX(Weekly!G:G,MATCH($F40,Weekly!$E:$E,0)) -> 9 | K40: =INDEX(Weekly!H:H,MATCH($F40,Weekly!$E:$E,0)) -> -5.6363636 | L40: =INDEX(Weekly!I:I,MATCH($F40,Weekly!$E:$E,0)) -> 1 | M40: =INDEX(Prizes!F:F,MATCH($B40,Prizes!A:A,0)) -> 0 | N40: =INDEX(Weekly!J:J,MATCH($F40,Weekly!$E:$E,0)) -> 0 | O40: =INDEX(Weekly!K:K,MATCH($F40,Weekly!$E:$E,0)) -> 0 | P40: =INDEX(Weekly!M:M,MATCH($F40,Weekly!$E:$E,0)) -> 0 | Q40: =INDEX(Picks!J:J,MATCH(F40,Picks!A:A,0)) -> 12.545909 | R40: =INDEX(Picks!I:I,MATCH(F40,Picks!A:A,0)) -> -5.6363636
B41: =CONCATENATE(E41,D41) -> C8 | C41: Play-off | D41: 8 | E41: C | F41: Naaman Boyd | G41: C | I41: =INDEX(Weekly!F:F,MATCH($F41,Weekly!$E:$E,0)) -> -15.487619 | J41: =INDEX(Weekly!G:G,MATCH($F41,Weekly!$E:$E,0)) -> 9 | K41: =INDEX(Weekly!H:H,MATCH($F41,Weekly!$E:$E,0)) -> -5.5 | L41: =INDEX(Weekly!I:I,MATCH($F41,Weekly!$E:$E,0)) -> 1 | M41: =INDEX(Prizes!F:F,MATCH($B41,Prizes!A:A,0)) -> 0 | N41: =INDEX(Weekly!J:J,MATCH($F41,Weekly!$E:$E,0)) -> 0 | O41: =INDEX(Weekly!K:K,MATCH($F41,Weekly!$E:$E,0)) -> 0 | P41: =INDEX(Weekly!M:M,MATCH($F41,Weekly!$E:$E,0)) -> 0 | Q41: =INDEX(Picks!J:J,MATCH(F41,Picks!A:A,0)) -> 22.625 | R41: =INDEX(Picks!I:I,MATCH(F41,Picks!A:A,0)) -> -5.5
B42: =CONCATENATE(E42,D42) -> C9 | C42: ↔ | D42: 9 | E42: C | F42: Paul Adderley | G42: C | I42: =INDEX(Weekly!F:F,MATCH($F42,Weekly!$E:$E,0)) -> -16.026616 | J42: =INDEX(Weekly!G:G,MATCH($F42,Weekly!$E:$E,0)) -> 8 | K42: =INDEX(Weekly!H:H,MATCH($F42,Weekly!$E:$E,0)) -> -5.2727273 | L42: =INDEX(Weekly!I:I,MATCH($F42,Weekly!$E:$E,0)) -> 1 | M42: =INDEX(Prizes!F:F,MATCH($B42,Prizes!A:A,0)) -> 0 | N42: =INDEX(Weekly!J:J,MATCH($F42,Weekly!$E:$E,0)) -> 0 | O42: =INDEX(Weekly!K:K,MATCH($F42,Weekly!$E:$E,0)) -> 0 | P42: =INDEX(Weekly!M:M,MATCH($F42,Weekly!$E:$E,0)) -> 0 | Q42: =INDEX(Picks!J:J,MATCH(F42,Picks!A:A,0)) -> 11.972028 | R42: =INDEX(Picks!I:I,MATCH(F42,Picks!A:A,0)) -> -5.2727273
B43: =CONCATENATE(E43,D43) -> C10 | C43: ↔ | D43: 10 | E43: C | F43: Steven Naylor | G43: C | I43: =INDEX(Weekly!F:F,MATCH($F43,Weekly!$E:$E,0)) -> -16.119318 | J43: =INDEX(Weekly!G:G,MATCH($F43,Weekly!$E:$E,0)) -> 8 | K43: =INDEX(Weekly!H:H,MATCH($F43,Weekly!$E:$E,0)) -> -0.875 | L43: =INDEX(Weekly!I:I,MATCH($F43,Weekly!$E:$E,0)) -> 2 | M43: =INDEX(Prizes!F:F,MATCH($B43,Prizes!A:A,0)) -> 0 | N43: =INDEX(Weekly!J:J,MATCH($F43,Weekly!$E:$E,0)) -> 0 | O43: =INDEX(Weekly!K:K,MATCH($F43,Weekly!$E:$E,0)) -> 0 | P43: =INDEX(Weekly!M:M,MATCH($F43,Weekly!$E:$E,0)) -> 0 | Q43: =INDEX(Picks!J:J,MATCH(F43,Picks!A:A,0)) -> 11.95 | R43: =INDEX(Picks!I:I,MATCH(F43,Picks!A:A,0)) -> -0.875
B44: =CONCATENATE(E44,D44) -> C11 | C44: ↔ | D44: 11 | E44: C | F44: David Dunn | G44: C | I44: =INDEX(Weekly!F:F,MATCH($F44,Weekly!$E:$E,0)) -> -17.364545 | J44: =INDEX(Weekly!G:G,MATCH($F44,Weekly!$E:$E,0)) -> 6 | K44: =INDEX(Weekly!H:H,MATCH($F44,Weekly!$E:$E,0)) -> -0.55454545 | L44: =INDEX(Weekly!I:I,MATCH($F44,Weekly!$E:$E,0)) -> 2 | M44: =INDEX(Prizes!F:F,MATCH($B44,Prizes!A:A,0)) -> 0 | N44: =INDEX(Weekly!J:J,MATCH($F44,Weekly!$E:$E,0)) -> 5 | O44: =INDEX(Weekly!K:K,MATCH($F44,Weekly!$E:$E,0)) -> 0 | P44: =INDEX(Weekly!M:M,MATCH($F44,Weekly!$E:$E,0)) -> 5 | Q44: =INDEX(Picks!J:J,MATCH(F44,Picks!A:A,0)) -> 20.292727 | R44: =INDEX(Picks!I:I,MATCH(F44,Picks!A:A,0)) -> -0.55454545
B45: =CONCATENATE(E45,D45) -> C12 | C45: ↔ | D45: 12 | E45: C | F45: Martin Molyneux | G45: C | I45: =INDEX(Weekly!F:F,MATCH($F45,Weekly!$E:$E,0)) -> -19.4025 | J45: =INDEX(Weekly!G:G,MATCH($F45,Weekly!$E:$E,0)) -> 6 | K45: =INDEX(Weekly!H:H,MATCH($F45,Weekly!$E:$E,0)) -> -7 | L45: =INDEX(Weekly!I:I,MATCH($F45,Weekly!$E:$E,0)) -> 0 | M45: =INDEX(Prizes!F:F,MATCH($B45,Prizes!A:A,0)) -> 0 | N45: =INDEX(Weekly!J:J,MATCH($F45,Weekly!$E:$E,0)) -> 0 | O45: =INDEX(Weekly!K:K,MATCH($F45,Weekly!$E:$E,0)) -> 0 | P45: =INDEX(Weekly!M:M,MATCH($F45,Weekly!$E:$E,0)) -> 0 | Q45: =INDEX(Picks!J:J,MATCH(F45,Picks!A:A,0)) | R45: =INDEX(Picks!I:I,MATCH(F45,Picks!A:A,0)) -> -10
B46: C13 | C46: ↔ | D46: 13 | E46: C | F46: Bob Bailey | G46: C | I46: =INDEX(Weekly!F:F,MATCH($F46,Weekly!$E:$E,0)) -> -22.25 | J46: =INDEX(Weekly!G:G,MATCH($F46,Weekly!$E:$E,0)) -> 7 | K46: =INDEX(Weekly!H:H,MATCH($F46,Weekly!$E:$E,0)) -> -4.6 | L46: =INDEX(Weekly!I:I,MATCH($F46,Weekly!$E:$E,0)) -> 1 | M46: =INDEX(Prizes!F:F,MATCH($B46,Prizes!A:A,0)) -> 0 | N46: =INDEX(Weekly!J:J,MATCH($F46,Weekly!$E:$E,0)) -> 0 | O46: =INDEX(Weekly!K:K,MATCH($F46,Weekly!$E:$E,0)) -> 0 | P46: =INDEX(Weekly!M:M,MATCH($F46,Weekly!$E:$E,0)) -> 0 | Q46: =INDEX(Picks!J:J,MATCH(F46,Picks!A:A,0)) -> 17.343077 | R46: =INDEX(Picks!I:I,MATCH(F46,Picks!A:A,0)) -> -4.6
B47: C14 | C47: ↔ | D47: 14 | E47: C | F47: Simon Richardson | G47: C | I47: =INDEX(Weekly!F:F,MATCH($F47,Weekly!$E:$E,0)) -> -23.989305 | J47: =INDEX(Weekly!G:G,MATCH($F47,Weekly!$E:$E,0)) -> 7 | K47: =INDEX(Weekly!H:H,MATCH($F47,Weekly!$E:$E,0)) -> -4.8 | L47: =INDEX(Weekly!I:I,MATCH($F47,Weekly!$E:$E,0)) -> 1 | M47: =INDEX(Prizes!F:F,MATCH($B47,Prizes!A:A,0)) -> 0 | N47: =INDEX(Weekly!J:J,MATCH($F47,Weekly!$E:$E,0)) -> 0 | O47: =INDEX(Weekly!K:K,MATCH($F47,Weekly!$E:$E,0)) -> 0 | P47: =INDEX(Weekly!M:M,MATCH($F47,Weekly!$E:$E,0)) -> 0 | Q47: =INDEX(Picks!J:J,MATCH(F47,Picks!A:A,0)) -> 28.96 | R47: =INDEX(Picks!I:I,MATCH(F47,Picks!A:A,0)) -> -4.8
B48: C15 | C48: ↔ | D48: 15 | E48: C | F48: Charlie Griffiths | G48: C | I48: =INDEX(Weekly!F:F,MATCH($F48,Weekly!$E:$E,0)) -> -25.735 | J48: =INDEX(Weekly!G:G,MATCH($F48,Weekly!$E:$E,0)) -> 3 | K48: =INDEX(Weekly!H:H,MATCH($F48,Weekly!$E:$E,0)) -> -7 | L48: =INDEX(Weekly!I:I,MATCH($F48,Weekly!$E:$E,0)) -> 0 | M48: =INDEX(Prizes!F:F,MATCH($B48,Prizes!A:A,0)) -> 0 | N48: =INDEX(Weekly!J:J,MATCH($F48,Weekly!$E:$E,0)) -> 0 | O48: =INDEX(Weekly!K:K,MATCH($F48,Weekly!$E:$E,0)) -> 0 | P48: =INDEX(Weekly!M:M,MATCH($F48,Weekly!$E:$E,0)) -> 0 | Q48: =INDEX(Picks!J:J,MATCH(F48,Picks!A:A,0)) -> 30.5875 | R48: =INDEX(Picks!I:I,MATCH(F48,Picks!A:A,0)) -> -7
B49: C16 | C49: ↔ | D49: 16 | E49: C | F49: Chris Bow | G49: C | I49: =INDEX(Weekly!F:F,MATCH($F49,Weekly!$E:$E,0)) -> -27.1875 | J49: =INDEX(Weekly!G:G,MATCH($F49,Weekly!$E:$E,0)) -> 5 | K49: =INDEX(Weekly!H:H,MATCH($F49,Weekly!$E:$E,0)) -> -4.85 | L49: =INDEX(Weekly!I:I,MATCH($F49,Weekly!$E:$E,0)) -> 1 | M49: =INDEX(Prizes!F:F,MATCH($B49,Prizes!A:A,0)) -> 0 | N49: =INDEX(Weekly!J:J,MATCH($F49,Weekly!$E:$E,0)) -> 0 | O49: =INDEX(Weekly!K:K,MATCH($F49,Weekly!$E:$E,0)) -> 0 | P49: =INDEX(Weekly!M:M,MATCH($F49,Weekly!$E:$E,0)) -> 0 | Q49: =INDEX(Picks!J:J,MATCH(F49,Picks!A:A,0)) -> 29.422 | R49: =INDEX(Picks!I:I,MATCH(F49,Picks!A:A,0)) -> -4.85
B50: C17 | C50: ↔ | D50: 17 | E50: C | F50: Dan Gibbard | G50: C | I50: =INDEX(Weekly!F:F,MATCH($F50,Weekly!$E:$E,0)) -> -27.266538 | J50: =INDEX(Weekly!G:G,MATCH($F50,Weekly!$E:$E,0)) -> 6 | K50: =INDEX(Weekly!H:H,MATCH($F50,Weekly!$E:$E,0)) -> -1.4615385 | L50: =INDEX(Weekly!I:I,MATCH($F50,Weekly!$E:$E,0)) -> 2 | M50: =INDEX(Prizes!F:F,MATCH($B50,Prizes!A:A,0)) -> 0 | N50: =INDEX(Weekly!J:J,MATCH($F50,Weekly!$E:$E,0)) -> 0 | O50: =INDEX(Weekly!K:K,MATCH($F50,Weekly!$E:$E,0)) -> 0 | P50: =INDEX(Weekly!M:M,MATCH($F50,Weekly!$E:$E,0)) -> 0 | Q50: =INDEX(Picks!J:J,MATCH(F50,Picks!A:A,0)) -> 9.9807692 | R50: =INDEX(Picks!I:I,MATCH(F50,Picks!A:A,0)) -> -1.4615385
B51: C18 | C51: ↔ | D51: 18 | E51: C | F51: Andy White | G51: C | I51: =INDEX(Weekly!F:F,MATCH($F51,Weekly!$E:$E,0)) -> -31.590909 | J51: =INDEX(Weekly!G:G,MATCH($F51,Weekly!$E:$E,0)) -> 4 | K51: =INDEX(Weekly!H:H,MATCH($F51,Weekly!$E:$E,0)) -> -4.6 | L51: =INDEX(Weekly!I:I,MATCH($F51,Weekly!$E:$E,0)) -> 1 | M51: =INDEX(Prizes!F:F,MATCH($B51,Prizes!A:A,0)) -> 0 | N51: =INDEX(Weekly!J:J,MATCH($F51,Weekly!$E:$E,0)) -> 0 | O51: =INDEX(Weekly!K:K,MATCH($F51,Weekly!$E:$E,0)) -> 0 | P51: =INDEX(Weekly!M:M,MATCH($F51,Weekly!$E:$E,0)) -> 0 | Q51: =INDEX(Picks!J:J,MATCH(F51,Picks!A:A,0)) -> 29.944 | R51: =INDEX(Picks!I:I,MATCH(F51,Picks!A:A,0)) -> -4.6
M54: =SUM(M2:M52) -> 450 | N54: =SUM(N2:N52) -> 150 | O54: =SUM(O2:O52) -> 0 | P54: =SUM(P2:P52) -> 600 | Q54: =SUM(Q2:Q52) -> 1334.9351 | R54: =SUM(R2:R52) -> -107.28483

Sheet Results
A1: stake | C1: team | D1: frac | E1: dec | F1: played | G1: bet up | H1: win | I1: Entrants | J1: Bet1 | K1: Bet2 | L1: Bet3 | M1: single 1 | N1: single 2 | O1: single 3 | P1: double 1 | Q1: double 2 | R1: double 3 | S1: treble | T1: total | U1: bets in | V1: Entrants | W1: played | X1: Max | Y1: Pred1 | Z1: Pred2 | AA1: Pred3 | AB1: single 1 | AC1: single 2 | AD1: single 3 | AE1: double 1 | AF1: double 2 | AG1: double 3 | AH1: treble | AI1: total | AK1: Deducts
A2: 1 | B2: =$V2 -> Alan Bond | C2: =Picks!E2 -> Israel draw | D2: =Picks!F2 -> 1 | E2: =Picks!G2 -> 3.1 | F2: =IF(C2="","",INDEX(Odds!K:K,MATCH(C2,Odds!G:G,0))) -> 1 | G2: =IF(C2="","",Picks!P2) -> 0 | H2: =IF(C2="","",+((E2-1)*G2*F2*A$2)) -> 0 | I2: =V2 -> Alan Bond | J2: =H2 -> 0 | K2: =H3 -> 2.1 | L2: =H4 -> 0 | M2: =IF(J2=0,0,1)+J2 -> 0 | N2: =IF(K2=0,0,1)+K2 -> 3.1 | O2: =IF(L2=0,0,1)+L2 -> 0 | P2: =IF(K2=0,0,(M2*K2)+M2) -> 0 | Q2: =IF(L2=0,0,(N2*L2)+N2) -> 0 | R2: =IF(J2=0,0,(O2*J2)+O2) -> 0 | S2: =IF(L2=0,0,(P2*L2)+P2) -> 0 | T2: =SUM(M2:S2)-(IF(W2=1,A$2*1,0))-(IF(W2=2,A$2*3,0))-(IF(W2=3,A$2*7,0)) -> -3.9 | U2: =SUM(G2:G4) -> 1 | V2: Alan Bond | W2: =SUM(F2:F4) -> 3 | X2: =+((E2-1)*F2*A$2) -> 2.1 | Y2: =X2 -> 2.1 | Z2: =X3 -> 2.1 | AA2: =X4 -> 2.3 | AB2: =IF(Y2=0,0,1)+Y2 -> 3.1 | AC2: =IF(Z2=0,0,1)+Z2 -> 3.1 | AD2: =IF(AA2=0,0,1)+AA2 -> 3.3 | AE2: =IF(Z2=0,0,(AB2*Z2)+AB2) -> 9.61 | AF2: =IF(AA2=0,0,(AC2*AA2)+AC2) -> 10.23 | AG2: =IF(Y2=0,0,(AD2*Y2)+AD2) -> 10.23 | AH2: =IF(AA2=0,0,(AE2*AA2)+AE2) -> 31.713 | AI2: =SUM(AB2:AH2)-AK2 -> 64.283 | AJ2: =$V2 -> Alan Bond | AK2: =IF(W2=3,7,IF(W2=2,3,1)) -> 7
C3: =Picks!E3 -> Lithuania draw | D3: =Picks!F3 -> 1 | E3: =Picks!G3 -> 3.1 | F3: =IF(C3="","",INDEX(Odds!K:K,MATCH(C3,Odds!G:G,0))) -> 1 | G3: =IF(C3="","",Picks!P3) -> 1 | H3: =IF(C3="","",+((E3-1)*G3*F3*A$2)) -> 2.1 | I3: =V3 -> Alan Rogers | J3: =H5 -> 1.9 | K3: =H6 -> 2.4 | L3: =H7 -> 0 | M3: =IF(J3=0,0,1)+J3 -> 2.9 | N3: =IF(K3=0,0,1)+K3 -> 3.4 | O3: =IF(L3=0,0,1)+L3 -> 0 | P3: =IF(K3=0,0,(M3*K3)+M3) -> 9.86 | Q3: =IF(L3=0,0,(N3*L3)+N3) -> 0 | R3: =IF(J3=0,0,(O3*J3)+O3) -> 0 | S3: =IF(L3=0,0,(P3*L3)+P3) -> 0 | T3: =SUM(M3:S3)-(IF(W3=1,A$2*1,0))-(IF(W3=2,A$2*3,0))-(IF(W3=3,A$2*7,0)) -> 9.16 | U3: =SUM(G5:G7) -> 2 | V3: Alan Rogers | W3: =SUM(F5:F7) -> 3 | X3: =+((E3-1)*F3*A$2) -> 2.1 | Y3: =X5 -> 1.9 | Z3: =X6 -> 2.4 | AA3: =X7 -> 1.05 | AB3: =IF(Y3=0,0,1)+Y3 -> 2.9 | AC3: =IF(Z3=0,0,1)+Z3 -> 3.4 | AD3: =IF(AA3=0,0,1)+AA3 -> 2.05 | AE3: =IF(Z3=0,0,(AB3*Z3)+AB3) -> 9.86 | AF3: =IF(AA3=0,0,(AC3*AA3)+AC3) -> 6.97 | AG3: =IF(Y3=0,0,(AD3*Y3)+AD3) -> 5.945 | AH3: =IF(AA3=0,0,(AE3*AA3)+AE3) -> 20.213 | AI3: =SUM(AB3:AH3)-AK3 -> 44.338 | AJ3: =$V3 -> Alan Rogers | AK3: =IF(W3=3,7,IF(W3=2,3,1)) -> 7
C4: =Picks!E4 -> Norway draw | D4: =Picks!F4 -> 1 | E4: =Picks!G4 -> 3.3 | F4: =IF(C4="","",INDEX(Odds!K:K,MATCH(C4,Odds!G:G,0))) -> 1 | G4: =IF(C4="","",Picks!P4) -> 0 | H4: =IF(C4="","",+((E4-1)*G4*F4*A$2)) -> 0 | I4: =V4 -> Alan White | J4: =H8 -> 0 | K4: =H9 -> 0 | L4: =H10 -> 0.36363636 | M4: =IF(J4=0,0,1)+J4 -> 0 | N4: =IF(K4=0,0,1)+K4 -> 0 | O4: =IF(L4=0,0,1)+L4 -> 1.3636364 | P4: =IF(K4=0,0,(M4*K4)+M4) -> 0 | Q4: =IF(L4=0,0,(N4*L4)+N4) -> 0 | R4: =IF(J4=0,0,(O4*J4)+O4) -> 0 | S4: =IF(L4=0,0,(P4*L4)+P4) -> 0 | T4: =SUM(M4:S4)-(IF(W4=1,A$2*1,0))-(IF(W4=2,A$2*3,0))-(IF(W4=3,A$2*7,0)) -> -5.6363636 | U4: =SUM(G8:G10) -> 1 | V4: Alan White | W4: =SUM(F8:F10) -> 3 | X4: =+((E4-1)*F4*A$2) -> 2.3 | Y4: =X8 -> 1.05 | Z4: =X9 -> 0.61538462 | AA4: =X10 -> 0.36363636 | AB4: =IF(Y4=0,0,1)+Y4 -> 2.05 | AC4: =IF(Z4=0,0,1)+Z4 -> 1.6153846 | AD4: =IF(AA4=0,0,1)+AA4 -> 1.3636364 | AE4: =IF(Z4=0,0,(AB4*Z4)+AB4) -> 3.3115385 | AF4: =IF(AA4=0,0,(AC4*AA4)+AC4) -> 2.2027972 | AG4: =IF(Y4=0,0,(AD4*Y4)+AD4) -> 2.7954545 | AH4: =IF(AA4=0,0,(AE4*AA4)+AE4) -> 4.5157343 | AI4: =SUM(AB4:AH4)-AK4 -> 10.854545 | AJ4: =$V4 -> Alan White | AK4: =IF(W4=3,7,IF(W4=2,3,1)) -> 7
B5: =$V3 -> Alan Rogers | C5: =Picks!E5 -> Cheltenham | D5: =Picks!F5 -> 7 | E5: =Picks!G5 -> 2.9 | F5: =IF(C5="","",INDEX(Odds!K:K,MATCH(C5,Odds!G:G,0))) -> 1 | G5: =IF(C5="","",Picks!P5) -> 1 | H5: =IF(C5="","",+((E5-1)*G5*F5*A$2)) -> 1.9 | I5: =V5 -> Alex Griffin | J5: =H11 -> 1.2 | K5: =H12 -> 0 | L5: =H13 -> 0 | M5: =IF(J5=0,0,1)+J5 -> 2.2 | N5: =IF(K5=0,0,1)+K5 -> 0 | O5: =IF(L5=0,0,1)+L5 -> 0 | P5: =IF(K5=0,0,(M5*K5)+M5) -> 0 | Q5: =IF(L5=0,0,(N5*L5)+N5) -> 0 | R5: =IF(J5=0,0,(O5*J5)+O5) -> 0 | S5: =IF(L5=0,0,(P5*L5)+P5) -> 0 | T5: =SUM(M5:S5)-(IF(W5=1,A$2*1,0))-(IF(W5=2,A$2*3,0))-(IF(W5=3,A$2*7,0)) -> -4.8 | U5: =SUM(G11:G13) -> 1 | V5: Alex Griffin | W5: =SUM(F11:F13) -> 3 | X5: =+((E5-1)*F5*A$2) -> 1.9 | Y5: =X11 -> 1.2 | Z5: =X12 -> 0.75 | AA5: =X13 -> 0.85 | AB5: =IF(Y5=0,0,1)+Y5 -> 2.2 | AC5: =IF(Z5=0,0,1)+Z5 -> 1.75 | AD5: =IF(AA5=0,0,1)+AA5 -> 1.85 | AE5: =IF(Z5=0,0,(AB5*Z5)+AB5) -> 3.85 | AF5: =IF(AA5=0,0,(AC5*AA5)+AC5) -> 3.2375 | AG5: =IF(Y5=0,0,(AD5*Y5)+AD5) -> 4.07 | AH5: =IF(AA5=0,0,(AE5*AA5)+AE5) -> 7.1225 | AI5: =SUM(AB5:AH5)-AK5 -> 17.08 | AJ5: =$V5 -> Alex Griffin | AK5: =IF(W5=3,7,IF(W5=2,3,1)) -> 7
C6: =Picks!E6 -> Rotherham draw | D6: =Picks!F6 -> 7 | E6: =Picks!G6 -> 3.4 | F6: =IF(C6="","",INDEX(Odds!K:K,MATCH(C6,Odds!G:G,0))) -> 1 | G6: =IF(C6="","",Picks!P6) -> 1 | H6: =IF(C6="","",+((E6-1)*G6*F6*A$2)) -> 2.4 | I6: =V6 -> Alick Rocca | J6: =H14 -> 2.4 | K6: =H15 -> 0 | L6: =H16 -> 2 | M6: =IF(J6=0,0,1)+J6 -> 3.4 | N6: =IF(K6=0,0,1)+K6 -> 0 | O6: =IF(L6=0,0,1)+L6 -> 3 | P6: =IF(K6=0,0,(M6*K6)+M6) -> 0 | Q6: =IF(L6=0,0,(N6*L6)+N6) -> 0 | R6: =IF(J6=0,0,(O6*J6)+O6) -> 10.2 | S6: =IF(L6=0,0,(P6*L6)+P6) -> 0 | T6: =SUM(M6:S6)-(IF(W6=1,A$2*1,0))-(IF(W6=2,A$2*3,0))-(IF(W6=3,A$2*7,0)) -> 9.6 | U6: =SUM(G14:G16) -> 2 | V6: Alick Rocca | W6: =SUM(F14:F16) -> 3 | X6: =+((E6-1)*F6*A$2) -> 2.4 | Y6: =X14 -> 2.4 | Z6: =X15 -> 2.6 | AA6: =X16 -> 2 | AB6: =IF(Y6=0,0,1)+Y6 -> 3.4 | AC6: =IF(Z6=0,0,1)+Z6 -> 3.6 | AD6: =IF(AA6=0,0,1)+AA6 -> 3 | AE6: =IF(Z6=0,0,(AB6*Z6)+AB6) -> 12.24 | AF6: =IF(AA6=0,0,(AC6*AA6)+AC6) -> 10.8 | AG6: =IF(Y6=0,0,(AD6*Y6)+AD6) -> 10.2 | AH6: =IF(AA6=0,0,(AE6*AA6)+AE6) -> 36.72 | AI6: =SUM(AB6:AH6)-AK6 -> 72.96 | AJ6: =$V6 -> Alick Rocca | AK6: =IF(W6=3,7,IF(W6=2,3,1)) -> 7
C7: =Picks!E7 -> Swindon | D7: =Picks!F7 -> 7 | E7: =Picks!G7 -> 2.05 | F7: =IF(C7="","",INDEX(Odds!K:K,MATCH(C7,Odds!G:G,0))) -> 1 | G7: =IF(C7="","",Picks!P7) -> 0 | H7: =IF(C7="","",+((E7-1)*G7*F7*A$2)) -> 0 | I7: =V7 -> Andy White | J7: =H17 -> 0 | K7: =H18 -> 1.4 | L7: =H19 -> 0 | M7: =IF(J7=0,0,1)+J7 -> 0 | N7: =IF(K7=0,0,1)+K7 -> 2.4 | O7: =IF(L7=0,0,1)+L7 -> 0 | P7: =IF(K7=0,0,(M7*K7)+M7) -> 0 | Q7: =IF(L7=0,0,(N7*L7)+N7) -> 0 | R7: =IF(J7=0,0,(O7*J7)+O7) -> 0 | S7: =IF(L7=0,0,(P7*L7)+P7) -> 0 | T7: =SUM(M7:S7)-(IF(W7=1,A$2*1,0))-(IF(W7=2,A$2*3,0))-(IF(W7=3,A$2*7,0)) -> -4.6 | U7: =SUM(G17:G19) -> 1 | V7: Andy White | W7: =SUM(F17:F19) -> 3 | X7: =+((E7-1)*F7*A$2) -> 1.05 | Y7: =X17 -> 1.1 | Z7: =X18 -> 1.4 | AA7: =X19 -> 1.6 | AB7: =IF(Y7=0,0,1)+Y7 -> 2.1 | AC7: =IF(Z7=0,0,1)+Z7 -> 2.4 | AD7: =IF(AA7=0,0,1)+AA7 -> 2.6 | AE7: =IF(Z7=0,0,(AB7*Z7)+AB7) -> 5.04 | AF7: =IF(AA7=0,0,(AC7*AA7)+AC7) -> 6.24 | AG7: =IF(Y7=0,0,(AD7*Y7)+AD7) -> 5.46 | AH7: =IF(AA7=0,0,(AE7*AA7)+AE7) -> 13.104 | AI7: =SUM(AB7:AH7)-AK7 -> 29.944 | AJ7: =$V7 -> Andy White | AK7: =IF(W7=3,7,IF(W7=2,3,1)) -> 7
B8: =$V4 -> Alan White | C8: =Picks!E8 -> Swindon | D8: =Picks!F8 -> 7 | E8: =Picks!G8 -> 2.05 | F8: =IF(C8="","",INDEX(Odds!K:K,MATCH(C8,Odds!G:G,0))) -> 1 | G8: =IF(C8="","",Picks!P8) -> 0 | H8: =IF(C8="","",+((E8-1)*G8*F8*A$2)) -> 0 | I8: =V8 -> Barry Birchall | J8: =H20 -> 0 | K8: =H21 -> 0.36363636 | L8: =H22 -> 0 | M8: =IF(J8=0,0,1)+J8 -> 0 | N8: =IF(K8=0,0,1)+K8 -> 1.3636364 | O8: =IF(L8=0,0,1)+L8 -> 0 | P8: =IF(K8=0,0,(M8*K8)+M8) -> 0 | Q8: =IF(L8=0,0,(N8*L8)+N8) -> 0 | R8: =IF(J8=0,0,(O8*J8)+O8) -> 0 | S8: =IF(L8=0,0,(P8*L8)+P8) -> 0 | T8: =SUM(M8:S8)-(IF(W8=1,A$2*1,0))-(IF(W8=2,A$2*3,0))-(IF(W8=3,A$2*7,0)) -> -5.6363636 | U8: =SUM(G20:G22) -> 1 | V8: Barry Birchall | W8: =SUM(F20:F22) -> 3 | X8: =+((E8-1)*F8*A$2) -> 1.05 | Y8: =X20 -> 0.61538462 | Z8: =X21 -> 0.36363636 | AA8: =X22 -> 1.05 | AB8: =IF(Y8=0,0,1)+Y8 -> 1.6153846 | AC8: =IF(Z8=0,0,1)+Z8 -> 1.3636364 | AD8: =IF(AA8=0,0,1)+AA8 -> 2.05 | AE8: =IF(Z8=0,0,(AB8*Z8)+AB8) -> 2.2027972 | AF8: =IF(AA8=0,0,(AC8*AA8)+AC8) -> 2.7954545 | AG8: =IF(Y8=0,0,(AD8*Y8)+AD8) -> 3.3115385 | AH8: =IF(AA8=0,0,(AE8*AA8)+AE8) -> 4.5157343 | AI8: =SUM(AB8:AH8)-AK8 -> 10.854545 | AJ8: =$V8 -> Barry Birchall | AK8: =IF(W8=3,7,IF(W8=2,3,1)) -> 7
C9: =Picks!E9 -> Plymouth | D9: =Picks!F9 -> 7 | E9: =Picks!G9 -> 1.6153846 | F9: =IF(C9="","",INDEX(Odds!K:K,MATCH(C9,Odds!G:G,0))) -> 1 | G9: =IF(C9="","",Picks!P9) -> 0 | H9: =IF(C9="","",+((E9-1)*G9*F9*A$2)) -> 0 | I9: =V9 -> Ben Rosser | J9: =H23 -> 2.1 | K9: =H24 -> 1.4 | L9: =H25 -> 0 | M9: =IF(J9=0,0,1)+J9 -> 3.1 | N9: =IF(K9=0,0,1)+K9 -> 2.4 | O9: =IF(L9=0,0,1)+L9 -> 0 | P9: =IF(K9=0,0,(M9*K9)+M9) -> 7.44 | Q9: =IF(L9=0,0,(N9*L9)+N9) -> 0 | R9: =IF(J9=0,0,(O9*J9)+O9) -> 0 | S9: =IF(L9=0,0,(P9*L9)+P9) -> 0 | T9: =SUM(M9:S9)-(IF(W9=1,A$2*1,0))-(IF(W9=2,A$2*3,0))-(IF(W9=3,A$2*7,0)) -> 5.94 | U9: =SUM(G23:G25) -> 2 | V9: Ben Rosser | W9: =SUM(F23:F25) -> 3 | X9: =+((E9-1)*F9*A$2) -> 0.61538462 | Y9: =X23 -> 2.1 | Z9: =X24 -> 1.4 | AA9: =X25 -> 1.6 | AB9: =IF(Y9=0,0,1)+Y9 -> 3.1 | AC9: =IF(Z9=0,0,1)+Z9 -> 2.4 | AD9: =IF(AA9=0,0,1)+AA9 -> 2.6 | AE9: =IF(Z9=0,0,(AB9*Z9)+AB9) -> 7.44 | AF9: =IF(AA9=0,0,(AC9*AA9)+AC9) -> 6.24 | AG9: =IF(Y9=0,0,(AD9*Y9)+AD9) -> 8.06 | AH9: =IF(AA9=0,0,(AE9*AA9)+AE9) -> 19.344 | AI9: =SUM(AB9:AH9)-AK9 -> 42.184 | AJ9: =$V9 -> Ben Rosser | AK9: =IF(W9=3,7,IF(W9=2,3,1)) -> 7
C10: =Picks!E10 -> Stockport | D10: =Picks!F10 -> 7 | E10: =Picks!G10 -> 1.3636364 | F10: =IF(C10="","",INDEX(Odds!K:K,MATCH(C10,Odds!G:G,0))) -> 1 | G10: =IF(C10="","",Picks!P10) -> 1 | H10: =IF(C10="","",+((E10-1)*G10*F10*A$2)) -> 0.36363636 | I10: =V10 -> Bob Bailey | J10: =H26 -> 0 | K10: =H27 -> 0 | L10: =H28 -> 1.4 | M10: =IF(J10=0,0,1)+J10 -> 0 | N10: =IF(K10=0,0,1)+K10 -> 0 | O10: =IF(L10=0,0,1)+L10 -> 2.4 | P10: =IF(K10=0,0,(M10*K10)+M10) -> 0 | Q10: =IF(L10=0,0,(N10*L10)+N10) -> 0 | R10: =IF(J10=0,0,(O10*J10)+O10) -> 0 | S10: =IF(L10=0,0,(P10*L10)+P10) -> 0 | T10: =SUM(M10:S10)-(IF(W10=1,A$2*1,0))-(IF(W10=2,A$2*3,0))-(IF(W10=3,A$2*7,0)) -> -4.6 | U10: =SUM(G26:G28) -> 1 | V10: Bob Bailey | W10: =SUM(F26:F28) -> 3 | X10: =+((E10-1)*F10*A$2) -> 0.36363636 | Y10: =X26 -> 0.61538462 | Z10: =X27 -> 0.85 | AA10: =X28 -> 1.4 | AB10: =IF(Y10=0,0,1)+Y10 -> 1.6153846 | AC10: =IF(Z10=0,0,1)+Z10 -> 1.85 | AD10: =IF(AA10=0,0,1)+AA10 -> 2.4 | AE10: =IF(Z10=0,0,(AB10*Z10)+AB10) -> 2.9884615 | AF10: =IF(AA10=0,0,(AC10*AA10)+AC10) -> 4.44 | AG10: =IF(Y10=0,0,(AD10*Y10)+AD10) -> 3.8769231 | AH10: =IF(AA10=0,0,(AE10*AA10)+AE10) -> 7.1723077 | AI10: =SUM(AB10:AH10)-AK10 -> 17.343077 | AJ10: =$V10 -> Bob Bailey | AK10: =IF(W10=3,7,IF(W10=2,3,1)) -> 7
B11: =$V5 -> Alex Griffin | C11: =Picks!E11 -> Altrincham | D11: =Picks!F11 -> 1 | E11: =Picks!G11 -> 2.2 | F11: =IF(C11="","",INDEX(Odds!K:K,MATCH(C11,Odds!G:G,0))) -> 1 | G11: =IF(C11="","",Picks!P11) -> 1 | H11: =IF(C11="","",+((E11-1)*G11*F11*A$2)) -> 1.2 | I11: =V11 -> Charlie Griffiths | J11: =H29 -> 0 | K11: =H30 -> 0 | L11: =H31 -> 0 | M11: =IF(J11=0,0,1)+J11 -> 0 | N11: =IF(K11=0,0,1)+K11 -> 0 | O11: =IF(L11=0,0,1)+L11 -> 0 | P11: =IF(K11=0,0,(M11*K11)+M11) -> 0 | Q11: =IF(L11=0,0,(N11*L11)+N11) -> 0 | R11: =IF(J11=0,0,(O11*J11)+O11) -> 0 | S11: =IF(L11=0,0,(P11*L11)+P11) -> 0 | T11: =SUM(M11:S11)-(IF(W11=1,A$2*1,0))-(IF(W11=2,A$2*3,0))-(IF(W11=3,A$2*7,0)) -> -7 | U11: =SUM(G29:G31) -> 0 | V11: Charlie Griffiths | W11: =SUM(F29:F31) -> 3 | X11: =+((E11-1)*F11*A$2) -> 1.2 | Y11: =X29 -> 1.15 | Z11: =X30 -> 1.5 | AA11: =X31 -> 1.5 | AB11: =IF(Y11=0,0,1)+Y11 -> 2.15 | AC11: =IF(Z11=0,0,1)+Z11 -> 2.5 | AD11: =IF(AA11=0,0,1)+AA11 -> 2.5 | AE11: =IF(Z11=0,0,(AB11*Z11)+AB11) -> 5.375 | AF11: =IF(AA11=0,0,(AC11*AA11)+AC11) -> 6.25 | AG11: =IF(Y11=0,0,(AD11*Y11)+AD11) -> 5.375 | AH11: =IF(AA11=0,0,(AE11*AA11)+AE11) -> 13.4375 | AI11: =SUM(AB11:AH11)-AK11 -> 30.5875 | AJ11: =$V11 -> Charlie Griffiths | AK11: =IF(W11=3,7,IF(W11=2,3,1)) -> 7
C12: =Picks!E12 -> Southend | D12: =Picks!F12 -> 1 | E12: =Picks!G12 -> 1.75 | F12: =IF(C12="","",INDEX(Odds!K:K,MATCH(C12,Odds!G:G,0))) -> 1 | G12: =IF(C12="","",Picks!P12) -> 0 | H12: =IF(C12="","",+((E12-1)*G12*F12*A$2)) -> 0 | I12: =V12 -> Chris Bow | J12: =H32 -> 0 | K12: =H33 -> 1.15 | L12: =H34 -> 0 | M12: =IF(J12=0,0,1)+J12 -> 0 | N12: =IF(K12=0,0,1)+K12 -> 2.15 | O12: =IF(L12=0,0,1)+L12 -> 0 | P12: =IF(K12=0,0,(M12*K12)+M12) -> 0 | Q12: =IF(L12=0,0,(N12*L12)+N12) -> 0 | R12: =IF(J12=0,0,(O12*J12)+O12) -> 0 | S12: =IF(L12=0,0,(P12*L12)+P12) -> 0 | T12: =SUM(M12:S12)-(IF(W12=1,A$2*1,0))-(IF(W12=2,A$2*3,0))-(IF(W12=3,A$2*7,0)) -> -4.85 | U12: =SUM(G32:G34) -> 1 | V12: Chris Bow | W12: =SUM(F32:F34) -> 3 | X12: =+((E12-1)*F12*A$2) -> 0.75 | Y12: =X32 -> 1.3 | Z12: =X33 -> 1.15 | AA12: =X34 -> 1.6 | AB12: =IF(Y12=0,0,1)+Y12 -> 2.3 | AC12: =IF(Z12=0,0,1)+Z12 -> 2.15 | AD12: =IF(AA12=0,0,1)+AA12 -> 2.6 | AE12: =IF(Z12=0,0,(AB12*Z12)+AB12) -> 4.945 | AF12: =IF(AA12=0,0,(AC12*AA12)+AC12) -> 5.59 | AG12: =IF(Y12=0,0,(AD12*Y12)+AD12) -> 5.98 | AH12: =IF(AA12=0,0,(AE12*AA12)+AE12) -> 12.857 | AI12: =SUM(AB12:AH12)-AK12 -> 29.422 | AJ12: =$V12 -> Chris Bow | AK12: =IF(W12=3,7,IF(W12=2,3,1)) -> 7
C13: =Picks!E13 -> Fleetwood | D13: =Picks!F13 -> 7 | E13: =Picks!G13 -> 1.85 | F13: =IF(C13="","",INDEX(Odds!K:K,MATCH(C13,Odds!G:G,0))) -> 1 | G13: =IF(C13="","",Picks!P13) -> 0 | H13: =IF(C13="","",+((E13-1)*G13*F13*A$2)) -> 0 | I13: =V13 -> Chris Griffin | J13: =H35 -> 0 | K13: =H36 -> 0 | L13: =H37 -> 0 | M13: =IF(J13=0,0,1)+J13 -> 0 | N13: =IF(K13=0,0,1)+K13 -> 0 | O13: =IF(L13=0,0,1)+L13 -> 0 | P13: =IF(K13=0,0,(M13*K13)+M13) -> 0 | Q13: =IF(L13=0,0,(N13*L13)+N13) -> 0 | R13: =IF(J13=0,0,(O13*J13)+O13) -> 0 | S13: =IF(L13=0,0,(P13*L13)+P13) -> 0 | T13: =SUM(M13:S13)-(IF(W13=1,A$2*1,0))-(IF(W13=2,A$2*3,0))-(IF(W13=3,A$2*7,0)) -> -7 | U13: =SUM(G35:G37) -> 0 | V13: Chris Griffin | W13: =SUM(F35:F37) -> 3 | X13: =+((E13-1)*F13*A$2) -> 0.85 | Y13: =X35 -> 2.4 | Z13: =X36 -> 1.7 | AA13: =X37 -> 2.1 | AB13: =IF(Y13=0,0,1)+Y13 -> 3.4 | AC13: =IF(Z13=0,0,1)+Z13 -> 2.7 | AD13: =IF(AA13=0,0,1)+AA13 -> 3.1 | AE13: =IF(Z13=0,0,(AB13*Z13)+AB13) -> 9.18 | AF13: =IF(AA13=0,0,(AC13*AA13)+AC13) -> 8.37 | AG13: =IF(Y13=0,0,(AD13*Y13)+AD13) -> 10.54 | AH13: =IF(AA13=0,0,(AE13*AA13)+AE13) -> 28.458 | AI13: =SUM(AB13:AH13)-AK13 -> 58.748 | AJ13: =$V13 -> Chris Griffin | AK13: =IF(W13=3,7,IF(W13=2,3,1)) -> 7
B14: =$V6 -> Alick Rocca | C14: =Picks!E14 -> Wycombe draw | D14: =Picks!F14 -> 7 | E14: =Picks!G14 -> 3.4 | F14: =IF(C14="","",INDEX(Odds!K:K,MATCH(C14,Odds!G:G,0))) -> 1 | G14: =IF(C14="","",Picks!P14) -> 1 | H14: =IF(C14="","",+((E14-1)*G14*F14*A$2)) -> 2.4 | I14: =V14 -> Chris Luck | J14: =H38 -> 0 | K14: =H39 -> 0 | L14: =H40 -> 0 | M14: =IF(J14=0,0,1)+J14 -> 0 | N14: =IF(K14=0,0,1)+K14 -> 0 | O14: =IF(L14=0,0,1)+L14 -> 0 | P14: =IF(K14=0,0,(M14*K14)+M14) -> 0 | Q14: =IF(L14=0,0,(N14*L14)+N14) -> 0 | R14: =IF(J14=0,0,(O14*J14)+O14) -> 0 | S14: =IF(L14=0,0,(P14*L14)+P14) -> 0 | T14: =SUM(M14:S14)-(IF(W14=1,A$2*1,0))-(IF(W14=2,A$2*3,0))-(IF(W14=3,A$2*7,0)) -> -7 | U14: =SUM(G38:G40) -> 0 | V14: Chris Luck | W14: =SUM(F38:F40) -> 3 | X14: =+((E14-1)*F14*A$2) -> 2.4 | Y14: =X38 -> 1.5 | Z14: =X39 -> 1.15 | AA14: =X40 -> 1.1 | AB14: =IF(Y14=0,0,1)+Y14 -> 2.5 | AC14: =IF(Z14=0,0,1)+Z14 -> 2.15 | AD14: =IF(AA14=0,0,1)+AA14 -> 2.1 | AE14: =IF(Z14=0,0,(AB14*Z14)+AB14) -> 5.375 | AF14: =IF(AA14=0,0,(AC14*AA14)+AC14) -> 4.515 | AG14: =IF(Y14=0,0,(AD14*Y14)+AD14) -> 5.25 | AH14: =IF(AA14=0,0,(AE14*AA14)+AE14) -> 11.2875 | AI14: =SUM(AB14:AH14)-AK14 -> 26.1775 | AJ14: =$V14 -> Chris Luck | AK14: =IF(W14=3,7,IF(W14=2,3,1)) -> 7
C15: =Picks!E15 -> Oldham draw | D15: =Picks!F15 -> 7 | E15: =Picks!G15 -> 3.6 | F15: =IF(C15="","",INDEX(Odds!K:K,MATCH(C15,Odds!G:G,0))) -> 1 | G15: =IF(C15="","",Picks!P15) -> 0 | H15: =IF(C15="","",+((E15-1)*G15*F15*A$2)) -> 0 | I15: =V15 -> Dan Gibbard | J15: =H41 -> 0 | K15: =H42 -> 0.61538462 | L15: =H43 -> 0.5 | M15: =IF(J15=0,0,1)+J15 -> 0 | N15: =IF(K15=0,0,1)+K15 -> 1.6153846 | O15: =IF(L15=0,0,1)+L15 -> 1.5 | P15: =IF(K15=0,0,(M15*K15)+M15) -> 0 | Q15: =IF(L15=0,0,(N15*L15)+N15) -> 2.4230769 | R15: =IF(J15=0,0,(O15*J15)+O15) -> 0 | S15: =IF(L15=0,0,(P15*L15)+P15) -> 0 | T15: =SUM(M15:S15)-(IF(W15=1,A$2*1,0))-(IF(W15=2,A$2*3,0))-(IF(W15=3,A$2*7,0)) -> -1.4615385 | U15: =SUM(G41:G43) -> 2 | V15: Dan Gibbard | W15: =SUM(F41:F43) -> 3 | X15: =+((E15-1)*F15*A$2) -> 2.6 | Y15: =X41 -> 0.75 | Z15: =X42 -> 0.61538462 | AA15: =X43 -> 0.5 | AB15: =IF(Y15=0,0,1)+Y15 -> 1.75 | AC15: =IF(Z15=0,0,1)+Z15 -> 1.6153846 | AD15: =IF(AA15=0,0,1)+AA15 -> 1.5 | AE15: =IF(Z15=0,0,(AB15*Z15)+AB15) -> 2.8269231 | AF15: =IF(AA15=0,0,(AC15*AA15)+AC15) -> 2.4230769 | AG15: =IF(Y15=0,0,(AD15*Y15)+AD15) -> 2.625 | AH15: =IF(AA15=0,0,(AE15*AA15)+AE15) -> 4.2403846 | AI15: =SUM(AB15:AH15)-AK15 -> 9.9807692 | AJ15: =$V15 -> Dan Gibbard | AK15: =IF(W15=3,7,IF(W15=2,3,1)) -> 7
C16: =Picks!E16 -> Shrewsbury draw | D16: =Picks!F16 -> 7 | E16: =Picks!G16 -> 3 | F16: =IF(C16="","",INDEX(Odds!K:K,MATCH(C16,Odds!G:G,0))) -> 1 | G16: =IF(C16="","",Picks!P16) -> 1 | H16: =IF(C16="","",+((E16-1)*G16*F16*A$2)) -> 2 | I16: =V16 -> Dave Bell | J16: =H44 -> 2.1 | K16: =H45 -> 1.5 | L16: =H46 -> 0 | M16: =IF(J16=0,0,1)+J16 -> 3.1 | N16: =IF(K16=0,0,1)+K16 -> 2.5 | O16: =IF(L16=0,0,1)+L16 -> 0 | P16: =IF(K16=0,0,(M16*K16)+M16) -> 7.75 | Q16: =IF(L16=0,0,(N16*L16)+N16) -> 0 | R16: =IF(J16=0,0,(O16*J16)+O16) -> 0 | S16: =IF(L16=0,0,(P16*L16)+P16) -> 0 | T16: =SUM(M16:S16)-(IF(W16=1,A$2*1,0))-(IF(W16=2,A$2*3,0))-(IF(W16=3,A$2*7,0)) -> 6.35 | U16: =SUM(G44:G46) -> 2 | V16: Dave Bell | W16: =SUM(F44:F46) -> 3 | X16: =+((E16-1)*F16*A$2) -> 2 | Y16: =X44 -> 2.1 | Z16: =X45 -> 1.5 | AA16: =X46 -> 4 | AB16: =IF(Y16=0,0,1)+Y16 -> 3.1 | AC16: =IF(Z16=0,0,1)+Z16 -> 2.5 | AD16: =IF(AA16=0,0,1)+AA16 -> 5 | AE16: =IF(Z16=0,0,(AB16*Z16)+AB16) -> 7.75 | AF16: =IF(AA16=0,0,(AC16*AA16)+AC16) -> 12.5 | AG16: =IF(Y16=0,0,(AD16*Y16)+AD16) -> 15.5 | AH16: =IF(AA16=0,0,(AE16*AA16)+AE16) -> 38.75 | AI16: =SUM(AB16:AH16)-AK16 -> 78.1 | AJ16: =$V16 -> Dave Bell | AK16: =IF(W16=3,7,IF(W16=2,3,1)) -> 7
B17: =$V7 -> Andy White | C17: =Picks!E17 -> Italy | D17: =Picks!F17 -> 6 | E17: =Picks!G17 -> 2.1 | F17: =IF(C17="","",INDEX(Odds!K:K,MATCH(C17,Odds!G:G,0))) -> 1 | G17: =IF(C17="","",Picks!P17) -> 0 | H17: =IF(C17="","",+((E17-1)*G17*F17*A$2)) -> 0 | I17: =V17 -> David Dunn | J17: =H47 -> 1.15 | K17: =H48 -> 0 | L17: =H49 -> 0.36363636 | M17: =IF(J17=0,0,1)+J17 -> 2.15 | N17: =IF(K17=0,0,1)+K17 -> 0 | O17: =IF(L17=0,0,1)+L17 -> 1.3636364 | P17: =IF(K17=0,0,(M17*K17)+M17) -> 0 | Q17: =IF(L17=0,0,(N17*L17)+N17) -> 0 | R17: =IF(J17=0,0,(O17*J17)+O17) -> 2.9318182 | S17: =IF(L17=0,0,(P17*L17)+P17) -> 0 | T17: =SUM(M17:S17)-(IF(W17=1,A$2*1,0))-(IF(W17=2,A$2*3,0))-(IF(W17=3,A$2*7,0)) -> -0.55454545 | U17: =SUM(G47:G49) -> 2 | V17: David Dunn | W17: =SUM(F47:F49) -> 3 | X17: =+((E17-1)*F17*A$2) -> 1.1 | Y17: =X47 -> 1.15 | Z17: =X48 -> 1.8 | AA17: =X49 -> 0.36363636 | AB17: =IF(Y17=0,0,1)+Y17 -> 2.15 | AC17: =IF(Z17=0,0,1)+Z17 -> 2.8 | AD17: =IF(AA17=0,0,1)+AA17 -> 1.3636364 | AE17: =IF(Z17=0,0,(AB17*Z17)+AB17) -> 6.02 | AF17: =IF(AA17=0,0,(AC17*AA17)+AC17) -> 3.8181818 | AG17: =IF(Y17=0,0,(AD17*Y17)+AD17) -> 2.9318182 | AH17: =IF(AA17=0,0,(AE17*AA17)+AE17) -> 8.2090909 | AI17: =SUM(AB17:AH17)-AK17 -> 20.292727 | AJ17: =$V17 -> David Dunn | AK17: =IF(W17=3,7,IF(W17=2,3,1)) -> 7
C18: =Picks!E18 -> Spain | D18: =Picks!F18 -> 7 | E18: =Picks!G18 -> 2.4 | F18: =IF(C18="","",INDEX(Odds!K:K,MATCH(C18,Odds!G:G,0))) -> 1 | G18: =IF(C18="","",Picks!P18) -> 1 | H18: =IF(C18="","",+((E18-1)*G18*F18*A$2)) -> 1.4 | I18: =V18 -> Dot Bow | J18: =H50 -> 0 | K18: =H51 -> 0.85 | L18: =H52 -> 0 | M18: =IF(J18=0,0,1)+J18 -> 0 | N18: =IF(K18=0,0,1)+K18 -> 1.85 | O18: =IF(L18=0,0,1)+L18 -> 0 | P18: =IF(K18=0,0,(M18*K18)+M18) -> 0 | Q18: =IF(L18=0,0,(N18*L18)+N18) -> 0 | R18: =IF(J18=0,0,(O18*J18)+O18) -> 0 | S18: =IF(L18=0,0,(P18*L18)+P18) -> 0 | T18: =SUM(M18:S18)-(IF(W18=1,A$2*1,0))-(IF(W18=2,A$2*3,0))-(IF(W18=3,A$2*7,0)) -> -5.15 | U18: =SUM(G50:G52) -> 1 | V18: Dot Bow | W18: =SUM(F50:F52) -> 3 | X18: =+((E18-1)*F18*A$2) -> 1.4 | Y18: =X50 -> 3 | Z18: =X51 -> 0.85 | AA18: =X52 -> 1.7 | AB18: =IF(Y18=0,0,1)+Y18 -> 4 | AC18: =IF(Z18=0,0,1)+Z18 -> 1.85 | AD18: =IF(AA18=0,0,1)+AA18 -> 2.7 | AE18: =IF(Z18=0,0,(AB18*Z18)+AB18) -> 7.4 | AF18: =IF(AA18=0,0,(AC18*AA18)+AC18) -> 4.995 | AG18: =IF(Y18=0,0,(AD18*Y18)+AD18) -> 10.8 | AH18: =IF(AA18=0,0,(AE18*AA18)+AE18) -> 19.98 | AI18: =SUM(AB18:AH18)-AK18 -> 44.725 | AJ18: =$V18 -> Dot Bow | AK18: =IF(W18=3,7,IF(W18=2,3,1)) -> 7
C19: =Picks!E19 -> Slovenia | D19: =Picks!F19 -> 7 | E19: =Picks!G19 -> 2.6 | F19: =IF(C19="","",INDEX(Odds!K:K,MATCH(C19,Odds!G:G,0))) -> 1 | G19: =IF(C19="","",Picks!P19) -> 0 | H19: =IF(C19="","",+((E19-1)*G19*F19*A$2)) -> 0 | I19: =V19 -> Frank Allen | J19: =H53 -> 0 | K19: =H54 -> 0.72727273 | L19: =H55 -> 1.15 | M19: =IF(J19=0,0,1)+J19 -> 0 | N19: =IF(K19=0,0,1)+K19 -> 1.7272727 | O19: =IF(L19=0,0,1)+L19 -> 2.15 | P19: =IF(K19=0,0,(M19*K19)+M19) -> 0 | Q19: =IF(L19=0,0,(N19*L19)+N19) -> 3.7136364 | R19: =IF(J19=0,0,(O19*J19)+O19) -> 0 | S19: =IF(L19=0,0,(P19*L19)+P19) -> 0 | T19: =SUM(M19:S19)-(IF(W19=1,A$2*1,0))-(IF(W19=2,A$2*3,0))-(IF(W19=3,A$2*7,0)) -> 0.59090909 | U19: =SUM(G53:G55) -> 2 | V19: Frank Allen | W19: =SUM(F53:F55) -> 3 | X19: =+((E19-1)*F19*A$2) -> 1.6 | Y19: =X53 -> 2.4 | Z19: =X54 -> 0.72727273 | AA19: =X55 -> 1.15 | AB19: =IF(Y19=0,0,1)+Y19 -> 3.4 | AC19: =IF(Z19=0,0,1)+Z19 -> 1.7272727 | AD19: =IF(AA19=0,0,1)+AA19 -> 2.15 | AE19: =IF(Z19=0,0,(AB19*Z19)+AB19) -> 5.8727273 | AF19: =IF(AA19=0,0,(AC19*AA19)+AC19) -> 3.7136364 | AG19: =IF(Y19=0,0,(AD19*Y19)+AD19) -> 7.31 | AH19: =IF(AA19=0,0,(AE19*AA19)+AE19) -> 12.626364 | AI19: =SUM(AB19:AH19)-AK19 -> 29.8 | AJ19: =$V19 -> Frank Allen | AK19: =IF(W19=3,7,IF(W19=2,3,1)) -> 7
B20: =$V8 -> Barry Birchall | C20: =Picks!E20 -> Plymouth | D20: =Picks!F20 -> 7 | E20: =Picks!G20 -> 1.6153846 | F20: =IF(C20="","",INDEX(Odds!K:K,MATCH(C20,Odds!G:G,0))) -> 1 | G20: =IF(C20="","",Picks!P20) -> 0 | H20: =IF(C20="","",+((E20-1)*G20*F20*A$2)) -> 0 | I20: =V20 -> Gareth Powell | J20: =H56 -> 0 | K20: =H57 -> 0 | L20: =H58 -> 0 | M20: =IF(J20=0,0,1)+J20 -> 0 | N20: =IF(K20=0,0,1)+K20 -> 0 | O20: =IF(L20=0,0,1)+L20 -> 0 | P20: =IF(K20=0,0,(M20*K20)+M20) -> 0 | Q20: =IF(L20=0,0,(N20*L20)+N20) -> 0 | R20: =IF(J20=0,0,(O20*J20)+O20) -> 0 | S20: =IF(L20=0,0,(P20*L20)+P20) -> 0 | T20: =SUM(M20:S20)-(IF(W20=1,A$2*1,0))-(IF(W20=2,A$2*3,0))-(IF(W20=3,A$2*7,0)) -> -7 | U20: =SUM(G56:G58) -> 0 | V20: Gareth Powell | W20: =SUM(F56:F58) -> 3 | X20: =+((E20-1)*F20*A$2) -> 0.61538462 | Y20: =X56 -> 4 | Z20: =X57 -> 1.5 | AA20: =X58 -> 1.5 | AB20: =IF(Y20=0,0,1)+Y20 -> 5 | AC20: =IF(Z20=0,0,1)+Z20 -> 2.5 | AD20: =IF(AA20=0,0,1)+AA20 -> 2.5 | AE20: =IF(Z20=0,0,(AB20*Z20)+AB20) -> 12.5 | AF20: =IF(AA20=0,0,(AC20*AA20)+AC20) -> 6.25 | AG20: =IF(Y20=0,0,(AD20*Y20)+AD20) -> 12.5 | AH20: =IF(AA20=0,0,(AE20*AA20)+AE20) -> 31.25 | AI20: =SUM(AB20:AH20)-AK20 -> 65.5 | AJ20: =$V20 -> Gareth Powell | AK20: =IF(W20=3,7,IF(W20=2,3,1)) -> 7
C21: =Picks!E21 -> Stockport | D21: =Picks!F21 -> 7 | E21: =Picks!G21 -> 1.3636364 | F21: =IF(C21="","",INDEX(Odds!K:K,MATCH(C21,Odds!G:G,0))) -> 1 | G21: =IF(C21="","",Picks!P21) -> 1 | H21: =IF(C21="","",+((E21-1)*G21*F21*A$2)) -> 0.36363636 | I21: =V21 -> Gerard Ventom | J21: =H59 -> 2.4 | K21: =H60 -> 2 | L21: =H61 -> 0 | M21: =IF(J21=0,0,1)+J21 -> 3.4 | N21: =IF(K21=0,0,1)+K21 -> 3 | O21: =IF(L21=0,0,1)+L21 -> 0 | P21: =IF(K21=0,0,(M21*K21)+M21) -> 10.2 | Q21: =IF(L21=0,0,(N21*L21)+N21) -> 0 | R21: =IF(J21=0,0,(O21*J21)+O21) -> 0 | S21: =IF(L21=0,0,(P21*L21)+P21) -> 0 | T21: =SUM(M21:S21)-(IF(W21=1,A$2*1,0))-(IF(W21=2,A$2*3,0))-(IF(W21=3,A$2*7,0)) -> 9.6 | U21: =SUM(G59:G61) -> 2 | V21: Gerard Ventom | W21: =SUM(F59:F61) -> 3 | X21: =+((E21-1)*F21*A$2) -> 0.36363636 | Y21: =X59 -> 2.4 | Z21: =X60 -> 2 | AA21: =X61 -> 1.5 | AB21: =IF(Y21=0,0,1)+Y21 -> 3.4 | AC21: =IF(Z21=0,0,1)+Z21 -> 3 | AD21: =IF(AA21=0,0,1)+AA21 -> 2.5 | AE21: =IF(Z21=0,0,(AB21*Z21)+AB21) -> 10.2 | AF21: =IF(AA21=0,0,(AC21*AA21)+AC21) -> 7.5 | AG21: =IF(Y21=0,0,(AD21*Y21)+AD21) -> 8.5 | AH21: =IF(AA21=0,0,(AE21*AA21)+AE21) -> 25.5 | AI21: =SUM(AB21:AH21)-AK21 -> 53.6 | AJ21: =$V21 -> Gerard Ventom | AK21: =IF(W21=3,7,IF(W21=2,3,1)) -> 7
C22: =Picks!E22 -> Swindon | D22: =Picks!F22 -> 7 | E22: =Picks!G22 -> 2.05 | F22: =IF(C22="","",INDEX(Odds!K:K,MATCH(C22,Odds!G:G,0))) -> 1 | G22: =IF(C22="","",Picks!P22) -> 0 | H22: =IF(C22="","",+((E22-1)*G22*F22*A$2)) -> 0 | I22: =V22 -> Graham Miller | J22: =H62 -> 0 | K22: =H63 -> 0.5 | L22: =H64 -> 0 | M22: =IF(J22=0,0,1)+J22 -> 0 | N22: =IF(K22=0,0,1)+K22 -> 1.5 | O22: =IF(L22=0,0,1)+L22 -> 0 | P22: =IF(K22=0,0,(M22*K22)+M22) -> 0 | Q22: =IF(L22=0,0,(N22*L22)+N22) -> 0 | R22: =IF(J22=0,0,(O22*J22)+O22) -> 0 | S22: =IF(L22=0,0,(P22*L22)+P22) -> 0 | T22: =SUM(M22:S22)-(IF(W22=1,A$2*1,0))-(IF(W22=2,A$2*3,0))-(IF(W22=3,A$2*7,0)) -> -5.5 | U22: =SUM(G62:G64) -> 1 | V22: Graham Miller | W22: =SUM(F62:F64) -> 3 | X22: =+((E22-1)*F22*A$2) -> 1.05 | Y22: =X62 -> 1.1 | Z22: =X63 -> 0.5 | AA22: =X64 -> 1.2 | AB22: =IF(Y22=0,0,1)+Y22 -> 2.1 | AC22: =IF(Z22=0,0,1)+Z22 -> 1.5 | AD22: =IF(AA22=0,0,1)+AA22 -> 2.2 | AE22: =IF(Z22=0,0,(AB22*Z22)+AB22) -> 3.15 | AF22: =IF(AA22=0,0,(AC22*AA22)+AC22) -> 3.3 | AG22: =IF(Y22=0,0,(AD22*Y22)+AD22) -> 4.62 | AH22: =IF(AA22=0,0,(AE22*AA22)+AE22) -> 6.93 | AI22: =SUM(AB22:AH22)-AK22 -> 16.8 | AJ22: =$V22 -> Graham Miller | AK22: =IF(W22=3,7,IF(W22=2,3,1)) -> 7
B23: =$V9 -> Ben Rosser | C23: =Picks!E23 -> Belgium | D23: =Picks!F23 -> 6 | E23: =Picks!G23 -> 3.1 | F23: =IF(C23="","",INDEX(Odds!K:K,MATCH(C23,Odds!G:G,0))) -> 1 | G23: =IF(C23="","",Picks!P23) -> 1 | H23: =IF(C23="","",+((E23-1)*G23*F23*A$2)) -> 2.1 | I23: =V23 -> Howard Bradley | J23: =H65 -> 0.25 | K23: =H66 -> 0.5 | L23: =H67 -> 0 | M23: =IF(J23=0,0,1)+J23 -> 1.25 | N23: =IF(K23=0,0,1)+K23 -> 1.5 | O23: =IF(L23=0,0,1)+L23 -> 0 | P23: =IF(K23=0,0,(M23*K23)+M23) -> 1.875 | Q23: =IF(L23=0,0,(N23*L23)+N23) -> 0 | R23: =IF(J23=0,0,(O23*J23)+O23) -> 0 | S23: =IF(L23=0,0,(P23*L23)+P23) -> 0 | T23: =SUM(M23:S23)-(IF(W23=1,A$2*1,0))-(IF(W23=2,A$2*3,0))-(IF(W23=3,A$2*7,0)) -> -2.375 | U23: =SUM(G65:G67) -> 2 | V23: Howard Bradley | W23: =SUM(F65:F67) -> 3 | X23: =+((E23-1)*F23*A$2) -> 2.1 | Y23: =X65 -> 0.25 | Z23: =X66 -> 0.5 | AA23: =X67 -> 0.36363636 | AB23: =IF(Y23=0,0,1)+Y23 -> 1.25 | AC23: =IF(Z23=0,0,1)+Z23 -> 1.5 | AD23: =IF(AA23=0,0,1)+AA23 -> 1.3636364 | AE23: =IF(Z23=0,0,(AB23*Z23)+AB23) -> 1.875 | AF23: =IF(AA23=0,0,(AC23*AA23)+AC23) -> 2.0454545 | AG23: =IF(Y23=0,0,(AD23*Y23)+AD23) -> 1.7045455 | AH23: =IF(AA23=0,0,(AE23*AA23)+AE23) -> 2.5568182 | AI23: =SUM(AB23:AH23)-AK23 -> 5.2954545 | AJ23: =$V23 -> Howard Bradley | AK23: =IF(W23=3,7,IF(W23=2,3,1)) -> 7
C24: =Picks!E24 -> Spain | D24: =Picks!F24 -> 7 | E24: =Picks!G24 -> 2.4 | F24: =IF(C24="","",INDEX(Odds!K:K,MATCH(C24,Odds!G:G,0))) -> 1 | G24: =IF(C24="","",Picks!P24) -> 1 | H24: =IF(C24="","",+((E24-1)*G24*F24*A$2)) -> 1.4 | I24: =V24 -> Jack Walsh | J24: =H68 -> 1.2 | K24: =H69 -> 0 | L24: =H70 -> 0 | M24: =IF(J24=0,0,1)+J24 -> 2.2 | N24: =IF(K24=0,0,1)+K24 -> 0 | O24: =IF(L24=0,0,1)+L24 -> 0 | P24: =IF(K24=0,0,(M24*K24)+M24) -> 0 | Q24: =IF(L24=0,0,(N24*L24)+N24) -> 0 | R24: =IF(J24=0,0,(O24*J24)+O24) -> 0 | S24: =IF(L24=0,0,(P24*L24)+P24) -> 0 | T24: =SUM(M24:S24)-(IF(W24=1,A$2*1,0))-(IF(W24=2,A$2*3,0))-(IF(W24=3,A$2*7,0)) -> -4.8 | U24: =SUM(G68:G70) -> 1 | V24: Jack Walsh | W24: =SUM(F68:F70) -> 3 | X24: =+((E24-1)*F24*A$2) -> 1.4 | Y24: =X68 -> 1.2 | Z24: =X69 -> 0.61538462 | AA24: =X70 -> 1.625 | AB24: =IF(Y24=0,0,1)+Y24 -> 2.2 | AC24: =IF(Z24=0,0,1)+Z24 -> 1.6153846 | AD24: =IF(AA24=0,0,1)+AA24 -> 2.625 | AE24: =IF(Z24=0,0,(AB24*Z24)+AB24) -> 3.5538462 | AF24: =IF(AA24=0,0,(AC24*AA24)+AC24) -> 4.2403846 | AG24: =IF(Y24=0,0,(AD24*Y24)+AD24) -> 5.775 | AH24: =IF(AA24=0,0,(AE24*AA24)+AE24) -> 9.3288462 | AI24: =SUM(AB24:AH24)-AK24 -> 22.338462 | AJ24: =$V24 -> Jack Walsh | AK24: =IF(W24=3,7,IF(W24=2,3,1)) -> 7
C25: =Picks!E25 -> Slovenia | D25: =Picks!F25 -> 7 | E25: =Picks!G25 -> 2.6 | F25: =IF(C25="","",INDEX(Odds!K:K,MATCH(C25,Odds!G:G,0))) -> 1 | G25: =IF(C25="","",Picks!P25) -> 0 | H25: =IF(C25="","",+((E25-1)*G25*F25*A$2)) -> 0 | I25: =V25 -> Julie Dodd | J25: =H71 -> 0 | K25: =H72 -> 0 | L25: =H73 -> 0.36363636 | M25: =IF(J25=0,0,1)+J25 -> 0 | N25: =IF(K25=0,0,1)+K25 -> 0 | O25: =IF(L25=0,0,1)+L25 -> 1.3636364 | P25: =IF(K25=0,0,(M25*K25)+M25) -> 0 | Q25: =IF(L25=0,0,(N25*L25)+N25) -> 0 | R25: =IF(J25=0,0,(O25*J25)+O25) -> 0 | S25: =IF(L25=0,0,(P25*L25)+P25) -> 0 | T25: =SUM(M25:S25)-(IF(W25=1,A$2*1,0))-(IF(W25=2,A$2*3,0))-(IF(W25=3,A$2*7,0)) -> -5.6363636 | U25: =SUM(G71:G73) -> 1 | V25: Julie Dodd | W25: =SUM(F71:F73) -> 3 | X25: =+((E25-1)*F25*A$2) -> 1.6 | Y25: =X71 -> 0.85 | Z25: =X72 -> 1.05 | AA25: =X73 -> 0.36363636 | AB25: =IF(Y25=0,0,1)+Y25 -> 1.85 | AC25: =IF(Z25=0,0,1)+Z25 -> 2.05 | AD25: =IF(AA25=0,0,1)+AA25 -> 1.3636364 | AE25: =IF(Z25=0,0,(AB25*Z25)+AB25) -> 3.7925 | AF25: =IF(AA25=0,0,(AC25*AA25)+AC25) -> 2.7954545 | AG25: =IF(Y25=0,0,(AD25*Y25)+AD25) -> 2.5227273 | AH25: =IF(AA25=0,0,(AE25*AA25)+AE25) -> 5.1715909 | AI25: =SUM(AB25:AH25)-AK25 -> 12.545909 | AJ25: =$V25 -> Julie Dodd | AK25: =IF(W25=3,7,IF(W25=2,3,1)) -> 7
B26: =$V10 -> Bob Bailey | C26: =Picks!E26 -> Plymouth | D26: =Picks!F26 -> 7 | E26: =Picks!G26 -> 1.6153846 | F26: =IF(C26="","",INDEX(Odds!K:K,MATCH(C26,Odds!G:G,0))) -> 1 | G26: =IF(C26="","",Picks!P26) -> 0 | H26: =IF(C26="","",+((E26-1)*G26*F26*A$2)) -> 0 | I26: =V26 -> Katy Savory | J26: =H74 -> 0 | K26: =H75 -> 0 | L26: =H76 -> 0 | M26: =IF(J26=0,0,1)+J26 -> 0 | N26: =IF(K26=0,0,1)+K26 -> 0 | O26: =IF(L26=0,0,1)+L26 -> 0 | P26: =IF(K26=0,0,(M26*K26)+M26) -> 0 | Q26: =IF(L26=0,0,(N26*L26)+N26) -> 0 | R26: =IF(J26=0,0,(O26*J26)+O26) -> 0 | S26: =IF(L26=0,0,(P26*L26)+P26) -> 0 | T26: =SUM(M26:S26)-(IF(W26=1,A$2*1,0))-(IF(W26=2,A$2*3,0))-(IF(W26=3,A$2*7,0)) -> -7 | U26: =SUM(G74:G76) -> 0 | V26: Katy Savory | W26: =SUM(F74:F76) -> 3 | X26: =+((E26-1)*F26*A$2) -> 0.61538462 | Y26: =X74 -> 1.7 | Z26: =X75 -> 1.2 | AA26: =X76 -> 1.5 | AB26: =IF(Y26=0,0,1)+Y26 -> 2.7 | AC26: =IF(Z26=0,0,1)+Z26 -> 2.2 | AD26: =IF(AA26=0,0,1)+AA26 -> 2.5 | AE26: =IF(Z26=0,0,(AB26*Z26)+AB26) -> 5.94 | AF26: =IF(AA26=0,0,(AC26*AA26)+AC26) -> 5.5 | AG26: =IF(Y26=0,0,(AD26*Y26)+AD26) -> 6.75 | AH26: =IF(AA26=0,0,(AE26*AA26)+AE26) -> 14.85 | AI26: =SUM(AB26:AH26)-AK26 -> 33.44 | AJ26: =$V26 -> Katy Savory | AK26: =IF(W26=3,7,IF(W26=2,3,1)) -> 7
C27: =Picks!E27 -> Fleetwood | D27: =Picks!F27 -> 7 | E27: =Picks!G27 -> 1.85 | F27: =IF(C27="","",INDEX(Odds!K:K,MATCH(C27,Odds!G:G,0))) -> 1 | G27: =IF(C27="","",Picks!P27) -> 0 | H27: =IF(C27="","",+((E27-1)*G27*F27*A$2)) -> 0 | I27: =V27 -> Kevin Carter | J27: =H77 -> 0 | K27: =H78 -> 0.65 | L27: =H79 -> 0 | M27: =IF(J27=0,0,1)+J27 -> 0 | N27: =IF(K27=0,0,1)+K27 -> 1.65 | O27: =IF(L27=0,0,1)+L27 -> 0 | P27: =IF(K27=0,0,(M27*K27)+M27) -> 0 | Q27: =IF(L27=0,0,(N27*L27)+N27) -> 0 | R27: =IF(J27=0,0,(O27*J27)+O27) -> 0 | S27: =IF(L27=0,0,(P27*L27)+P27) -> 0 | T27: =SUM(M27:S27)-(IF(W27=1,A$2*1,0))-(IF(W27=2,A$2*3,0))-(IF(W27=3,A$2*7,0)) -> -5.35 | U27: =SUM(G77:G79) -> 1 | V27: Kevin Carter | W27: =SUM(F77:F79) -> 3 | X27: =+((E27-1)*F27*A$2) -> 0.85 | Y27: =X77 -> 0.61538462 | Z27: =X78 -> 0.65 | AA27: =X79 -> 0.75 | AB27: =IF(Y27=0,0,1)+Y27 -> 1.6153846 | AC27: =IF(Z27=0,0,1)+Z27 -> 1.65 | AD27: =IF(AA27=0,0,1)+AA27 -> 1.75 | AE27: =IF(Z27=0,0,(AB27*Z27)+AB27) -> 2.6653846 | AF27: =IF(AA27=0,0,(AC27*AA27)+AC27) -> 2.8875 | AG27: =IF(Y27=0,0,(AD27*Y27)+AD27) -> 2.8269231 | AH27: =IF(AA27=0,0,(AE27*AA27)+AE27) -> 4.6644231 | AI27: =SUM(AB27:AH27)-AK27 -> 11.059615 | AJ27: =$V27 -> Kevin Carter | AK27: =IF(W27=3,7,IF(W27=2,3,1)) -> 7
C28: =Picks!E28 -> Spain | D28: =Picks!F28 -> 7 | E28: =Picks!G28 -> 2.4 | F28: =IF(C28="","",INDEX(Odds!K:K,MATCH(C28,Odds!G:G,0))) -> 1 | G28: =IF(C28="","",Picks!P28) -> 1 | H28: =IF(C28="","",+((E28-1)*G28*F28*A$2)) -> 1.4 | I28: =V28 -> Lennie Bow | J28: =H80 -> 0 | K28: =H81 -> 0 | L28: =H82 -> 0 | M28: =IF(J28=0,0,1)+J28 -> 0 | N28: =IF(K28=0,0,1)+K28 -> 0 | O28: =IF(L28=0,0,1)+L28 -> 0 | P28: =IF(K28=0,0,(M28*K28)+M28) -> 0 | Q28: =IF(L28=0,0,(N28*L28)+N28) -> 0 | R28: =IF(J28=0,0,(O28*J28)+O28) -> 0 | S28: =IF(L28=0,0,(P28*L28)+P28) -> 0 | T28: =SUM(M28:S28)-(IF(W28=1,A$2*1,0))-(IF(W28=2,A$2*3,0))-(IF(W28=3,A$2*7,0)) -> -7 | U28: =SUM(G80:G82) -> 0 | V28: Lennie Bow | W28: =SUM(F80:F82) -> 3 | X28: =+((E28-1)*F28*A$2) -> 1.4 | Y28: =X80 -> 0.85 | Z28: =X81 -> 0.61538462 | AA28: =X82 -> 0.75 | AB28: =IF(Y28=0,0,1)+Y28 -> 1.85 | AC28: =IF(Z28=0,0,1)+Z28 -> 1.6153846 | AD28: =IF(AA28=0,0,1)+AA28 -> 1.75 | AE28: =IF(Z28=0,0,(AB28*Z28)+AB28) -> 2.9884615 | AF28: =IF(AA28=0,0,(AC28*AA28)+AC28) -> 2.8269231 | AG28: =IF(Y28=0,0,(AD28*Y28)+AD28) -> 3.2375 | AH28: =IF(AA28=0,0,(AE28*AA28)+AE28) -> 5.2298077 | AI28: =SUM(AB28:AH28)-AK28 -> 12.498077 | AJ28: =$V28 -> Lennie Bow | AK28: =IF(W28=3,7,IF(W28=2,3,1)) -> 7
B29: =$V11 -> Charlie Griffiths | C29: =Picks!E29 -> Chesterfield | D29: =Picks!F29 -> 7 | E29: =Picks!G29 -> 2.15 | F29: =IF(C29="","",INDEX(Odds!K:K,MATCH(C29,Odds!G:G,0))) -> 1 | G29: =IF(C29="","",Picks!P29) -> 0 | H29: =IF(C29="","",+((E29-1)*G29*F29*A$2)) -> 0 | I29: =V29 -> Mark Bunn | J29: =H83 -> 0 | K29: =H84 -> 0 | L29: =H85 -> 1.4 | M29: =IF(J29=0,0,1)+J29 -> 0 | N29: =IF(K29=0,0,1)+K29 -> 0 | O29: =IF(L29=0,0,1)+L29 -> 2.4 | P29: =IF(K29=0,0,(M29*K29)+M29) -> 0 | Q29: =IF(L29=0,0,(N29*L29)+N29) -> 0 | R29: =IF(J29=0,0,(O29*J29)+O29) -> 0 | S29: =IF(L29=0,0,(P29*L29)+P29) -> 0 | T29: =SUM(M29:S29)-(IF(W29=1,A$2*1,0))-(IF(W29=2,A$2*3,0))-(IF(W29=3,A$2*7,0)) -> -4.6 | U29: =SUM(G83:G85) -> 1 | V29: Mark Bunn | W29: =SUM(F83:F85) -> 3 | X29: =+((E29-1)*F29*A$2) -> 1.15 | Y29: =X83 -> 2.1 | Z29: =X84 -> 1.05 | AA29: =X85 -> 1.4 | AB29: =IF(Y29=0,0,1)+Y29 -> 3.1 | AC29: =IF(Z29=0,0,1)+Z29 -> 2.05 | AD29: =IF(AA29=0,0,1)+AA29 -> 2.4 | AE29: =IF(Z29=0,0,(AB29*Z29)+AB29) -> 6.355 | AF29: =IF(AA29=0,0,(AC29*AA29)+AC29) -> 4.92 | AG29: =IF(Y29=0,0,(AD29*Y29)+AD29) -> 7.44 | AH29: =IF(AA29=0,0,(AE29*AA29)+AE29) -> 15.252 | AI29: =SUM(AB29:AH29)-AK29 -> 34.517 | AJ29: =$V29 -> Mark Bunn | AK29: =IF(W29=3,7,IF(W29=2,3,1)) -> 7
C30: =Picks!E30 -> Reading | D30: =Picks!F30 -> 7 | E30: =Picks!G30 -> 2.5 | F30: =IF(C30="","",INDEX(Odds!K:K,MATCH(C30,Odds!G:G,0))) -> 1 | G30: =IF(C30="","",Picks!P30) -> 0 | H30: =IF(C30="","",+((E30-1)*G30*F30*A$2)) -> 0 | I30: =V30 -> Mark Saunders | J30: =H86 -> 1.625 | K30: =H87 -> 0.5 | L30: =H88 -> 0.5 | M30: =IF(J30=0,0,1)+J30 -> 2.625 | N30: =IF(K30=0,0,1)+K30 -> 1.5 | O30: =IF(L30=0,0,1)+L30 -> 1.5 | P30: =IF(K30=0,0,(M30*K30)+M30) -> 3.9375 | Q30: =IF(L30=0,0,(N30*L30)+N30) -> 2.25 | R30: =IF(J30=0,0,(O30*J30)+O30) -> 3.9375 | S30: =IF(L30=0,0,(P30*L30)+P30) -> 5.90625 | T30: =SUM(M30:S30)-(IF(W30=1,A$2*1,0))-(IF(W30=2,A$2*3,0))-(IF(W30=3,A$2*7,0)) -> 14.65625 | U30: =SUM(G86:G88) -> 3 | V30: Mark Saunders | W30: =SUM(F86:F88) -> 3 | X30: =+((E30-1)*F30*A$2) -> 1.5 | Y30: =X86 -> 1.625 | Z30: =X87 -> 0.5 | AA30: =X88 -> 0.5 | AB30: =IF(Y30=0,0,1)+Y30 -> 2.625 | AC30: =IF(Z30=0,0,1)+Z30 -> 1.5 | AD30: =IF(AA30=0,0,1)+AA30 -> 1.5 | AE30: =IF(Z30=0,0,(AB30*Z30)+AB30) -> 3.9375 | AF30: =IF(AA30=0,0,(AC30*AA30)+AC30) -> 2.25 | AG30: =IF(Y30=0,0,(AD30*Y30)+AD30) -> 3.9375 | AH30: =IF(AA30=0,0,(AE30*AA30)+AE30) -> 5.90625 | AI30: =SUM(AB30:AH30)-AK30 -> 14.65625 | AJ30: =$V30 -> Mark Saunders | AK30: =IF(W30=3,7,IF(W30=2,3,1)) -> 7
C31: =Picks!E31 -> Tamworth | D31: =Picks!F31 -> 1 | E31: =Picks!G31 -> 2.5 | F31: =IF(C31="","",INDEX(Odds!K:K,MATCH(C31,Odds!G:G,0))) -> 1 | G31: =IF(C31="","",Picks!P31) -> 0 | H31: =IF(C31="","",+((E31-1)*G31*F31*A$2)) -> 0 | I31: =V31 -> Martin Molyneux | J31: =H89 | K31: =H90 | L31: =H91 | M31: =IF(J31=0,0,1)+J31 -> #VALUE! | N31: =IF(K31=0,0,1)+K31 -> #VALUE! | O31: =IF(L31=0,0,1)+L31 -> #VALUE! | P31: =IF(K31=0,0,(M31*K31)+M31) -> #VALUE! | Q31: =IF(L31=0,0,(N31*L31)+N31) -> #VALUE! | R31: =IF(J31=0,0,(O31*J31)+O31) -> #VALUE! | S31: =IF(L31=0,0,(P31*L31)+P31) -> #VALUE! | T31: =SUM(M31:S31)-(IF(W31=1,A$2*1,0))-(IF(W31=2,A$2*3,0))-(IF(W31=3,A$2*7,0)) -> #VALUE! | U31: =SUM(G89:G91) -> 0 | V31: Martin Molyneux | W31: =SUM(F89:F91) -> 0 | X31: =+((E31-1)*F31*A$2) -> 1.5 | Y31: =X89 -> #VALUE! | Z31: =X90 -> #VALUE! | AA31: =X91 -> #VALUE! | AB31: =IF(Y31=0,0,1)+Y31 -> #VALUE! | AC31: =IF(Z31=0,0,1)+Z31 -> #VALUE! | AD31: =IF(AA31=0,0,1)+AA31 -> #VALUE! | AE31: =IF(Z31=0,0,(AB31*Z31)+AB31) -> #VALUE! | AF31: =IF(AA31=0,0,(AC31*AA31)+AC31) -> #VALUE! | AG31: =IF(Y31=0,0,(AD31*Y31)+AD31) -> #VALUE! | AH31: =IF(AA31=0,0,(AE31*AA31)+AE31) -> #VALUE! | AI31: =SUM(AB31:AH31)-AK31 -> #VALUE! | AJ31: =$V31 -> Martin Molyneux | AK31: =IF(W31=3,7,IF(W31=2,3,1)) -> 1
B32: =$V12 -> Chris Bow | C32: =Picks!E32 -> Faroe Islands | D32: =Picks!F32 -> 7 | E32: =Picks!G32 -> 2.3 | F32: =IF(C32="","",INDEX(Odds!K:K,MATCH(C32,Odds!G:G,0))) -> 1 | G32: =IF(C32="","",Picks!P32) -> 0 | H32: =IF(C32="","",+((E32-1)*G32*F32*A$2)) -> 0 | I32: =V32 -> Martin Tarbuck | J32: =H92 | K32: =H93 | L32: =H94 | M32: =IF(J32=0,0,1)+J32 -> #VALUE! | N32: =IF(K32=0,0,1)+K32 -> #VALUE! | O32: =IF(L32=0,0,1)+L32 -> #VALUE! | P32: =IF(K32=0,0,(M32*K32)+M32) -> #VALUE! | Q32: =IF(L32=0,0,(N32*L32)+N32) -> #VALUE! | R32: =IF(J32=0,0,(O32*J32)+O32) -> #VALUE! | S32: =IF(L32=0,0,(P32*L32)+P32) -> #VALUE! | T32: =SUM(M32:S32)-(IF(W32=1,A$2*1,0))-(IF(W32=2,A$2*3,0))-(IF(W32=3,A$2*7,0)) -> #VALUE! | U32: =SUM(G92:G94) -> 0 | V32: Martin Tarbuck | W32: =SUM(F92:F94) -> 0 | X32: =+((E32-1)*F32*A$2) -> 1.3 | Y32: =X92 -> #VALUE! | Z32: =X93 -> #VALUE! | AA32: =X94 -> #VALUE! | AB32: =IF(Y32=0,0,1)+Y32 -> #VALUE! | AC32: =IF(Z32=0,0,1)+Z32 -> #VALUE! | AD32: =IF(AA32=0,0,1)+AA32 -> #VALUE! | AE32: =IF(Z32=0,0,(AB32*Z32)+AB32) -> #VALUE! | AF32: =IF(AA32=0,0,(AC32*AA32)+AC32) -> #VALUE! | AG32: =IF(Y32=0,0,(AD32*Y32)+AD32) -> #VALUE! | AH32: =IF(AA32=0,0,(AE32*AA32)+AE32) -> #VALUE! | AI32: =SUM(AB32:AH32)-AK32 -> #VALUE! | AJ32: =$V32 -> Martin Tarbuck | AK32: =IF(W32=3,7,IF(W32=2,3,1)) -> 1
C33: =Picks!E33 -> Croatia | D33: =Picks!F33 -> 7 | E33: =Picks!G33 -> 2.15 | F33: =IF(C33="","",INDEX(Odds!K:K,MATCH(C33,Odds!G:G,0))) -> 1 | G33: =IF(C33="","",Picks!P33) -> 1 | H33: =IF(C33="","",+((E33-1)*G33*F33*A$2)) -> 1.15 | I33: =V33 -> Mike Penk | J33: =H95 -> 0 | K33: =H96 -> 0 | L33: =H97 -> 1.2 | M33: =IF(J33=0,0,1)+J33 -> 0 | N33: =IF(K33=0,0,1)+K33 -> 0 | O33: =IF(L33=0,0,1)+L33 -> 2.2 | P33: =IF(K33=0,0,(M33*K33)+M33) -> 0 | Q33: =IF(L33=0,0,(N33*L33)+N33) -> 0 | R33: =IF(J33=0,0,(O33*J33)+O33) -> 0 | S33: =IF(L33=0,0,(P33*L33)+P33) -> 0 | T33: =SUM(M33:S33)-(IF(W33=1,A$2*1,0))-(IF(W33=2,A$2*3,0))-(IF(W33=3,A$2*7,0)) -> -4.8 | U33: =SUM(G95:G97) -> 1 | V33: Mike Penk | W33: =SUM(F95:F97) -> 3 | X33: =+((E33-1)*F33*A$2) -> 1.15 | Y33: =X95 -> 0.8 | Z33: =X96 -> 1.2 | AA33: =X97 -> 1.2 | AB33: =IF(Y33=0,0,1)+Y33 -> 1.8 | AC33: =IF(Z33=0,0,1)+Z33 -> 2.2 | AD33: =IF(AA33=0,0,1)+AA33 -> 2.2 | AE33: =IF(Z33=0,0,(AB33*Z33)+AB33) -> 3.96 | AF33: =IF(AA33=0,0,(AC33*AA33)+AC33) -> 4.84 | AG33: =IF(Y33=0,0,(AD33*Y33)+AD33) -> 3.96 | AH33: =IF(AA33=0,0,(AE33*AA33)+AE33) -> 8.712 | AI33: =SUM(AB33:AH33)-AK33 -> 20.672 | AJ33: =$V33 -> Mike Penk | AK33: =IF(W33=3,7,IF(W33=2,3,1)) -> 7
C34: =Picks!E34 -> Slovenia | D34: =Picks!F34 -> 7 | E34: =Picks!G34 -> 2.6 | F34: =IF(C34="","",INDEX(Odds!K:K,MATCH(C34,Odds!G:G,0))) -> 1 | G34: =IF(C34="","",Picks!P34) -> 0 | H34: =IF(C34="","",+((E34-1)*G34*F34*A$2)) -> 0 | I34: =V34 -> Naaman Boyd | J34: =H98 -> 0 | K34: =H99 -> 0 | L34: =H100 -> 0.5 | M34: =IF(J34=0,0,1)+J34 -> 0 | N34: =IF(K34=0,0,1)+K34 -> 0 | O34: =IF(L34=0,0,1)+L34 -> 1.5 | P34: =IF(K34=0,0,(M34*K34)+M34) -> 0 | Q34: =IF(L34=0,0,(N34*L34)+N34) -> 0 | R34: =IF(J34=0,0,(O34*J34)+O34) -> 0 | S34: =IF(L34=0,0,(P34*L34)+P34) -> 0 | T34: =SUM(M34:S34)-(IF(W34=1,A$2*1,0))-(IF(W34=2,A$2*3,0))-(IF(W34=3,A$2*7,0)) -> -5.5 | U34: =SUM(G98:G100) -> 1 | V34: Naaman Boyd | W34: =SUM(F98:F100) -> 3 | X34: =+((E34-1)*F34*A$2) -> 1.6 | Y34: =X98 -> 1.5 | Z34: =X99 -> 1.5 | AA34: =X100 -> 0.5 | AB34: =IF(Y34=0,0,1)+Y34 -> 2.5 | AC34: =IF(Z34=0,0,1)+Z34 -> 2.5 | AD34: =IF(AA34=0,0,1)+AA34 -> 1.5 | AE34: =IF(Z34=0,0,(AB34*Z34)+AB34) -> 6.25 | AF34: =IF(AA34=0,0,(AC34*AA34)+AC34) -> 3.75 | AG34: =IF(Y34=0,0,(AD34*Y34)+AD34) -> 3.75 | AH34: =IF(AA34=0,0,(AE34*AA34)+AE34) -> 9.375 | AI34: =SUM(AB34:AH34)-AK34 -> 22.625 | AJ34: =$V34 -> Naaman Boyd | AK34: =IF(W34=3,7,IF(W34=2,3,1)) -> 7
B35: =$V13 -> Chris Griffin | C35: =Picks!E35 -> Italy draw | D35: =Picks!F35 -> 6 | E35: =Picks!G35 -> 3.4 | F35: =IF(C35="","",INDEX(Odds!K:K,MATCH(C35,Odds!G:G,0))) -> 1 | G35: =IF(C35="","",Picks!P35) -> 0 | H35: =IF(C35="","",+((E35-1)*G35*F35*A$2)) -> 0 | I35: =V35 -> Nick Blocksidge | J35: =H101 -> 0.36363636 | K35: =H102 -> 0.5 | L35: =H103 -> 0 | M35: =IF(J35=0,0,1)+J35 -> 1.3636364 | N35: =IF(K35=0,0,1)+K35 -> 1.5 | O35: =IF(L35=0,0,1)+L35 -> 0 | P35: =IF(K35=0,0,(M35*K35)+M35) -> 2.0454545 | Q35: =IF(L35=0,0,(N35*L35)+N35) -> 0 | R35: =IF(J35=0,0,(O35*J35)+O35) -> 0 | S35: =IF(L35=0,0,(P35*L35)+P35) -> 0 | T35: =SUM(M35:S35)-(IF(W35=1,A$2*1,0))-(IF(W35=2,A$2*3,0))-(IF(W35=3,A$2*7,0)) -> -2.0909091 | U35: =SUM(G101:G103) -> 2 | V35: Nick Blocksidge | W35: =SUM(F101:F103) -> 3 | X35: =+((E35-1)*F35*A$2) -> 2.4 | Y35: =X101 -> 0.36363636 | Z35: =X102 -> 0.5 | AA35: =X103 -> 2.4 | AB35: =IF(Y35=0,0,1)+Y35 -> 1.3636364 | AC35: =IF(Z35=0,0,1)+Z35 -> 1.5 | AD35: =IF(AA35=0,0,1)+AA35 -> 3.4 | AE35: =IF(Z35=0,0,(AB35*Z35)+AB35) -> 2.0454545 | AF35: =IF(AA35=0,0,(AC35*AA35)+AC35) -> 5.1 | AG35: =IF(Y35=0,0,(AD35*Y35)+AD35) -> 4.6363636 | AH35: =IF(AA35=0,0,(AE35*AA35)+AE35) -> 6.9545455 | AI35: =SUM(AB35:AH35)-AK35 -> 18 | AJ35: =$V35 -> Nick Blocksidge | AK35: =IF(W35=3,7,IF(W35=2,3,1)) -> 7
C36: =Picks!E36 -> Walsall | D36: =Picks!F36 -> 7 | E36: =Picks!G36 -> 2.7 | F36: =IF(C36="","",INDEX(Odds!K:K,MATCH(C36,Odds!G:G,0))) -> 1 | G36: =IF(C36="","",Picks!P36) -> 0 | H36: =IF(C36="","",+((E36-1)*G36*F36*A$2)) -> 0 | I36: =V36 -> Nigel Heyes | J36: =H104 -> 0 | K36: =H105 -> 0 | L36: =H106 -> 0 | M36: =IF(J36=0,0,1)+J36 -> 0 | N36: =IF(K36=0,0,1)+K36 -> 0 | O36: =IF(L36=0,0,1)+L36 -> 0 | P36: =IF(K36=0,0,(M36*K36)+M36) -> 0 | Q36: =IF(L36=0,0,(N36*L36)+N36) -> 0 | R36: =IF(J36=0,0,(O36*J36)+O36) -> 0 | S36: =IF(L36=0,0,(P36*L36)+P36) -> 0 | T36: =SUM(M36:S36)-(IF(W36=1,A$2*1,0))-(IF(W36=2,A$2*3,0))-(IF(W36=3,A$2*7,0)) -> -7 | U36: =SUM(G104:G106) -> 0 | V36: Nigel Heyes | W36: =SUM(F104:F106) -> 3 | X36: =+((E36-1)*F36*A$2) -> 1.7 | Y36: =X104 -> 1.15 | Z36: =X105 -> 1.1 | AA36: =X106 -> 1.05 | AB36: =IF(Y36=0,0,1)+Y36 -> 2.15 | AC36: =IF(Z36=0,0,1)+Z36 -> 2.1 | AD36: =IF(AA36=0,0,1)+AA36 -> 2.05 | AE36: =IF(Z36=0,0,(AB36*Z36)+AB36) -> 4.515 | AF36: =IF(AA36=0,0,(AC36*AA36)+AC36) -> 4.305 | AG36: =IF(Y36=0,0,(AD36*Y36)+AD36) -> 4.4075 | AH36: =IF(AA36=0,0,(AE36*AA36)+AE36) -> 9.25575 | AI36: =SUM(AB36:AH36)-AK36 -> 21.78325 | AJ36: =$V36 -> Nigel Heyes | AK36: =IF(W36=3,7,IF(W36=2,3,1)) -> 7
C37: =Picks!E37 -> England draw | D37: =Picks!F37 -> 7 | E37: =Picks!G37 -> 3.1 | F37: =IF(C37="","",INDEX(Odds!K:K,MATCH(C37,Odds!G:G,0))) -> 1 | G37: =IF(C37="","",Picks!P37) -> 0 | H37: =IF(C37="","",+((E37-1)*G37*F37*A$2)) -> 0 | I37: =V37 -> Paul Adderley | J37: =H107 -> 0 | K37: =H108 -> 0 | L37: =H109 -> 0.72727273 | M37: =IF(J37=0,0,1)+J37 -> 0 | N37: =IF(K37=0,0,1)+K37 -> 0 | O37: =IF(L37=0,0,1)+L37 -> 1.7272727 | P37: =IF(K37=0,0,(M37*K37)+M37) -> 0 | Q37: =IF(L37=0,0,(N37*L37)+N37) -> 0 | R37: =IF(J37=0,0,(O37*J37)+O37) -> 0 | S37: =IF(L37=0,0,(P37*L37)+P37) -> 0 | T37: =SUM(M37:S37)-(IF(W37=1,A$2*1,0))-(IF(W37=2,A$2*3,0))-(IF(W37=3,A$2*7,0)) -> -5.2727273 | U37: =SUM(G107:G109) -> 1 | V37: Paul Adderley | W37: =SUM(F107:F109) -> 3 | X37: =+((E37-1)*F37*A$2) -> 2.1 | Y37: =X107 -> 0.8 | Z37: =X108 -> 0.61538462 | AA37: =X109 -> 0.72727273 | AB37: =IF(Y37=0,0,1)+Y37 -> 1.8 | AC37: =IF(Z37=0,0,1)+Z37 -> 1.6153846 | AD37: =IF(AA37=0,0,1)+AA37 -> 1.7272727 | AE37: =IF(Z37=0,0,(AB37*Z37)+AB37) -> 2.9076923 | AF37: =IF(AA37=0,0,(AC37*AA37)+AC37) -> 2.7902098 | AG37: =IF(Y37=0,0,(AD37*Y37)+AD37) -> 3.1090909 | AH37: =IF(AA37=0,0,(AE37*AA37)+AE37) -> 5.0223776 | AI37: =SUM(AB37:AH37)-AK37 -> 11.972028 | AJ37: =$V37 -> Paul Adderley | AK37: =IF(W37=3,7,IF(W37=2,3,1)) -> 7
B38: =$V14 -> Chris Luck | C38: =Picks!E38 -> Reading | D38: =Picks!F38 -> 7 | E38: =Picks!G38 -> 2.5 | F38: =IF(C38="","",INDEX(Odds!K:K,MATCH(C38,Odds!G:G,0))) -> 1 | G38: =IF(C38="","",Picks!P38) -> 0 | H38: =IF(C38="","",+((E38-1)*G38*F38*A$2)) -> 0 | I38: =V38 -> Paul Allen | J38: =H110 -> 0 | K38: =H111 -> 0 | L38: =H112 -> 0 | M38: =IF(J38=0,0,1)+J38 -> 0 | N38: =IF(K38=0,0,1)+K38 -> 0 | O38: =IF(L38=0,0,1)+L38 -> 0 | P38: =IF(K38=0,0,(M38*K38)+M38) -> 0 | Q38: =IF(L38=0,0,(N38*L38)+N38) -> 0 | R38: =IF(J38=0,0,(O38*J38)+O38) -> 0 | S38: =IF(L38=0,0,(P38*L38)+P38) -> 0 | T38: =SUM(M38:S38)-(IF(W38=1,A$2*1,0))-(IF(W38=2,A$2*3,0))-(IF(W38=3,A$2*7,0)) -> -7 | U38: =SUM(G110:G112) -> 0 | V38: Paul Allen | W38: =SUM(F110:F112) -> 3 | X38: =+((E38-1)*F38*A$2) -> 1.5 | Y38: =X110 -> 2.4 | Z38: =X111 -> 2.3 | AA38: =X112 -> 2.1 | AB38: =IF(Y38=0,0,1)+Y38 -> 3.4 | AC38: =IF(Z38=0,0,1)+Z38 -> 3.3 | AD38: =IF(AA38=0,0,1)+AA38 -> 3.1 | AE38: =IF(Z38=0,0,(AB38*Z38)+AB38) -> 11.22 | AF38: =IF(AA38=0,0,(AC38*AA38)+AC38) -> 10.23 | AG38: =IF(Y38=0,0,(AD38*Y38)+AD38) -> 10.54 | AH38: =IF(AA38=0,0,(AE38*AA38)+AE38) -> 34.782 | AI38: =SUM(AB38:AH38)-AK38 -> 69.572 | AJ38: =$V38 -> Paul Allen | AK38: =IF(W38=3,7,IF(W38=2,3,1)) -> 7
C39: =Picks!E39 -> Chesterfield | D39: =Picks!F39 -> 7 | E39: =Picks!G39 -> 2.15 | F39: =IF(C39="","",INDEX(Odds!K:K,MATCH(C39,Odds!G:G,0))) -> 1 | G39: =IF(C39="","",Picks!P39) -> 0 | H39: =IF(C39="","",+((E39-1)*G39*F39*A$2)) -> 0 | I39: =V39 -> Paul Barnes | J39: =H113 -> 0.5 | K39: =H114 -> 0.7 | L39: =H115 -> 1.5 | M39: =IF(J39=0,0,1)+J39 -> 1.5 | N39: =IF(K39=0,0,1)+K39 -> 1.7 | O39: =IF(L39=0,0,1)+L39 -> 2.5 | P39: =IF(K39=0,0,(M39*K39)+M39) -> 2.55 | Q39: =IF(L39=0,0,(N39*L39)+N39) -> 4.25 | R39: =IF(J39=0,0,(O39*J39)+O39) -> 3.75 | S39: =IF(L39=0,0,(P39*L39)+P39) -> 6.375 | T39: =SUM(M39:S39)-(IF(W39=1,A$2*1,0))-(IF(W39=2,A$2*3,0))-(IF(W39=3,A$2*7,0)) -> 15.625 | U39: =SUM(G113:G115) -> 3 | V39: Paul Barnes | W39: =SUM(F113:F115) -> 3 | X39: =+((E39-1)*F39*A$2) -> 1.15 | Y39: =X113 -> 0.5 | Z39: =X114 -> 0.7 | AA39: =X115 -> 1.5 | AB39: =IF(Y39=0,0,1)+Y39 -> 1.5 | AC39: =IF(Z39=0,0,1)+Z39 -> 1.7 | AD39: =IF(AA39=0,0,1)+AA39 -> 2.5 | AE39: =IF(Z39=0,0,(AB39*Z39)+AB39) -> 2.55 | AF39: =IF(AA39=0,0,(AC39*AA39)+AC39) -> 4.25 | AG39: =IF(Y39=0,0,(AD39*Y39)+AD39) -> 3.75 | AH39: =IF(AA39=0,0,(AE39*AA39)+AE39) -> 6.375 | AI39: =SUM(AB39:AH39)-AK39 -> 15.625 | AJ39: =$V39 -> Paul Barnes | AK39: =IF(W39=3,7,IF(W39=2,3,1)) -> 7
C40: =Picks!E40 -> Rotherham | D40: =Picks!F40 -> 7 | E40: =Picks!G40 -> 2.1 | F40: =IF(C40="","",INDEX(Odds!K:K,MATCH(C40,Odds!G:G,0))) -> 1 | G40: =IF(C40="","",Picks!P40) -> 0 | H40: =IF(C40="","",+((E40-1)*G40*F40*A$2)) -> 0 | I40: =V40 -> Paul Fairhurst | J40: =H116 -> 1.4 | K40: =H117 -> 0.1 | L40: =H118 -> 1.5 | M40: =IF(J40=0,0,1)+J40 -> 2.4 | N40: =IF(K40=0,0,1)+K40 -> 1.1 | O40: =IF(L40=0,0,1)+L40 -> 2.5 | P40: =IF(K40=0,0,(M40*K40)+M40) -> 2.64 | Q40: =IF(L40=0,0,(N40*L40)+N40) -> 2.75 | R40: =IF(J40=0,0,(O40*J40)+O40) -> 6 | S40: =IF(L40=0,0,(P40*L40)+P40) -> 6.6 | T40: =SUM(M40:S40)-(IF(W40=1,A$2*1,0))-(IF(W40=2,A$2*3,0))-(IF(W40=3,A$2*7,0)) -> 16.99 | U40: =SUM(G116:G118) -> 3 | V40: Paul Fairhurst | W40: =SUM(F116:F118) -> 3 | X40: =+((E40-1)*F40*A$2) -> 1.1 | Y40: =X116 -> 1.4 | Z40: =X117 -> 0.1 | AA40: =X118 -> 1.5 | AB40: =IF(Y40=0,0,1)+Y40 -> 2.4 | AC40: =IF(Z40=0,0,1)+Z40 -> 1.1 | AD40: =IF(AA40=0,0,1)+AA40 -> 2.5 | AE40: =IF(Z40=0,0,(AB40*Z40)+AB40) -> 2.64 | AF40: =IF(AA40=0,0,(AC40*AA40)+AC40) -> 2.75 | AG40: =IF(Y40=0,0,(AD40*Y40)+AD40) -> 6 | AH40: =IF(AA40=0,0,(AE40*AA40)+AE40) -> 6.6 | AI40: =SUM(AB40:AH40)-AK40 -> 16.99 | AJ40: =$V40 -> Paul Fairhurst | AK40: =IF(W40=3,7,IF(W40=2,3,1)) -> 7
B41: =$V15 -> Dan Gibbard | C41: =Picks!E41 -> Southend | D41: =Picks!F41 -> 1 | E41: =Picks!G41 -> 1.75 | F41: =IF(C41="","",INDEX(Odds!K:K,MATCH(C41,Odds!G:G,0))) -> 1 | G41: =IF(C41="","",Picks!P41) -> 0 | H41: =IF(C41="","",+((E41-1)*G41*F41*A$2)) -> 0 | I41: =V41 -> Phil Miller | J41: =H119 -> 0.7 | K41: =H120 -> 0.44444444 | L41: =H121 -> 0 | M41: =IF(J41=0,0,1)+J41 -> 1.7 | N41: =IF(K41=0,0,1)+K41 -> 1.4444444 | O41: =IF(L41=0,0,1)+L41 -> 0 | P41: =IF(K41=0,0,(M41*K41)+M41) -> 2.4555556 | Q41: =IF(L41=0,0,(N41*L41)+N41) -> 0 | R41: =IF(J41=0,0,(O41*J41)+O41) -> 0 | S41: =IF(L41=0,0,(P41*L41)+P41) -> 0 | T41: =SUM(M41:S41)-(IF(W41=1,A$2*1,0))-(IF(W41=2,A$2*3,0))-(IF(W41=3,A$2*7,0)) -> -1.4 | U41: =SUM(G119:G121) -> 2 | V41: Phil Miller | W41: =SUM(F119:F121) -> 3 | X41: =+((E41-1)*F41*A$2) -> 0.75 | Y41: =X119 -> 0.7 | Z41: =X120 -> 0.44444444 | AA41: =X121 -> 0.28571429 | AB41: =IF(Y41=0,0,1)+Y41 -> 1.7 | AC41: =IF(Z41=0,0,1)+Z41 -> 1.4444444 | AD41: =IF(AA41=0,0,1)+AA41 -> 1.2857143 | AE41: =IF(Z41=0,0,(AB41*Z41)+AB41) -> 2.4555556 | AF41: =IF(AA41=0,0,(AC41*AA41)+AC41) -> 1.8571429 | AG41: =IF(Y41=0,0,(AD41*Y41)+AD41) -> 2.1857143 | AH41: =IF(AA41=0,0,(AE41*AA41)+AE41) -> 3.1571429 | AI41: =SUM(AB41:AH41)-AK41 -> 7.0857143 | AJ41: =$V41 -> Phil Miller | AK41: =IF(W41=3,7,IF(W41=2,3,1)) -> 7
C42: =Picks!E42 -> Netherlands | D42: =Picks!F42 -> 1 | E42: =Picks!G42 -> 1.6153846 | F42: =IF(C42="","",INDEX(Odds!K:K,MATCH(C42,Odds!G:G,0))) -> 1 | G42: =IF(C42="","",Picks!P42) -> 1 | H42: =IF(C42="","",+((E42-1)*G42*F42*A$2)) -> 0.61538462 | I42: =V42 -> Rob England | J42: =H122 -> 0 | K42: =H123 -> 0.36363636 | L42: =H124 -> 0 | M42: =IF(J42=0,0,1)+J42 -> 0 | N42: =IF(K42=0,0,1)+K42 -> 1.3636364 | O42: =IF(L42=0,0,1)+L42 -> 0 | P42: =IF(K42=0,0,(M42*K42)+M42) -> 0 | Q42: =IF(L42=0,0,(N42*L42)+N42) -> 0 | R42: =IF(J42=0,0,(O42*J42)+O42) -> 0 | S42: =IF(L42=0,0,(P42*L42)+P42) -> 0 | T42: =SUM(M42:S42)-(IF(W42=1,A$2*1,0))-(IF(W42=2,A$2*3,0))-(IF(W42=3,A$2*7,0)) -> -5.6363636 | U42: =SUM(G122:G124) -> 1 | V42: Rob England | W42: =SUM(F122:F124) -> 3 | X42: =+((E42-1)*F42*A$2) -> 0.61538462 | Y42: =X122 -> 0.61538462 | Z42: =X123 -> 0.36363636 | AA42: =X124 -> 0.8 | AB42: =IF(Y42=0,0,1)+Y42 -> 1.6153846 | AC42: =IF(Z42=0,0,1)+Z42 -> 1.3636364 | AD42: =IF(AA42=0,0,1)+AA42 -> 1.8 | AE42: =IF(Z42=0,0,(AB42*Z42)+AB42) -> 2.2027972 | AF42: =IF(AA42=0,0,(AC42*AA42)+AC42) -> 2.4545455 | AG42: =IF(Y42=0,0,(AD42*Y42)+AD42) -> 2.9076923 | AH42: =IF(AA42=0,0,(AE42*AA42)+AE42) -> 3.965035 | AI42: =SUM(AB42:AH42)-AK42 -> 9.3090909 | AJ42: =$V42 -> Rob England | AK42: =IF(W42=3,7,IF(W42=2,3,1)) -> 7
C43: =Picks!E43 -> Austria | D43: =Picks!F43 -> 1 | E43: =Picks!G43 -> 1.5 | F43: =IF(C43="","",INDEX(Odds!K:K,MATCH(C43,Odds!G:G,0))) -> 1 | G43: =IF(C43="","",Picks!P43) -> 1 | H43: =IF(C43="","",+((E43-1)*G43*F43*A$2)) -> 0.5 | I43: =V43 -> Simon Greenhalgh | J43: =H125 -> 0 | K43: =H126 -> 0.5 | L43: =H127 -> 0.5 | M43: =IF(J43=0,0,1)+J43 -> 0 | N43: =IF(K43=0,0,1)+K43 -> 1.5 | O43: =IF(L43=0,0,1)+L43 -> 1.5 | P43: =IF(K43=0,0,(M43*K43)+M43) -> 0 | Q43: =IF(L43=0,0,(N43*L43)+N43) -> 2.25 | R43: =IF(J43=0,0,(O43*J43)+O43) -> 0 | S43: =IF(L43=0,0,(P43*L43)+P43) -> 0 | T43: =SUM(M43:S43)-(IF(W43=1,A$2*1,0))-(IF(W43=2,A$2*3,0))-(IF(W43=3,A$2*7,0)) -> -1.75 | U43: =SUM(G125:G127) -> 2 | V43: Simon Greenhalgh | W43: =SUM(F125:F127) -> 3 | X43: =+((E43-1)*F43*A$2) -> 0.5 | Y43: =X125 -> 0.61538462 | Z43: =X126 -> 0.5 | AA43: =X127 -> 0.5 | AB43: =IF(Y43=0,0,1)+Y43 -> 1.6153846 | AC43: =IF(Z43=0,0,1)+Z43 -> 1.5 | AD43: =IF(AA43=0,0,1)+AA43 -> 1.5 | AE43: =IF(Z43=0,0,(AB43*Z43)+AB43) -> 2.4230769 | AF43: =IF(AA43=0,0,(AC43*AA43)+AC43) -> 2.25 | AG43: =IF(Y43=0,0,(AD43*Y43)+AD43) -> 2.4230769 | AH43: =IF(AA43=0,0,(AE43*AA43)+AE43) -> 3.6346154 | AI43: =SUM(AB43:AH43)-AK43 -> 8.3461538 | AJ43: =$V43 -> Simon Greenhalgh | AK43: =IF(W43=3,7,IF(W43=2,3,1)) -> 7
B44: =$V16 -> Dave Bell | C44: =Picks!E44 -> Belgium | D44: =Picks!F44 -> 6 | E44: =Picks!G44 -> 3.1 | F44: =IF(C44="","",INDEX(Odds!K:K,MATCH(C44,Odds!G:G,0))) -> 1 | G44: =IF(C44="","",Picks!P44) -> 1 | H44: =IF(C44="","",+((E44-1)*G44*F44*A$2)) -> 2.1 | I44: =V44 -> Simon Kimble | J44: =H128 -> 0 | K44: =H129 -> 0 | L44: =H130 -> 0 | M44: =IF(J44=0,0,1)+J44 -> 0 | N44: =IF(K44=0,0,1)+K44 -> 0 | O44: =IF(L44=0,0,1)+L44 -> 0 | P44: =IF(K44=0,0,(M44*K44)+M44) -> 0 | Q44: =IF(L44=0,0,(N44*L44)+N44) -> 0 | R44: =IF(J44=0,0,(O44*J44)+O44) -> 0 | S44: =IF(L44=0,0,(P44*L44)+P44) -> 0 | T44: =SUM(M44:S44)-(IF(W44=1,A$2*1,0))-(IF(W44=2,A$2*3,0))-(IF(W44=3,A$2*7,0)) -> -7 | U44: =SUM(G128:G130) -> 0 | V44: Simon Kimble | W44: =SUM(F128:F130) -> 3 | X44: =+((E44-1)*F44*A$2) -> 2.1 | Y44: =X128 -> 1.45 | Z44: =X129 -> 2.6 | AA44: =X130 -> 1.7 | AB44: =IF(Y44=0,0,1)+Y44 -> 2.45 | AC44: =IF(Z44=0,0,1)+Z44 -> 3.6 | AD44: =IF(AA44=0,0,1)+AA44 -> 2.7 | AE44: =IF(Z44=0,0,(AB44*Z44)+AB44) -> 8.82 | AF44: =IF(AA44=0,0,(AC44*AA44)+AC44) -> 9.72 | AG44: =IF(Y44=0,0,(AD44*Y44)+AD44) -> 6.615 | AH44: =IF(AA44=0,0,(AE44*AA44)+AE44) -> 23.814 | AI44: =SUM(AB44:AH44)-AK44 -> 50.719 | AJ44: =$V44 -> Simon Kimble | AK44: =IF(W44=3,7,IF(W44=2,3,1)) -> 7
C45: =Picks!E45 -> Portugal | D45: =Picks!F45 -> 1 | E45: =Picks!G45 -> 2.5 | F45: =IF(C45="","",INDEX(Odds!K:K,MATCH(C45,Odds!G:G,0))) -> 1 | G45: =IF(C45="","",Picks!P45) -> 1 | H45: =IF(C45="","",+((E45-1)*G45*F45*A$2)) -> 1.5 | I45: =V45 -> Simon Richardson | J45: =H131 -> 1.2 | K45: =H132 -> 0 | L45: =H133 -> 0 | M45: =IF(J45=0,0,1)+J45 -> 2.2 | N45: =IF(K45=0,0,1)+K45 -> 0 | O45: =IF(L45=0,0,1)+L45 -> 0 | P45: =IF(K45=0,0,(M45*K45)+M45) -> 0 | Q45: =IF(L45=0,0,(N45*L45)+N45) -> 0 | R45: =IF(J45=0,0,(O45*J45)+O45) -> 0 | S45: =IF(L45=0,0,(P45*L45)+P45) -> 0 | T45: =SUM(M45:S45)-(IF(W45=1,A$2*1,0))-(IF(W45=2,A$2*3,0))-(IF(W45=3,A$2*7,0)) -> -4.8 | U45: =SUM(G131:G133) -> 1 | V45: Simon Richardson | W45: =SUM(F131:F133) -> 3 | X45: =+((E45-1)*F45*A$2) -> 1.5 | Y45: =X131 -> 1.2 | Z45: =X132 -> 2.2 | AA45: =X133 -> 0.75 | AB45: =IF(Y45=0,0,1)+Y45 -> 2.2 | AC45: =IF(Z45=0,0,1)+Z45 -> 3.2 | AD45: =IF(AA45=0,0,1)+AA45 -> 1.75 | AE45: =IF(Z45=0,0,(AB45*Z45)+AB45) -> 7.04 | AF45: =IF(AA45=0,0,(AC45*AA45)+AC45) -> 5.6 | AG45: =IF(Y45=0,0,(AD45*Y45)+AD45) -> 3.85 | AH45: =IF(AA45=0,0,(AE45*AA45)+AE45) -> 12.32 | AI45: =SUM(AB45:AH45)-AK45 -> 28.96 | AJ45: =$V45 -> Simon Richardson | AK45: =IF(W45=3,7,IF(W45=2,3,1)) -> 7
C46: =Picks!E46 -> Serbia | D46: =Picks!F46 -> 1 | E46: =Picks!G46 -> 5 | F46: =IF(C46="","",INDEX(Odds!K:K,MATCH(C46,Odds!G:G,0))) -> 1 | G46: =IF(C46="","",Picks!P46) -> 0 | H46: =IF(C46="","",+((E46-1)*G46*F46*A$2)) -> 0 | I46: =V46 -> Stephen Barr | J46: =H134 -> 0.72727273 | K46: =H135 -> 0 | L46: =H136 -> 0 | M46: =IF(J46=0,0,1)+J46 -> 1.7272727 | N46: =IF(K46=0,0,1)+K46 -> 0 | O46: =IF(L46=0,0,1)+L46 -> 0 | P46: =IF(K46=0,0,(M46*K46)+M46) -> 0 | Q46: =IF(L46=0,0,(N46*L46)+N46) -> 0 | R46: =IF(J46=0,0,(O46*J46)+O46) -> 0 | S46: =IF(L46=0,0,(P46*L46)+P46) -> 0 | T46: =SUM(M46:S46)-(IF(W46=1,A$2*1,0))-(IF(W46=2,A$2*3,0))-(IF(W46=3,A$2*7,0)) -> -5.2727273 | U46: =SUM(G134:G136) -> 1 | V46: Stephen Barr | W46: =SUM(F134:F136) -> 3 | X46: =+((E46-1)*F46*A$2) -> 4 | Y46: =X134 -> 0.72727273 | Z46: =X135 -> 0.61538462 | AA46: =X136 -> 1.05 | AB46: =IF(Y46=0,0,1)+Y46 -> 1.7272727 | AC46: =IF(Z46=0,0,1)+Z46 -> 1.6153846 | AD46: =IF(AA46=0,0,1)+AA46 -> 2.05 | AE46: =IF(Z46=0,0,(AB46*Z46)+AB46) -> 2.7902098 | AF46: =IF(AA46=0,0,(AC46*AA46)+AC46) -> 3.3115385 | AG46: =IF(Y46=0,0,(AD46*Y46)+AD46) -> 3.5409091 | AH46: =IF(AA46=0,0,(AE46*AA46)+AE46) -> 5.7199301 | AI46: =SUM(AB46:AH46)-AK46 -> 13.755245 | AJ46: =$V46 -> Stephen Barr | AK46: =IF(W46=3,7,IF(W46=2,3,1)) -> 7
B47: =$V17 -> David Dunn | C47: =Picks!E47 -> Croatia | D47: =Picks!F47 -> 7 | E47: =Picks!G47 -> 2.15 | F47: =IF(C47="","",INDEX(Odds!K:K,MATCH(C47,Odds!G:G,0))) -> 1 | G47: =IF(C47="","",Picks!P47) -> 1 | H47: =IF(C47="","",+((E47-1)*G47*F47*A$2)) -> 1.15 | I47: =V47 -> Steve Carter | J47: =H137 -> 1.15 | K47: =H138 -> 1.4 | L47: =H139 -> 0 | M47: =IF(J47=0,0,1)+J47 -> 2.15 | N47: =IF(K47=0,0,1)+K47 -> 2.4 | O47: =IF(L47=0,0,1)+L47 -> 0 | P47: =IF(K47=0,0,(M47*K47)+M47) -> 5.16 | Q47: =IF(L47=0,0,(N47*L47)+N47) -> 0 | R47: =IF(J47=0,0,(O47*J47)+O47) -> 0 | S47: =IF(L47=0,0,(P47*L47)+P47) -> 0 | T47: =SUM(M47:S47)-(IF(W47=1,A$2*1,0))-(IF(W47=2,A$2*3,0))-(IF(W47=3,A$2*7,0)) -> 2.71 | U47: =SUM(G137:G139) -> 2 | V47: Steve Carter | W47: =SUM(F137:F139) -> 3 | X47: =+((E47-1)*F47*A$2) -> 1.15 | Y47: =X137 -> 1.15 | Z47: =X138 -> 1.4 | AA47: =X139 -> 2.5 | AB47: =IF(Y47=0,0,1)+Y47 -> 2.15 | AC47: =IF(Z47=0,0,1)+Z47 -> 2.4 | AD47: =IF(AA47=0,0,1)+AA47 -> 3.5 | AE47: =IF(Z47=0,0,(AB47*Z47)+AB47) -> 5.16 | AF47: =IF(AA47=0,0,(AC47*AA47)+AC47) -> 8.4 | AG47: =IF(Y47=0,0,(AD47*Y47)+AD47) -> 7.525 | AH47: =IF(AA47=0,0,(AE47*AA47)+AE47) -> 18.06 | AI47: =SUM(AB47:AH47)-AK47 -> 40.195 | AJ47: =$V47 -> Steve Carter | AK47: =IF(W47=3,7,IF(W47=2,3,1)) -> 7
C48: =Picks!E48 -> England | D48: =Picks!F48 -> 7 | E48: =Picks!G48 -> 2.8 | F48: =IF(C48="","",INDEX(Odds!K:K,MATCH(C48,Odds!G:G,0))) -> 1 | G48: =IF(C48="","",Picks!P48) -> 0 | H48: =IF(C48="","",+((E48-1)*G48*F48*A$2)) -> 0 | I48: =V48 -> Steve Waterhouse | J48: =H140 -> 0 | K48: =H141 -> 0 | L48: =H142 -> 0.36363636 | M48: =IF(J48=0,0,1)+J48 -> 0 | N48: =IF(K48=0,0,1)+K48 -> 0 | O48: =IF(L48=0,0,1)+L48 -> 1.3636364 | P48: =IF(K48=0,0,(M48*K48)+M48) -> 0 | Q48: =IF(L48=0,0,(N48*L48)+N48) -> 0 | R48: =IF(J48=0,0,(O48*J48)+O48) -> 0 | S48: =IF(L48=0,0,(P48*L48)+P48) -> 0 | T48: =SUM(M48:S48)-(IF(W48=1,A$2*1,0))-(IF(W48=2,A$2*3,0))-(IF(W48=3,A$2*7,0)) -> -5.6363636 | U48: =SUM(G140:G142) -> 1 | V48: Steve Waterhouse | W48: =SUM(F140:F142) -> 3 | X48: =+((E48-1)*F48*A$2) -> 1.8 | Y48: =X140 -> 0.8 | Z48: =X141 -> 0.8 | AA48: =X142 -> 0.36363636 | AB48: =IF(Y48=0,0,1)+Y48 -> 1.8 | AC48: =IF(Z48=0,0,1)+Z48 -> 1.8 | AD48: =IF(AA48=0,0,1)+AA48 -> 1.3636364 | AE48: =IF(Z48=0,0,(AB48*Z48)+AB48) -> 3.24 | AF48: =IF(AA48=0,0,(AC48*AA48)+AC48) -> 2.4545455 | AG48: =IF(Y48=0,0,(AD48*Y48)+AD48) -> 2.4545455 | AH48: =IF(AA48=0,0,(AE48*AA48)+AE48) -> 4.4181818 | AI48: =SUM(AB48:AH48)-AK48 -> 10.530909 | AJ48: =$V48 -> Steve Waterhouse | AK48: =IF(W48=3,7,IF(W48=2,3,1)) -> 7
C49: =Picks!E49 -> Switzerland | D49: =Picks!F49 -> 7 | E49: =Picks!G49 -> 1.3636364 | F49: =IF(C49="","",INDEX(Odds!K:K,MATCH(C49,Odds!G:G,0))) -> 1 | G49: =IF(C49="","",Picks!P49) -> 1 | H49: =IF(C49="","",+((E49-1)*G49*F49*A$2)) -> 0.36363636 | I49: =V49 -> Steven Naylor | J49: =H143 -> 0 | K49: =H144 -> 0.85 | L49: =H145 -> 0.5 | M49: =IF(J49=0,0,1)+J49 -> 0 | N49: =IF(K49=0,0,1)+K49 -> 1.85 | O49: =IF(L49=0,0,1)+L49 -> 1.5 | P49: =IF(K49=0,0,(M49*K49)+M49) -> 0 | Q49: =IF(L49=0,0,(N49*L49)+N49) -> 2.775 | R49: =IF(J49=0,0,(O49*J49)+O49) -> 0 | S49: =IF(L49=0,0,(P49*L49)+P49) -> 0 | T49: =SUM(M49:S49)-(IF(W49=1,A$2*1,0))-(IF(W49=2,A$2*3,0))-(IF(W49=3,A$2*7,0)) -> -0.875 | U49: =SUM(G143:G145) -> 2 | V49: Steven Naylor | W49: =SUM(F143:F145) -> 3 | X49: =+((E49-1)*F49*A$2) -> 0.36363636 | Y49: =X143 -> 0.8 | Z49: =X144 -> 0.85 | AA49: =X145 -> 0.5 | AB49: =IF(Y49=0,0,1)+Y49 -> 1.8 | AC49: =IF(Z49=0,0,1)+Z49 -> 1.85 | AD49: =IF(AA49=0,0,1)+AA49 -> 1.5 | AE49: =IF(Z49=0,0,(AB49*Z49)+AB49) -> 3.33 | AF49: =IF(AA49=0,0,(AC49*AA49)+AC49) -> 2.775 | AG49: =IF(Y49=0,0,(AD49*Y49)+AD49) -> 2.7 | AH49: =IF(AA49=0,0,(AE49*AA49)+AE49) -> 4.995 | AI49: =SUM(AB49:AH49)-AK49 -> 11.95 | AJ49: =$V49 -> Steven Naylor | AK49: =IF(W49=3,7,IF(W49=2,3,1)) -> 7
B50: =$V18 -> Dot Bow | C50: =Picks!E50 -> Exeter | D50: =Picks!F50 -> 7 | E50: =Picks!G50 -> 4 | F50: =IF(C50="","",INDEX(Odds!K:K,MATCH(C50,Odds!G:G,0))) -> 1 | G50: =IF(C50="","",Picks!P50) -> 0 | H50: =IF(C50="","",+((E50-1)*G50*F50*A$2)) -> 0 | I50: =V50 -> Tom Robinson | J50: =H146 -> 0 | K50: =H147 -> 2.1 | L50: =H148 -> 0.5 | M50: =IF(J50=0,0,1)+J50 -> 0 | N50: =IF(K50=0,0,1)+K50 -> 3.1 | O50: =IF(L50=0,0,1)+L50 -> 1.5 | P50: =IF(K50=0,0,(M50*K50)+M50) -> 0 | Q50: =IF(L50=0,0,(N50*L50)+N50) -> 4.65 | R50: =IF(J50=0,0,(O50*J50)+O50) -> 0 | S50: =IF(L50=0,0,(P50*L50)+P50) -> 0 | T50: =SUM(M50:S50)-(IF(W50=1,A$2*1,0))-(IF(W50=2,A$2*3,0))-(IF(W50=3,A$2*7,0)) -> 2.25 | U50: =SUM(G146:G148) -> 2 | V50: Tom Robinson | W50: =SUM(F146:F148) -> 3 | X50: =+((E50-1)*F50*A$2) -> 3 | Y50: =X146 -> 0.85 | Z50: =X147 -> 2.1 | AA50: =X148 -> 0.5 | AB50: =IF(Y50=0,0,1)+Y50 -> 1.85 | AC50: =IF(Z50=0,0,1)+Z50 -> 3.1 | AD50: =IF(AA50=0,0,1)+AA50 -> 1.5 | AE50: =IF(Z50=0,0,(AB50*Z50)+AB50) -> 5.735 | AF50: =IF(AA50=0,0,(AC50*AA50)+AC50) -> 4.65 | AG50: =IF(Y50=0,0,(AD50*Y50)+AD50) -> 2.775 | AH50: =IF(AA50=0,0,(AE50*AA50)+AE50) -> 8.6025 | AI50: =SUM(AB50:AH50)-AK50 -> 21.2125 | AJ50: =$V50 -> Tom Robinson | AK50: =IF(W50=3,7,IF(W50=2,3,1)) -> 7
C51: =Picks!E51 -> Salford | D51: =Picks!F51 -> 7 | E51: =Picks!G51 -> 1.85 | F51: =IF(C51="","",INDEX(Odds!K:K,MATCH(C51,Odds!G:G,0))) -> 1 | G51: =IF(C51="","",Picks!P51) -> 1 | H51: =IF(C51="","",+((E51-1)*G51*F51*A$2)) -> 0.85 | I51: =V51 -> Vinny Topping | J51: =H149 -> 0.72727273 | K51: =H150 -> 0 | L51: =H151 -> 0 | M51: =IF(J51=0,0,1)+J51 -> 1.7272727 | N51: =IF(K51=0,0,1)+K51 -> 0 | O51: =IF(L51=0,0,1)+L51 -> 0 | P51: =IF(K51=0,0,(M51*K51)+M51) -> 0 | Q51: =IF(L51=0,0,(N51*L51)+N51) -> 0 | R51: =IF(J51=0,0,(O51*J51)+O51) -> 0 | S51: =IF(L51=0,0,(P51*L51)+P51) -> 0 | T51: =SUM(M51:S51)-(IF(W51=1,A$2*1,0))-(IF(W51=2,A$2*3,0))-(IF(W51=3,A$2*7,0)) -> -5.2727273 | U51: =SUM(G149:G151) -> 1 | V51: Vinny Topping | W51: =SUM(F149:F151) -> 3 | X51: =+((E51-1)*F51*A$2) -> 0.85 | Y51: =X149 -> 0.72727273 | Z51: =X150 -> 0.85 | AA51: =X151 -> 1.05 | AB51: =IF(Y51=0,0,1)+Y51 -> 1.7272727 | AC51: =IF(Z51=0,0,1)+Z51 -> 1.85 | AD51: =IF(AA51=0,0,1)+AA51 -> 2.05 | AE51: =IF(Z51=0,0,(AB51*Z51)+AB51) -> 3.1954545 | AF51: =IF(AA51=0,0,(AC51*AA51)+AC51) -> 3.7925 | AG51: =IF(Y51=0,0,(AD51*Y51)+AD51) -> 3.5409091 | AH51: =IF(AA51=0,0,(AE51*AA51)+AE51) -> 6.5506818 | AI51: =SUM(AB51:AH51)-AK51 -> 15.706818 | AJ51: =$V51 -> Vinny Topping | AK51: =IF(W51=3,7,IF(W51=2,3,1)) -> 7
C52: =Picks!E52 -> Scotland | D52: =Picks!F52 -> 7 | E52: =Picks!G52 -> 2.7 | F52: =IF(C52="","",INDEX(Odds!K:K,MATCH(C52,Odds!G:G,0))) -> 1 | G52: =IF(C52="","",Picks!P52) -> 0 | H52: =IF(C52="","",+((E52-1)*G52*F52*A$2)) -> 0 | X52: =+((E52-1)*F52*A$2) -> 1.7
B53: =$V19 -> Frank Allen | C53: =Picks!E53 -> Italy draw | D53: =Picks!F53 -> 6 | E53: =Picks!G53 -> 3.4 | F53: =IF(C53="","",INDEX(Odds!K:K,MATCH(C53,Odds!G:G,0))) -> 1 | G53: =IF(C53="","",Picks!P53) -> 0 | H53: =IF(C53="","",+((E53-1)*G53*F53*A$2)) -> 0 | X53: =+((E53-1)*F53*A$2) -> 2.4
C54: =Picks!E54 -> Bristol R | D54: =Picks!F54 -> 7 | E54: =Picks!G54 -> 1.7272727 | F54: =IF(C54="","",INDEX(Odds!K:K,MATCH(C54,Odds!G:G,0))) -> 1 | G54: =IF(C54="","",Picks!P54) -> 1 | H54: =IF(C54="","",+((E54-1)*G54*F54*A$2)) -> 0.72727273 | X54: =+((E54-1)*F54*A$2) -> 0.72727273
C55: =Picks!E55 -> Croatia | D55: =Picks!F55 -> 7 | E55: =Picks!G55 -> 2.15 | F55: =IF(C55="","",INDEX(Odds!K:K,MATCH(C55,Odds!G:G,0))) -> 1 | G55: =IF(C55="","",Picks!P55) -> 1 | H55: =IF(C55="","",+((E55-1)*G55*F55*A$2)) -> 1.15 | X55: =+((E55-1)*F55*A$2) -> 1.15
B56: =$V20 -> Gareth Powell | C56: =Picks!E56 -> Wales | D56: =Picks!F56 -> 1 | E56: =Picks!G56 -> 5 | F56: =IF(C56="","",INDEX(Odds!K:K,MATCH(C56,Odds!G:G,0))) -> 1 | G56: =IF(C56="","",Picks!P56) -> 0 | H56: =IF(C56="","",+((E56-1)*G56*F56*A$2)) -> 0 | X56: =+((E56-1)*F56*A$2) -> 4
C57: =Picks!E57 -> Reading | D57: =Picks!F57 -> 7 | E57: =Picks!G57 -> 2.5 | F57: =IF(C57="","",INDEX(Odds!K:K,MATCH(C57,Odds!G:G,0))) -> 1 | G57: =IF(C57="","",Picks!P57) -> 0 | H57: =IF(C57="","",+((E57-1)*G57*F57*A$2)) -> 0 | X57: =+((E57-1)*F57*A$2) -> 1.5
C58: =Picks!E58 -> Israel | D58: =Picks!F58 -> 1 | E58: =Picks!G58 -> 2.5 | F58: =IF(C58="","",INDEX(Odds!K:K,MATCH(C58,Odds!G:G,0))) -> 1 | G58: =IF(C58="","",Picks!P58) -> 0 | H58: =IF(C58="","",+((E58-1)*G58*F58*A$2)) -> 0 | X58: =+((E58-1)*F58*A$2) -> 1.5
B59: =$V21 -> Gerard Ventom | C59: =Picks!E59 -> Rotherham draw | D59: =Picks!F59 -> 7 | E59: =Picks!G59 -> 3.4 | F59: =IF(C59="","",INDEX(Odds!K:K,MATCH(C59,Odds!G:G,0))) -> 1 | G59: =IF(C59="","",Picks!P59) -> 1 | H59: =IF(C59="","",+((E59-1)*G59*F59*A$2)) -> 2.4 | X59: =+((E59-1)*F59*A$2) -> 2.4
C60: =Picks!E60 -> Shrewsbury draw | D60: =Picks!F60 -> 7 | E60: =Picks!G60 -> 3 | F60: =IF(C60="","",INDEX(Odds!K:K,MATCH(C60,Odds!G:G,0))) -> 1 | G60: =IF(C60="","",Picks!P60) -> 1 | H60: =IF(C60="","",+((E60-1)*G60*F60*A$2)) -> 2 | X60: =+((E60-1)*F60*A$2) -> 2
C61: =Picks!E61 -> Tranmere | D61: =Picks!F61 -> 7 | E61: =Picks!G61 -> 2.5 | F61: =IF(C61="","",INDEX(Odds!K:K,MATCH(C61,Odds!G:G,0))) -> 1 | G61: =IF(C61="","",Picks!P61) -> 0 | H61: =IF(C61="","",+((E61-1)*G61*F61*A$2)) -> 0 | X61: =+((E61-1)*F61*A$2) -> 1.5
B62: =$V22 -> Graham Miller | C62: =Picks!E62 -> Italy | D62: =Picks!F62 -> 6 | E62: =Picks!G62 -> 2.1 | F62: =IF(C62="","",INDEX(Odds!K:K,MATCH(C62,Odds!G:G,0))) -> 1 | G62: =IF(C62="","",Picks!P62) -> 0 | H62: =IF(C62="","",+((E62-1)*G62*F62*A$2)) -> 0 | X62: =+((E62-1)*F62*A$2) -> 1.1
C63: =Picks!E63 -> Albania | D63: =Picks!F63 -> 7 | E63: =Picks!G63 -> 1.5 | F63: =IF(C63="","",INDEX(Odds!K:K,MATCH(C63,Odds!G:G,0))) -> 1 | G63: =IF(C63="","",Picks!P63) -> 1 | H63: =IF(C63="","",+((E63-1)*G63*F63*A$2)) -> 0.5 | X63: =+((E63-1)*F63*A$2) -> 0.5
C64: =Picks!E64 -> Bulgaria | D64: =Picks!F64 -> 7 | E64: =Picks!G64 -> 2.2 | F64: =IF(C64="","",INDEX(Odds!K:K,MATCH(C64,Odds!G:G,0))) -> 1 | G64: =IF(C64="","",Picks!P64) -> 0 | H64: =IF(C64="","",+((E64-1)*G64*F64*A$2)) -> 0 | X64: =+((E64-1)*F64*A$2) -> 1.2
B65: =$V23 -> Howard Bradley | C65: =Picks!E65 -> Slovakia | D65: =Picks!F65 -> 7 | E65: =Picks!G65 -> 1.25 | F65: =IF(C65="","",INDEX(Odds!K:K,MATCH(C65,Odds!G:G,0))) -> 1 | G65: =IF(C65="","",Picks!P65) -> 1 | H65: =IF(C65="","",+((E65-1)*G65*F65*A$2)) -> 0.25 | X65: =+((E65-1)*F65*A$2) -> 0.25
C66: =Picks!E66 -> Austria | D66: =Picks!F66 -> 1 | E66: =Picks!G66 -> 1.5 | F66: =IF(C66="","",INDEX(Odds!K:K,MATCH(C66,Odds!G:G,0))) -> 1 | G66: =IF(C66="","",Picks!P66) -> 1 | H66: =IF(C66="","",+((E66-1)*G66*F66*A$2)) -> 0.5 | X66: =+((E66-1)*F66*A$2) -> 0.5
C67: =Picks!E67 -> Germany | D67: =Picks!F67 -> 1 | E67: =Picks!G67 -> 1.3636364 | F67: =IF(C67="","",INDEX(Odds!K:K,MATCH(C67,Odds!G:G,0))) -> 1 | G67: =IF(C67="","",Picks!P67) -> 0 | H67: =IF(C67="","",+((E67-1)*G67*F67*A$2)) -> 0 | X67: =+((E67-1)*F67*A$2) -> 0.36363636
B68: =$V24 -> Jack Walsh | C68: =Picks!E68 -> Altrincham | D68: =Picks!F68 -> 1 | E68: =Picks!G68 -> 2.2 | F68: =IF(C68="","",INDEX(Odds!K:K,MATCH(C68,Odds!G:G,0))) -> 1 | G68: =IF(C68="","",Picks!P68) -> 1 | H68: =IF(C68="","",+((E68-1)*G68*F68*A$2)) -> 1.2 | X68: =+((E68-1)*F68*A$2) -> 1.2
C69: =Picks!E69 -> Plymouth | D69: =Picks!F69 -> 7 | E69: =Picks!G69 -> 1.6153846 | F69: =IF(C69="","",INDEX(Odds!K:K,MATCH(C69,Odds!G:G,0))) -> 1 | G69: =IF(C69="","",Picks!P69) -> 0 | H69: =IF(C69="","",+((E69-1)*G69*F69*A$2)) -> 0 | X69: =+((E69-1)*F69*A$2) -> 0.61538462
C70: =Picks!E70 -> Norway | D70: =Picks!F70 -> 1 | E70: =Picks!G70 -> 2.625 | F70: =IF(C70="","",INDEX(Odds!K:K,MATCH(C70,Odds!G:G,0))) -> 1 | G70: =IF(C70="","",Picks!P70) -> 0 | H70: =IF(C70="","",+((E70-1)*G70*F70*A$2)) -> 0 | X70: =+((E70-1)*F70*A$2) -> 1.625
B71: =$V25 -> Julie Dodd | C71: =Picks!E71 -> Fleetwood | D71: =Picks!F71 -> 7 | E71: =Picks!G71 -> 1.85 | F71: =IF(C71="","",INDEX(Odds!K:K,MATCH(C71,Odds!G:G,0))) -> 1 | G71: =IF(C71="","",Picks!P71) -> 0 | H71: =IF(C71="","",+((E71-1)*G71*F71*A$2)) -> 0 | X71: =+((E71-1)*F71*A$2) -> 0.85
C72: =Picks!E72 -> Swindon | D72: =Picks!F72 -> 7 | E72: =Picks!G72 -> 2.05 | F72: =IF(C72="","",INDEX(Odds!K:K,MATCH(C72,Odds!G:G,0))) -> 1 | G72: =IF(C72="","",Picks!P72) -> 0 | H72: =IF(C72="","",+((E72-1)*G72*F72*A$2)) -> 0 | X72: =+((E72-1)*F72*A$2) -> 1.05
C73: =Picks!E73 -> Stockport | D73: =Picks!F73 -> 7 | E73: =Picks!G73 -> 1.3636364 | F73: =IF(C73="","",INDEX(Odds!K:K,MATCH(C73,Odds!G:G,0))) -> 1 | G73: =IF(C73="","",Picks!P73) -> 1 | H73: =IF(C73="","",+((E73-1)*G73*F73*A$2)) -> 0.36363636 | X73: =+((E73-1)*F73*A$2) -> 0.36363636
B74: =$V26 -> Katy Savory | C74: =Picks!E74 -> Scotland | D74: =Picks!F74 -> 7 | E74: =Picks!G74 -> 2.7 | F74: =IF(C74="","",INDEX(Odds!K:K,MATCH(C74,Odds!G:G,0))) -> 1 | G74: =IF(C74="","",Picks!P74) -> 0 | H74: =IF(C74="","",+((E74-1)*G74*F74*A$2)) -> 0 | X74: =+((E74-1)*F74*A$2) -> 1.7
C75: =Picks!E75 -> Bulgaria | D75: =Picks!F75 -> 7 | E75: =Picks!G75 -> 2.2 | F75: =IF(C75="","",INDEX(Odds!K:K,MATCH(C75,Odds!G:G,0))) -> 1 | G75: =IF(C75="","",Picks!P75) -> 0 | H75: =IF(C75="","",+((E75-1)*G75*F75*A$2)) -> 0 | X75: =+((E75-1)*F75*A$2) -> 1.2
C76: =Picks!E76 -> Shrewsbury | D76: =Picks!F76 -> 7 | E76: =Picks!G76 -> 2.5 | F76: =IF(C76="","",INDEX(Odds!K:K,MATCH(C76,Odds!G:G,0))) -> 1 | G76: =IF(C76="","",Picks!P76) -> 0 | H76: =IF(C76="","",+((E76-1)*G76*F76*A$2)) -> 0 | X76: =+((E76-1)*F76*A$2) -> 1.5
B77: =$V27 -> Kevin Carter | C77: =Picks!E77 -> Plymouth | D77: =Picks!F77 -> 7 | E77: =Picks!G77 -> 1.6153846 | F77: =IF(C77="","",INDEX(Odds!K:K,MATCH(C77,Odds!G:G,0))) -> 1 | G77: =IF(C77="","",Picks!P77) -> 0 | H77: =IF(C77="","",+((E77-1)*G77*F77*A$2)) -> 0 | X77: =+((E77-1)*F77*A$2) -> 0.61538462
C78: =Picks!E78 -> Denmark | D78: =Picks!F78 -> 1 | E78: =Picks!G78 -> 1.65 | F78: =IF(C78="","",INDEX(Odds!K:K,MATCH(C78,Odds!G:G,0))) -> 1 | G78: =IF(C78="","",Picks!P78) -> 1 | H78: =IF(C78="","",+((E78-1)*G78*F78*A$2)) -> 0.65 | X78: =+((E78-1)*F78*A$2) -> 0.65
C79: =Picks!E79 -> Southend | D79: =Picks!F79 -> 1 | E79: =Picks!G79 -> 1.75 | F79: =IF(C79="","",INDEX(Odds!K:K,MATCH(C79,Odds!G:G,0))) -> 1 | G79: =IF(C79="","",Picks!P79) -> 0 | H79: =IF(C79="","",+((E79-1)*G79*F79*A$2)) -> 0 | X79: =+((E79-1)*F79*A$2) -> 0.75
B80: =$V28 -> Lennie Bow | C80: =Picks!E80 -> Georgia | D80: =Picks!F80 -> 6 | E80: =Picks!G80 -> 1.85 | F80: =IF(C80="","",INDEX(Odds!K:K,MATCH(C80,Odds!G:G,0))) -> 1 | G80: =IF(C80="","",Picks!P80) -> 0 | H80: =IF(C80="","",+((E80-1)*G80*F80*A$2)) -> 0 | X80: =+((E80-1)*F80*A$2) -> 0.85
C81: =Picks!E81 -> Plymouth | D81: =Picks!F81 -> 7 | E81: =Picks!G81 -> 1.6153846 | F81: =IF(C81="","",INDEX(Odds!K:K,MATCH(C81,Odds!G:G,0))) -> 1 | G81: =IF(C81="","",Picks!P81) -> 0 | H81: =IF(C81="","",+((E81-1)*G81*F81*A$2)) -> 0 | X81: =+((E81-1)*F81*A$2) -> 0.61538462
C82: =Picks!E82 -> Southend | D82: =Picks!F82 -> 1 | E82: =Picks!G82 -> 1.75 | F82: =IF(C82="","",INDEX(Odds!K:K,MATCH(C82,Odds!G:G,0))) -> 1 | G82: =IF(C82="","",Picks!P82) -> 0 | H82: =IF(C82="","",+((E82-1)*G82*F82*A$2)) -> 0 | X82: =+((E82-1)*F82*A$2) -> 0.75
B83: =$V29 -> Mark Bunn | C83: =Picks!E83 -> Crewe | D83: =Picks!F83 -> 7 | E83: =Picks!G83 -> 3.1 | F83: =IF(C83="","",INDEX(Odds!K:K,MATCH(C83,Odds!G:G,0))) -> 1 | G83: =IF(C83="","",Picks!P83) -> 0 | H83: =IF(C83="","",+((E83-1)*G83*F83*A$2)) -> 0 | X83: =+((E83-1)*F83*A$2) -> 2.1
C84: =Picks!E84 -> Swindon | D84: =Picks!F84 -> 7 | E84: =Picks!G84 -> 2.05 | F84: =IF(C84="","",INDEX(Odds!K:K,MATCH(C84,Odds!G:G,0))) -> 1 | G84: =IF(C84="","",Picks!P84) -> 0 | H84: =IF(C84="","",+((E84-1)*G84*F84*A$2)) -> 0 | X84: =+((E84-1)*F84*A$2) -> 1.05
C85: =Picks!E85 -> Aldershot | D85: =Picks!F85 -> 1 | E85: =Picks!G85 -> 2.4 | F85: =IF(C85="","",INDEX(Odds!K:K,MATCH(C85,Odds!G:G,0))) -> 1 | G85: =IF(C85="","",Picks!P85) -> 1 | H85: =IF(C85="","",+((E85-1)*G85*F85*A$2)) -> 1.4 | X85: =+((E85-1)*F85*A$2) -> 1.4
B86: =$V30 -> Mark Saunders | C86: =Picks!E86 -> Ireland | D86: =Picks!F86 -> 1 | E86: =Picks!G86 -> 2.625 | F86: =IF(C86="","",INDEX(Odds!K:K,MATCH(C86,Odds!G:G,0))) -> 1 | G86: =IF(C86="","",Picks!P86) -> 1 | H86: =IF(C86="","",+((E86-1)*G86*F86*A$2)) -> 1.625 | X86: =+((E86-1)*F86*A$2) -> 1.625
C87: =Picks!E87 -> York | D87: =Picks!F87 -> 7 | E87: =Picks!G87 -> 1.5 | F87: =IF(C87="","",INDEX(Odds!K:K,MATCH(C87,Odds!G:G,0))) -> 1 | G87: =IF(C87="","",Picks!P87) -> 1 | H87: =IF(C87="","",+((E87-1)*G87*F87*A$2)) -> 0.5 | X87: =+((E87-1)*F87*A$2) -> 0.5
C88: =Picks!E88 -> Sweden | D88: =Picks!F88 -> 6 | E88: =Picks!G88 -> 1.5 | F88: =IF(C88="","",INDEX(Odds!K:K,MATCH(C88,Odds!G:G,0))) -> 1 | G88: =IF(C88="","",Picks!P88) -> 1 | H88: =IF(C88="","",+((E88-1)*G88*F88*A$2)) -> 0.5 | X88: =+((E88-1)*F88*A$2) -> 0.5
B89: =$V31 -> Martin Molyneux | C89: =Picks!E89 | D89: =Picks!F89 | E89: =Picks!G89 | F89: =IF(C89="","",INDEX(Odds!K:K,MATCH(C89,Odds!G:G,0))) | G89: =IF(C89="","",Picks!P89) | H89: =IF(C89="","",+((E89-1)*G89*F89*A$2)) | X89: =+((E89-1)*F89*A$2) -> #VALUE!
C90: =Picks!E90 | D90: =Picks!F90 | E90: =Picks!G90 | F90: =IF(C90="","",INDEX(Odds!K:K,MATCH(C90,Odds!G:G,0))) | G90: =IF(C90="","",Picks!P90) | H90: =IF(C90="","",+((E90-1)*G90*F90*A$2)) | X90: =+((E90-1)*F90*A$2) -> #VALUE!
C91: =Picks!E91 | D91: =Picks!F91 | E91: =Picks!G91 | F91: =IF(C91="","",INDEX(Odds!K:K,MATCH(C91,Odds!G:G,0))) | G91: =IF(C91="","",Picks!P91) | H91: =IF(C91="","",+((E91-1)*G91*F91*A$2)) | X91: =+((E91-1)*F91*A$2) -> #VALUE!
B92: =$V32 -> Martin Tarbuck | C92: =Picks!E92 | D92: =Picks!F92 | E92: =Picks!G92 | F92: =IF(C92="","",INDEX(Odds!K:K,MATCH(C92,Odds!G:G,0))) | G92: =IF(C92="","",Picks!P92) | H92: =IF(C92="","",+((E92-1)*G92*F92*A$2)) | X92: =+((E92-1)*F92*A$2) -> #VALUE!
C93: =Picks!E93 | D93: =Picks!F93 | E93: =Picks!G93 | F93: =IF(C93="","",INDEX(Odds!K:K,MATCH(C93,Odds!G:G,0))) | G93: =IF(C93="","",Picks!P93) | H93: =IF(C93="","",+((E93-1)*G93*F93*A$2)) | X93: =+((E93-1)*F93*A$2) -> #VALUE!
C94: =Picks!E94 | D94: =Picks!F94 | E94: =Picks!G94 | F94: =IF(C94="","",INDEX(Odds!K:K,MATCH(C94,Odds!G:G,0))) | G94: =IF(C94="","",Picks!P94) | H94: =IF(C94="","",+((E94-1)*G94*F94*A$2)) | X94: =+((E94-1)*F94*A$2) -> #VALUE!
B95: =$V33 -> Mike Penk | C95: =Picks!E95 -> Cambridge | D95: =Picks!F95 -> 7 | E95: =Picks!G95 -> 1.8 | F95: =IF(C95="","",INDEX(Odds!K:K,MATCH(C95,Odds!G:G,0))) -> 1 | G95: =IF(C95="","",Picks!P95) -> 0 | H95: =IF(C95="","",+((E95-1)*G95*F95*A$2)) -> 0 | X95: =+((E95-1)*F95*A$2) -> 0.8
C96: =Picks!E96 -> Bulgaria | D96: =Picks!F96 -> 7 | E96: =Picks!G96 -> 2.2 | F96: =IF(C96="","",INDEX(Odds!K:K,MATCH(C96,Odds!G:G,0))) -> 1 | G96: =IF(C96="","",Picks!P96) -> 0 | H96: =IF(C96="","",+((E96-1)*G96*F96*A$2)) -> 0 | X96: =+((E96-1)*F96*A$2) -> 1.2
C97: =Picks!E97 -> Altrincham | D97: =Picks!F97 -> 1 | E97: =Picks!G97 -> 2.2 | F97: =IF(C97="","",INDEX(Odds!K:K,MATCH(C97,Odds!G:G,0))) -> 1 | G97: =IF(C97="","",Picks!P97) -> 1 | H97: =IF(C97="","",+((E97-1)*G97*F97*A$2)) -> 1.2 | X97: =+((E97-1)*F97*A$2) -> 1.2
B98: =$V34 -> Naaman Boyd | C98: =Picks!E98 -> Shrewsbury | D98: =Picks!F98 -> 7 | E98: =Picks!G98 -> 2.5 | F98: =IF(C98="","",INDEX(Odds!K:K,MATCH(C98,Odds!G:G,0))) -> 1 | G98: =IF(C98="","",Picks!P98) -> 0 | H98: =IF(C98="","",+((E98-1)*G98*F98*A$2)) -> 0 | X98: =+((E98-1)*F98*A$2) -> 1.5
C99: =Picks!E99 -> Tranmere | D99: =Picks!F99 -> 7 | E99: =Picks!G99 -> 2.5 | F99: =IF(C99="","",INDEX(Odds!K:K,MATCH(C99,Odds!G:G,0))) -> 1 | G99: =IF(C99="","",Picks!P99) -> 0 | H99: =IF(C99="","",+((E99-1)*G99*F99*A$2)) -> 0 | X99: =+((E99-1)*F99*A$2) -> 1.5
C100: =Picks!E100 -> York | D100: =Picks!F100 -> 7 | E100: =Picks!G100 -> 1.5 | F100: =IF(C100="","",INDEX(Odds!K:K,MATCH(C100,Odds!G:G,0))) -> 1 | G100: =IF(C100="","",Picks!P100) -> 1 | H100: =IF(C100="","",+((E100-1)*G100*F100*A$2)) -> 0.5 | X100: =+((E100-1)*F100*A$2) -> 0.5
...

Sheet Fixture
A1: =CurrentSeason -> PL48 | B1: ="Fixtures & odds for Round "&CurrentWeek -> Fixtures & odds for Round 06 | D1: Result
A2: =IF(Match!B2="","",Match!B2) -> 46290 | B2: =IF(Match!D2="","",Match!D2) -> Nations | C2: =IF(Match!U2="","",Match!U2) -> Armenia v Latvia 7/10 13/5 19/5 | D2: =IF(Match!V2="","",Match!V2) -> Armenia 2-0 Latvia
A3: =IF(Match!B3="","",Match!B3) -> 46290 | B3: =IF(Match!D3="","",Match!D3) -> Nations | C3: =IF(Match!U3="","",Match!U3) -> Georgia v N Ireland 17/20 12/5 3/1 | D3: =IF(Match!V3="","",Match!V3) -> Georgia 0-1 N Ireland
A4: =IF(Match!B4="","",Match!B4) -> 46290 | B4: =IF(Match!D4="","",Match!D4) -> Nations | C4: =IF(Match!U4="","",Match!U4) -> Hungary v Ukraine 6/5 21/10 11/5 | D4: =IF(Match!V4="","",Match!V4) -> Hungary 0-1 Ukraine
A5: =IF(Match!B5="","",Match!B5) -> 46290 | B5: =IF(Match!D5="","",Match!D5) -> Nations | C5: =IF(Match!U5="","",Match!U5) -> Italy v Belgium 11/10 12/5 21/10 | D5: =IF(Match!V5="","",Match!V5) -> Italy 0-2 Belgium
A6: =IF(Match!B6="","",Match!B6) -> 46290 | B6: =IF(Match!D6="","",Match!D6) -> Nations | C6: =IF(Match!U6="","",Match!U6) -> Montenegro v Cyprus 7/10 5/2 15/4 | D6: =IF(Match!V6="","",Match!V6) -> Montenegro 2-1 Cyprus
A7: =IF(Match!B7="","",Match!B7) -> 46290 | B7: =IF(Match!D7="","",Match!D7) -> Nations | C7: =IF(Match!U7="","",Match!U7) -> Poland v Bosnia 4/6 13/5 19/5 | D7: =IF(Match!V7="","",Match!V7) -> Poland 0-0 Bosnia
A8: =IF(Match!B8="","",Match!B8) -> 46290 | B8: =IF(Match!D8="","",Match!D8) -> Nations | C8: =IF(Match!U8="","",Match!U8) -> Sweden v Romania 1/2 16/5 9/2 | D8: =IF(Match!V8="","",Match!V8) -> Sweden 2-1 Romania
A9: =IF(Match!B9="","",Match!B9) -> 46290 | B9: =IF(Match!D9="","",Match!D9) -> Nations | C9: =IF(Match!U9="","",Match!U9) -> Turkey v France 5/1 10/3 4/9 | D9: =IF(Match!V9="","",Match!V9) -> Turkey 0-1 France
A10: =IF(Match!B10="","",Match!B10) -> 46291 | B10: =IF(Match!D10="","",Match!D10) -> League 1 | C10: =IF(Match!U10="","",Match!U10) -> Cambridge v Wimbledon 4/5 12/5 3/1 | D10: =IF(Match!V10="","",Match!V10) -> Cambridge 1-1 Wimbledon
A11: =IF(Match!B11="","",Match!B11) -> 46291 | B11: =IF(Match!D11="","",Match!D11) -> League 1 | C11: =IF(Match!U11="","",Match!U11) -> Plymouth v Burton 8/13 14/5 18/5 | D11: =IF(Match!V11="","",Match!V11) -> Plymouth 0-1 Burton
A12: =IF(Match!B12="","",Match!B12) -> 46291 | B12: =IF(Match!D12="","",Match!D12) -> League 1 | C12: =IF(Match!U12="","",Match!U12) -> Stockport v Peterbro 4/11 19/5 11/2 | D12: =IF(Match!V12="","",Match!V12) -> Stockport 1-0 Peterbro
A13: =IF(Match!B13="","",Match!B13) -> 46291 | B13: =IF(Match!D13="","",Match!D13) -> League 1 | C13: =IF(Match!U13="","",Match!U13) -> Wycombe v Reading 29/20 12/5 6/4 | D13: =IF(Match!V13="","",Match!V13) -> Wycombe 2-2 Reading
... A47: =IF(Match!B47="","",Match!B47) | B47: =IF(Match!D47="","",Match!D47) | C47: =IF(Match!U47="","",Match!U47) | D47: =IF(Match!V47="","",Match!V47) -> -

Sheet Cup
A1: Menu!A1
B2: =IF(CupDraw!I1="","",CupDraw!I1) | C2: =IF(CupDraw!J1="","",CupDraw!J1) -> Preliminary Round | H2: =CupDraw!O1 -> 46263 | I2: =CupDraw!P1 -> Round 1 | J2: =CupDraw!Q1 -> PL R2 | N2: =CupDraw!U1 -> 46284 | O2: =CupDraw!V1 -> Round 2 | P2: =CupDraw!W1 -> PL R5 | T2: =CupDraw!AA1 -> 46312 | U2: =CupDraw!AB1 -> Round 3 | V2: =CupDraw!AC1 -> PL R8 | Y2: =CupDraw!AG1 -> 46333 | Z2: =CupDraw!AH1 -> Round 4 | AA2: =CupDraw!AI1 -> PL R12 | AD2: =CupDraw!AM1 -> 46354 | AE2: =CupDraw!AN1 -> Semi-Final | AF2: =CupDraw!AO1 -> PL R15 | AI2: =CupDraw!AS1 -> 46375 | AJ2: =CupDraw!AT1 -> Final | AK2: =CupDraw!AU1 -> PL R18
B3: =CupDraw!I2 -> 1 | C3: =IF(CupDraw!J2="","",CupDraw!J2) | D3: =IF(CupDraw!K2="","",CupDraw!K2) | E3: =IF(CupDraw!L2="","",CupDraw!L2) | H3: =CupDraw!O2 -> 1 | I3: =IF(CupDraw!P2="","",CupDraw!P2) -> Andy White | J3: =IF(CupDraw!Q2="","",CupDraw!Q2) -> -5.0909091 | K3: =IF(CupDraw!R2="","",CupDraw!R2) | N3: =CupDraw!U2 -> 1 | O3: =CupDraw!V2 -> Andy White | P3: =IF(CupDraw!W2="","",CupDraw!W2) -> -7 | Q3: =IF(CupDraw!X2="","",CupDraw!X2) | T3: =CupDraw!AA2 -> 1 | U3: =CupDraw!AB2 -> Steve Waterhouse | V3: =IF(CupDraw!AC2="","",CupDraw!AC2) | W3: =CupDraw!AD2 | Y3: =CupDraw!AG2 -> 1 | Z3: =CupDraw!AH2 -> Await earlier tie | AA3: =IF(CupDraw!AI2="","",CupDraw!AI2) | AB3: =IF(CupDraw!AJ2="","",CupDraw!AJ2) | AD3: =CupDraw!AM2 -> 1 | AE3: =IF(CupDraw!AN2="","",CupDraw!AN2) -> Await earlier tie | AF3: =IF(CupDraw!AO2="","",CupDraw!AO2) | AG3: =CupDraw!AP2 | AI3: =CupDraw!AS2 -> 1 | AJ3: =CupDraw!AT2 -> Await earlier tie | AK3: =IF(CupDraw!AU2="","",CupDraw!AU2) | AL3: =CupDraw!AV2
C4: =IF(CupDraw!J3="","",CupDraw!J3) | D4: =IF(CupDraw!K3="","",CupDraw!K3) | E4: =IF(CupDraw!L3="","",CupDraw!L3) | H4: =CupDraw!O3 -> 0 | I4: =IF(CupDraw!P3="","",CupDraw!P3) -> Charlie Griffiths | J4: =IF(CupDraw!Q3="","",CupDraw!Q3) -> -7 | K4: =IF(CupDraw!R3="","",CupDraw!R3) | O4: =CupDraw!V3 -> Steve Waterhouse | P4: =IF(CupDraw!W3="","",CupDraw!W3) -> 4.95 | Q4: =IF(CupDraw!X3="","",CupDraw!X3) | U4: =CupDraw!AB3 -> Alex Griffin | V4: =IF(CupDraw!AC3="","",CupDraw!AC3) | Z4: =CupDraw!AH3 -> Await earlier tie | AA4: =IF(CupDraw!AI3="","",CupDraw!AI3) | AB4: =IF(CupDraw!AJ3="","",CupDraw!AJ3) | AE4: =CupDraw!AN3 -> Await earlier tie | AF4: =IF(CupDraw!AO3="","",CupDraw!AO3) | AJ4: =CupDraw!AT3 -> Await earlier tie | AK4: =IF(CupDraw!AU3="","",CupDraw!AU3)
B5: =CupDraw!I4 -> 2 | C5: =IF(CupDraw!J4="","",CupDraw!J4) | D5: =IF(CupDraw!K4="","",CupDraw!K4) | E5: =IF(CupDraw!L4="","",CupDraw!L4) | H5: =CupDraw!O4 -> 2 | I5: =IF(CupDraw!P4="","",CupDraw!P4) -> Phil Miller | J5: =IF(CupDraw!Q4="","",CupDraw!Q4) -> -5.3846154 | K5: =IF(CupDraw!R4="","",CupDraw!R4) | N5: =CupDraw!U4 -> 2 | O5: =CupDraw!V4 -> Frank Allen | P5: =IF(CupDraw!W4="","",CupDraw!W4) -> -7 | Q5: =IF(CupDraw!X4="","",CupDraw!X4) | T5: =CupDraw!AA4 -> 2 | U5: =CupDraw!AB4 -> Tom Robinson | V5: =IF(CupDraw!AC4="","",CupDraw!AC4) | W5: =CupDraw!AD4 | Y5: =CupDraw!AG4 -> 2 | Z5: =CupDraw!AH4 -> Await earlier tie | AA5: =IF(CupDraw!AI4="","",CupDraw!AI4) | AB5: =IF(CupDraw!AJ4="","",CupDraw!AJ4) | AD5: =CupDraw!AM4 -> 2 | AE5: =CupDraw!AN4 -> Await earlier tie | AF5: =IF(CupDraw!AO4="","",CupDraw!AO4) | AG5: =CupDraw!AP4
C6: =IF(CupDraw!J5="","",CupDraw!J5) | D6: =IF(CupDraw!K5="","",CupDraw!K5) | E6: =IF(CupDraw!L5="","",CupDraw!L5) | I6: =IF(CupDraw!P5="","",CupDraw!P5) -> Steve Waterhouse | J6: =IF(CupDraw!Q5="","",CupDraw!Q5) -> 2.56 | K6: =IF(CupDraw!R5="","",CupDraw!R5) | O6: =CupDraw!V5 -> Alex Griffin | P6: =IF(CupDraw!W5="","",CupDraw!W5) -> 4.21 | Q6: =IF(CupDraw!X5="","",CupDraw!X5) | U6: =CupDraw!AB5 -> Martin Molyneux | V6: =IF(CupDraw!AC5="","",CupDraw!AC5) | Z6: =CupDraw!AH5 -> Await earlier tie | AA6: =IF(CupDraw!AI5="","",CupDraw!AI5) | AB6: =IF(CupDraw!AJ5="","",CupDraw!AJ5) | AE6: =CupDraw!AN5 -> Await earlier tie | AF6: =IF(CupDraw!AO5="","",CupDraw!AO5)
B7: =CupDraw!I6 -> 3 | C7: =IF(CupDraw!J6="","",CupDraw!J6) | D7: =IF(CupDraw!K6="","",CupDraw!K6) | E7: =IF(CupDraw!L6="","",CupDraw!L6) | H7: =CupDraw!O6 -> 3 | I7: =IF(CupDraw!P6="","",CupDraw!P6) -> Frank Allen | J7: =IF(CupDraw!Q6="","",CupDraw!Q6) -> 14.0875 | K7: =IF(CupDraw!R6="","",CupDraw!R6) | N7: =CupDraw!U6 -> 3 | O7: =CupDraw!V6 -> Kevin Carter | P7: =IF(CupDraw!W6="","",CupDraw!W6) -> -5.7142857 | Q7: =IF(CupDraw!X6="","",CupDraw!X6) | T7: =CupDraw!AA6 -> 3 | U7: =CupDraw!AB6 -> Rob England | V7: =IF(CupDraw!AC6="","",CupDraw!AC6) | W7: =CupDraw!AD6 | Y7: =CupDraw!AG6 -> 3 | Z7: =CupDraw!AH6 -> Await earlier tie | AA7: =IF(CupDraw!AI6="","",CupDraw!AI6) | AB7: =IF(CupDraw!AJ6="","",CupDraw!AJ6) | AF7: =IF(CupDraw!AO6="","",CupDraw!AO6) | AI7: =CupDraw!AS6 -> Earlier drawn ties
C8: =IF(CupDraw!J7="","",CupDraw!J7) | D8: =IF(CupDraw!K7="","",CupDraw!K7) | E8: =IF(CupDraw!L7="","",CupDraw!L7) | I8: =IF(CupDraw!P7="","",CupDraw!P7) -> Ben Rosser | J8: =IF(CupDraw!Q7="","",CupDraw!Q7) -> -7 | K8: =IF(CupDraw!R7="","",CupDraw!R7) | O8: =CupDraw!V7 -> Tom Robinson | P8: =IF(CupDraw!W7="","",CupDraw!W7) -> -0.4375 | Q8: =IF(CupDraw!X7="","",CupDraw!X7) | U8: =CupDraw!AB7 -> Paul Fairhurst | V8: =IF(CupDraw!AC7="","",CupDraw!AC7) | Z8: =CupDraw!AH7 -> Await earlier tie | AA8: =IF(CupDraw!AI7="","",CupDraw!AI7) | AB8: =IF(CupDraw!AJ7="","",CupDraw!AJ7) | AD8: Earlier drawn ties | AJ8: =IF(CupDraw!AT7="","",CupDraw!AT7) | AK8: =IF(CupDraw!AU7="","",CupDraw!AU7) | AL8: =IF(CupDraw!AV7="","",CupDraw!AV7)
B9: =CupDraw!I8 -> 4 | C9: =IF(CupDraw!J8="","",CupDraw!J8) | D9: =IF(CupDraw!K8="","",CupDraw!K8) | E9: =IF(CupDraw!L8="","",CupDraw!L8) | H9: =CupDraw!O8 -> 4 | I9: =IF(CupDraw!P8="","",CupDraw!P8) -> Alex Griffin | J9: =IF(CupDraw!Q8="","",CupDraw!Q8) -> 0.46280992 | K9: =IF(CupDraw!R8="","",CupDraw!R8) | N9: =CupDraw!U8 -> 4 | O9: =CupDraw!V8 -> Martin Molyneux | P9: =IF(CupDraw!W8="","",CupDraw!W8) -> -5.25 | Q9: =IF(CupDraw!X8="","",CupDraw!X8) | T9: =CupDraw!AA8 -> 4 | U9: =CupDraw!AB8 -> Steve Carter | V9: =IF(CupDraw!AC8="","",CupDraw!AC8) | W9: =CupDraw!AD8 | Y9: =CupDraw!AG8 -> 4 | Z9: =CupDraw!AH8 -> Await earlier tie | AA9: =IF(CupDraw!AI8="","",CupDraw!AI8) | AB9: =IF(CupDraw!AJ8="","",CupDraw!AJ8) | AE9: =IF(CupDraw!AN8="","",CupDraw!AN8) | AF9: =IF(CupDraw!AO8="","",CupDraw!AO8) | AG9: =CupDraw!AP8 -> 0 | AJ9: =IF(CupDraw!AT8="","",CupDraw!AT8) | AK9: =IF(CupDraw!AU8="","",CupDraw!AU8) | AL9: =IF(CupDraw!AV8="","",CupDraw!AV8)
C10: =IF(CupDraw!J9="","",CupDraw!J9) | D10: =IF(CupDraw!K9="","",CupDraw!K9) | E10: =IF(CupDraw!L9="","",CupDraw!L9) | I10: =IF(CupDraw!P9="","",CupDraw!P9) -> Julie Dodd | J10: =IF(CupDraw!Q9="","",CupDraw!Q9) -> -0.4 | K10: =IF(CupDraw!R9="","",CupDraw!R9) | O10: =CupDraw!V9 -> Nigel Heyes | P10: =IF(CupDraw!W9="","",CupDraw!W9) -> -5.5 | Q10: =IF(CupDraw!X9="","",CupDraw!X9) | U10: =CupDraw!AB9 -> Howard Bradley | V10: =IF(CupDraw!AC9="","",CupDraw!AC9) | Z10: =CupDraw!AH9 -> Await earlier tie | AA10: =IF(CupDraw!AI9="","",CupDraw!AI9) | AB10: =IF(CupDraw!AJ9="","",CupDraw!AJ9) | AE10: =IF(CupDraw!AN9="","",CupDraw!AN9) | AF10: =IF(CupDraw!AO9="","",CupDraw!AO9) | AJ10: =IF(CupDraw!AT9="","",CupDraw!AT9) | AK10: =IF(CupDraw!AU9="","",CupDraw!AU9) | AL10: =IF(CupDraw!AV9="","",CupDraw!AV9)
B11: =CupDraw!I10 -> 5 | C11: =IF(CupDraw!J10="","",CupDraw!J10) | D11: =IF(CupDraw!K10="","",CupDraw!K10) | E11: =IF(CupDraw!L10="","",CupDraw!L10) | H11: =CupDraw!O10 -> 5 | I11: =IF(CupDraw!P10="","",CupDraw!P10) -> David Dunn | J11: =IF(CupDraw!Q10="","",CupDraw!Q10) -> -7 | K11: =IF(CupDraw!R10="","",CupDraw!R10) | N11: =CupDraw!U10 -> 5 | O11: =CupDraw!V10 -> Rob England | P11: =IF(CupDraw!W10="","",CupDraw!W10) -> -1.125 | Q11: =IF(CupDraw!X10="","",CupDraw!X10) | T11: =CupDraw!AA10 -> 5 | U11: =CupDraw!AB10 -> Jack Walsh | V11: =IF(CupDraw!AC10="","",CupDraw!AC10) | W11: =CupDraw!AD10 | AE11: =IF(CupDraw!AN10="","",CupDraw!AN10) | AF11: =IF(CupDraw!AO10="","",CupDraw!AO10) | AG11: =CupDraw!AP10 -> 0 | AJ11: =IF(CupDraw!AT10="","",CupDraw!AT10) | AK11: =IF(CupDraw!AU10="","",CupDraw!AU10) | AL11: =IF(CupDraw!AV10="","",CupDraw!AV10)
C12: =IF(CupDraw!J11="","",CupDraw!J11) | D12: =IF(CupDraw!K11="","",CupDraw!K11) | E12: =IF(CupDraw!L11="","",CupDraw!L11) | I12: =IF(CupDraw!P11="","",CupDraw!P11) -> Kevin Carter | J12: =IF(CupDraw!Q11="","",CupDraw!Q11) -> 2.56 | K12: =IF(CupDraw!R11="","",CupDraw!R11) | O12: =CupDraw!V11 -> Vinny Topping | P12: =IF(CupDraw!W11="","",CupDraw!W11) -> -4.3 | Q12: =IF(CupDraw!X11="","",CupDraw!X11) | U12: =CupDraw!AB11 -> Graham Miller | V12: =IF(CupDraw!AC11="","",CupDraw!AC11) | AE12: =IF(CupDraw!AN11="","",CupDraw!AN11) | AF12: =IF(CupDraw!AO11="","",CupDraw!AO11)
B13: =CupDraw!I12 -> 6 | C13: =IF(CupDraw!J12="","",CupDraw!J12) | D13: =IF(CupDraw!K12="","",CupDraw!K12) | E13: =IF(CupDraw!L12="","",CupDraw!L12) | H13: =CupDraw!O12 -> 6 | I13: =IF(CupDraw!P12="","",CupDraw!P12) -> Tom Robinson | J13: =IF(CupDraw!Q12="","",CupDraw!Q12) -> -5.0909091 | K13: =IF(CupDraw!R12="","",CupDraw!R12) | N13: =CupDraw!U12 -> 6 | O13: =CupDraw!V12 -> Paul Fairhurst | P13: =IF(CupDraw!W12="","",CupDraw!W12) -> 11.95 | Q13: =IF(CupDraw!X12="","",CupDraw!X12) | T13: =CupDraw!AA12 -> 6 | U13: =CupDraw!AB12 -> Katy Savory | V13: =IF(CupDraw!AC12="","",CupDraw!AC12) | W13: =CupDraw!AD12 | Y13: Earlier drawn ties
C14: =IF(CupDraw!J13="","",CupDraw!J13) | D14: =IF(CupDraw!K13="","",CupDraw!K13) | E14: =IF(CupDraw!L13="","",CupDraw!L13) | I14: =IF(CupDraw!P13="","",CupDraw!P13) -> Alan Bond | J14: =IF(CupDraw!Q13="","",CupDraw!Q13) -> -10 | K14: =IF(CupDraw!R13="","",CupDraw!R13) | O14: =CupDraw!V13 -> Mike Penk | P14: =IF(CupDraw!W13="","",CupDraw!W13) -> -7 | Q14: =IF(CupDraw!X13="","",CupDraw!X13) | U14: =CupDraw!AB13 -> Naaman Boyd | V14: =IF(CupDraw!AC13="","",CupDraw!AC13) | Z14: =IF(CupDraw!AH13="","",CupDraw!AH13) | AA14: =IF(CupDraw!AI13="","",CupDraw!AI13) | AB14: =IF(CupDraw!AJ13="","",CupDraw!AJ13)
B15: =CupDraw!I14 -> 7 | C15: =IF(CupDraw!J14="","",CupDraw!J14) | D15: =IF(CupDraw!K14="","",CupDraw!K14) | E15: =IF(CupDraw!L14="","",CupDraw!L14) | H15: =CupDraw!O14 -> 7 | I15: =IF(CupDraw!P14="","",CupDraw!P14) -> Martin Molyneux | J15: =IF(CupDraw!Q14="","",CupDraw!Q14) -> 2.56 | K15: =IF(CupDraw!R14="","",CupDraw!R14) | N15: =CupDraw!U14 -> 7 | O15: =CupDraw!V14 -> Chris Luck | P15: =IF(CupDraw!W14="","",CupDraw!W14) -> -7 | Q15: =IF(CupDraw!X14="","",CupDraw!X14) | T15: =CupDraw!AA14 -> 7 | U15: =CupDraw!AB14 -> Mark Saunders | V15: =IF(CupDraw!AC14="","",CupDraw!AC14) | W15: =CupDraw!AD14 | Z15: =IF(CupDraw!AH14="","",CupDraw!AH14) | AA15: =IF(CupDraw!AI14="","",CupDraw!AI14) | AB15: =IF(CupDraw!AJ14="","",CupDraw!AJ14)
C16: =IF(CupDraw!J15="","",CupDraw!J15) | D16: =IF(CupDraw!K15="","",CupDraw!K15) | E16: =IF(CupDraw!L15="","",CupDraw!L15) | I16: =IF(CupDraw!P15="","",CupDraw!P15) -> Gareth Powell | J16: =IF(CupDraw!Q15="","",CupDraw!Q15) -> -4.8 | K16: =IF(CupDraw!R15="","",CupDraw!R15) | O16: =CupDraw!V15 -> Steve Carter | P16: =IF(CupDraw!W15="","",CupDraw!W15) -> -4.95 | Q16: =IF(CupDraw!X15="","",CupDraw!X15) | U16: =CupDraw!AB15 -> Steven Naylor | V16: =IF(CupDraw!AC15="","",CupDraw!AC15) | Z16: =IF(CupDraw!AH15="","",CupDraw!AH15) | AA16: =IF(CupDraw!AI15="","",CupDraw!AI15) | AB16: =IF(CupDraw!AJ15="","",CupDraw!AJ15)
B17: =CupDraw!I16 -> 8 | C17: =IF(CupDraw!J16="","",CupDraw!J16) | D17: =IF(CupDraw!K16="","",CupDraw!K16) | E17: =IF(CupDraw!L16="","",CupDraw!L16) | H17: =CupDraw!O16 -> 8 | I17: =IF(CupDraw!P16="","",CupDraw!P16) -> Nigel Heyes | J17: =IF(CupDraw!Q16="","",CupDraw!Q16) -> 19.080992 | K17: =IF(CupDraw!R16="","",CupDraw!R16) | N17: =CupDraw!U16 -> 8 | O17: =CupDraw!V16 -> Simon Kimble | P17: =IF(CupDraw!W16="","",CupDraw!W16) -> -4.375 | Q17: =IF(CupDraw!X16="","",CupDraw!X16) | T17: =CupDraw!AA16 -> 8 | U17: =CupDraw!AB16 -> Nick Blocksidge | V17: =IF(CupDraw!AC16="","",CupDraw!AC16) | W17: =CupDraw!AD16 | Z17: =IF(CupDraw!AH16="","",CupDraw!AH16) | AA17: =IF(CupDraw!AI16="","",CupDraw!AI16) | AB17: =IF(CupDraw!AJ16="","",CupDraw!AJ16)
C18: =IF(CupDraw!J17="","",CupDraw!J17) | D18: =IF(CupDraw!K17="","",CupDraw!K17) | E18: =IF(CupDraw!L17="","",CupDraw!L17) | I18: =IF(CupDraw!P17="","",CupDraw!P17) -> Stephen Barr | J18: =IF(CupDraw!Q17="","",CupDraw!Q17) -> 2.56 | K18: =IF(CupDraw!R17="","",CupDraw!R17) | O18: =CupDraw!V17 -> Howard Bradley | P18: =IF(CupDraw!W17="","",CupDraw!W17) -> -1.125 | Q18: =IF(CupDraw!X17="","",CupDraw!X17) | U18: =CupDraw!AB17 -> Paul Adderley | V18: =IF(CupDraw!AC17="","",CupDraw!AC17) | Z18: =IF(CupDraw!AH17="","",CupDraw!AH17) | AA18: =IF(CupDraw!AI17="","",CupDraw!AI17) | AB18: =IF(CupDraw!AJ17="","",CupDraw!AJ17)
B19: =CupDraw!I18 -> 9 | C19: =IF(CupDraw!J18="","",CupDraw!J18) | D19: =IF(CupDraw!K18="","",CupDraw!K18) | E19: =IF(CupDraw!L18="","",CupDraw!L18) | H19: =CupDraw!O18 -> 9 | I19: =IF(CupDraw!P18="","",CupDraw!P18) -> Paul Allen | J19: =IF(CupDraw!Q18="","",CupDraw!Q18) -> -10 | K19: =IF(CupDraw!R18="","",CupDraw!R18) | N19: =CupDraw!U18 -> 9 | O19: =CupDraw!V18 -> Jack Walsh | P19: =IF(CupDraw!W18="","",CupDraw!W18) -> -5.25 | Q19: =IF(CupDraw!X18="","",CupDraw!X18) | Z19: =IF(CupDraw!AH18="","",CupDraw!AH18) | AA19: =IF(CupDraw!AI18="","",CupDraw!AI18) | AB19: =IF(CupDraw!AJ18="","",CupDraw!AJ18)
C20: =IF(CupDraw!J19="","",CupDraw!J19) | D20: =IF(CupDraw!K19="","",CupDraw!K19) | E20: =IF(CupDraw!L19="","",CupDraw!L19) | I20: =IF(CupDraw!P19="","",CupDraw!P19) -> Rob England | J20: =IF(CupDraw!Q19="","",CupDraw!Q19) -> -1.125 | K20: =IF(CupDraw!R19="","",CupDraw!R19) | O20: =CupDraw!V19 -> Lennie Bow | P20: =IF(CupDraw!W19="","",CupDraw!W19) -> -5.5 | Q20: =IF(CupDraw!X19="","",CupDraw!X19) | Z20: =IF(CupDraw!AH19="","",CupDraw!AH19) | AA20: =IF(CupDraw!AI19="","",CupDraw!AI19) | AB20: =IF(CupDraw!AJ19="","",CupDraw!AJ19)
B21: =CupDraw!I20 -> 10 | C21: =IF(CupDraw!J20="","",CupDraw!J20) | D21: =IF(CupDraw!K20="","",CupDraw!K20) | E21: =IF(CupDraw!L20="","",CupDraw!L20) | H21: =CupDraw!O20 -> 10 | I21: =IF(CupDraw!P20="","",CupDraw!P20) -> Vinny Topping | J21: =IF(CupDraw!Q20="","",CupDraw!Q20) -> 1.12 | K21: =IF(CupDraw!R20="","",CupDraw!R20) | N21: =CupDraw!U20 -> 10 | O21: =CupDraw!V20 -> Graham Miller | P21: =IF(CupDraw!W20="","",CupDraw!W20) -> -4.95 | Q21: =IF(CupDraw!X20="","",CupDraw!X20) | Z21: =IF(CupDraw!AH20="","",CupDraw!AH20) | AA21: =IF(CupDraw!AI20="","",CupDraw!AI20) | AB21: =IF(CupDraw!AJ20="","",CupDraw!AJ20)
C22: =IF(CupDraw!J21="","",CupDraw!J21) | D22: =IF(CupDraw!K21="","",CupDraw!K21) | E22: =IF(CupDraw!L21="","",CupDraw!L21) | I22: =IF(CupDraw!P21="","",CupDraw!P21) -> Mark Bunn | J22: =IF(CupDraw!Q21="","",CupDraw!Q21) -> -4.8 | K22: =IF(CupDraw!R21="","",CupDraw!R21) | O22: =CupDraw!V21 -> Martin Tarbuck | P22: =IF(CupDraw!W21="","",CupDraw!W21) -> -10 | Q22: =IF(CupDraw!X21="","",CupDraw!X21) | T22: =CupDraw!AA21 -> Earlier drawn ties
B23: =CupDraw!I22 -> 11 | C23: =IF(CupDraw!J22="","",CupDraw!J22) | D23: =IF(CupDraw!K22="","",CupDraw!K22) | E23: =IF(CupDraw!L22="","",CupDraw!L22) | H23: =CupDraw!O22 -> 11 | I23: =IF(CupDraw!P22="","",CupDraw!P22) -> Paul Fairhurst | J23: =IF(CupDraw!Q22="","",CupDraw!Q22) -> 5.26 | K23: =IF(CupDraw!R22="","",CupDraw!R22) | N23: =CupDraw!U22 -> 11 | O23: =CupDraw!V22 -> Katy Savory | P23: =IF(CupDraw!W22="","",CupDraw!W22) -> -5.1666667 | Q23: =IF(CupDraw!X22="","",CupDraw!X22)
C24: =IF(CupDraw!J23="","",CupDraw!J23) | D24: =IF(CupDraw!K23="","",CupDraw!K23) | E24: =IF(CupDraw!L23="","",CupDraw!L23) | I24: =IF(CupDraw!P23="","",CupDraw!P23) -> Paul Barnes | J24: =IF(CupDraw!Q23="","",CupDraw!Q23) -> -5.5555556 | K24: =IF(CupDraw!R23="","",CupDraw!R23) | O24: =CupDraw!V23 -> Simon Greenhalgh | P24: =IF(CupDraw!W23="","",CupDraw!W23) -> -7 | Q24: =IF(CupDraw!X23="","",CupDraw!X23)
B25: =CupDraw!I24 -> 12 | C25: =IF(CupDraw!J24="","",CupDraw!J24) | D25: =IF(CupDraw!K24="","",CupDraw!K24) | E25: =IF(CupDraw!L24="","",CupDraw!L24) | H25: =CupDraw!O24 -> 12 | I25: =IF(CupDraw!P24="","",CupDraw!P24) -> Chris Griffin | J25: =IF(CupDraw!Q24="","",CupDraw!Q24) -> -4.8 | K25: =IF(CupDraw!R24="","",CupDraw!R24) | N25: =CupDraw!U24 -> 12 | O25: =CupDraw!V24 -> Bob Bailey | P25: =IF(CupDraw!W24="","",CupDraw!W24) -> -5.25 | Q25: =IF(CupDraw!X24="","",CupDraw!X24) | U25: =IF(CupDraw!AB24="","",CupDraw!AB24) | V25: =IF(CupDraw!AC24="","",CupDraw!AC24)
C26: =IF(CupDraw!J25="","",CupDraw!J25) | D26: =IF(CupDraw!K25="","",CupDraw!K25) | E26: =IF(CupDraw!L25="","",CupDraw!L25) | I26: =IF(CupDraw!P25="","",CupDraw!P25) -> Mike Penk | J26: =IF(CupDraw!Q25="","",CupDraw!Q25) -> 3.3454545 | K26: =IF(CupDraw!R25="","",CupDraw!R25) | O26: =CupDraw!V25 -> Naaman Boyd | P26: =IF(CupDraw!W25="","",CupDraw!W25) -> 0.48571429 | Q26: =IF(CupDraw!X25="","",CupDraw!X25) | U26: =IF(CupDraw!AB25="","",CupDraw!AB25) | V26: =IF(CupDraw!AC25="","",CupDraw!AC25)
B27: =CupDraw!I26 -> 13 | C27: =IF(CupDraw!J26="","",CupDraw!J26) | D27: =IF(CupDraw!K26="","",CupDraw!K26) | E27: =IF(CupDraw!L26="","",CupDraw!L26) | H27: =CupDraw!O26 -> 13 | I27: =IF(CupDraw!P26="","",CupDraw!P26) -> Chris Luck | J27: =IF(CupDraw!Q26="","",CupDraw!Q26) -> 12 | K27: =IF(CupDraw!R26="","",CupDraw!R26) | N27: =CupDraw!U26 -> 13 | O27: =CupDraw!V26 -> Alan White | P27: =IF(CupDraw!W26="","",CupDraw!W26) -> -7 | Q27: =IF(CupDraw!X26="","",CupDraw!X26) | U27: =IF(CupDraw!AB26="","",CupDraw!AB26) | V27: =IF(CupDraw!AC26="","",CupDraw!AC26) | W27: =CupDraw!AD26
C28: =IF(CupDraw!J27="","",CupDraw!J27) | D28: =IF(CupDraw!K27="","",CupDraw!K27) | E28: =IF(CupDraw!L27="","",CupDraw!L27) | I28: =IF(CupDraw!P27="","",CupDraw!P27) -> Chris Bow | J28: =IF(CupDraw!Q27="","",CupDraw!Q27) -> -7 | K28: =IF(CupDraw!R27="","",CupDraw!R27) | O28: =CupDraw!V27 -> Mark Saunders | P28: =IF(CupDraw!W27="","",CupDraw!W27) -> -0.92857143 | Q28: =IF(CupDraw!X27="","",CupDraw!X27) | U28: =IF(CupDraw!AB27="","",CupDraw!AB27) | V28: =IF(CupDraw!AC27="","",CupDraw!AC27)
B29: =CupDraw!I28 -> 14 | C29: =IF(CupDraw!J28="","",CupDraw!J28) | D29: =IF(CupDraw!K28="","",CupDraw!K28) | E29: =IF(CupDraw!L28="","",CupDraw!L28) | H29: =CupDraw!O28 -> 14 | I29: =IF(CupDraw!P28="","",CupDraw!P28) -> Dan Gibbard | J29: =IF(CupDraw!Q28="","",CupDraw!Q28) -> -7 | K29: =IF(CupDraw!R28="","",CupDraw!R28) | N29: =CupDraw!U28 -> 14 | O29: =CupDraw!V28 -> Dot Bow | P29: =IF(CupDraw!W28="","",CupDraw!W28) -> -7 | Q29: =IF(CupDraw!X28="","",CupDraw!X28) | U29: =IF(CupDraw!AB28="","",CupDraw!AB28) | V29: =IF(CupDraw!AC28="","",CupDraw!AC28) | W29: =CupDraw!AD28
C30: =IF(CupDraw!J29="","",CupDraw!J29) | D30: =IF(CupDraw!K29="","",CupDraw!K29) | E30: =IF(CupDraw!L29="","",CupDraw!L29) | I30: =IF(CupDraw!P29="","",CupDraw!P29) -> Steve Carter | J30: =IF(CupDraw!Q29="","",CupDraw!Q29) -> -0.88888889 | K30: =IF(CupDraw!R29="","",CupDraw!R29) | O30: =CupDraw!V29 -> Steven Naylor | P30: =IF(CupDraw!W29="","",CupDraw!W29) -> -4.7 | Q30: =IF(CupDraw!X29="","",CupDraw!X29) | U30: =IF(CupDraw!AB29="","",CupDraw!AB29) | V30: =IF(CupDraw!AC29="","",CupDraw!AC29)
B31: =CupDraw!I30 -> 15 | C31: =IF(CupDraw!J30="","",CupDraw!J30) | D31: =IF(CupDraw!K30="","",CupDraw!K30) | E31: =IF(CupDraw!L30="","",CupDraw!L30) | H31: =CupDraw!O30 -> 15 | I31: =IF(CupDraw!P30="","",CupDraw!P30) -> Simon Richardson | J31: =IF(CupDraw!Q30="","",CupDraw!Q30) -> -1.6068376 | K31: =IF(CupDraw!R30="","",CupDraw!R30) | N31: =CupDraw!U30 -> 15 | O31: =CupDraw!V30 -> Nick Blocksidge | P31: =IF(CupDraw!W30="","",CupDraw!W30) -> -2.2857143 | Q31: =IF(CupDraw!X30="","",CupDraw!X30)
C32: =IF(CupDraw!J31="","",CupDraw!J31) | D32: =IF(CupDraw!K31="","",CupDraw!K31) | E32: =IF(CupDraw!L31="","",CupDraw!L31) | I32: =IF(CupDraw!P31="","",CupDraw!P31) -> Simon Kimble | J32: =IF(CupDraw!Q31="","",CupDraw!Q31) -> 2 | K32: =IF(CupDraw!R31="","",CupDraw!R31) | O32: =CupDraw!V31 -> Alan Rogers | P32: =IF(CupDraw!W31="","",CupDraw!W31) -> -3.6 | Q32: =IF(CupDraw!X31="","",CupDraw!X31)
B33: =CupDraw!I32 -> 16 | C33: =IF(CupDraw!J32="","",CupDraw!J32) | D33: =IF(CupDraw!K32="","",CupDraw!K32) | E33: =IF(CupDraw!L32="","",CupDraw!L32) | H33: =CupDraw!O32 -> 16 | I33: =IF(CupDraw!P32="","",CupDraw!P32) -> Barry Birchall | J33: =IF(CupDraw!Q32="","",CupDraw!Q32) -> -5.0909091 | K33: =IF(CupDraw!R32="","",CupDraw!R32) | N33: =CupDraw!U32 -> 16 | O33: =CupDraw!V32 -> Paul Adderley | P33: =IF(CupDraw!W32="","",CupDraw!W32) -> -2.6 | Q33: =IF(CupDraw!X32="","",CupDraw!X32)
C34: =IF(CupDraw!J33="","",CupDraw!J33) | D34: =IF(CupDraw!K33="","",CupDraw!K33) | E34: =IF(CupDraw!L33="","",CupDraw!L33) | I34: =IF(CupDraw!P33="","",CupDraw!P33) -> Howard Bradley | J34: =IF(CupDraw!Q33="","",CupDraw!Q33) -> 2 | K34: =IF(CupDraw!R33="","",CupDraw!R33) | O34: =CupDraw!V33 -> Alick Rocca | P34: =IF(CupDraw!W33="","",CupDraw!W33) -> -10 | Q34: =IF(CupDraw!X33="","",CupDraw!X33)
B35: =CupDraw!I34 -> 17 | C35: =IF(CupDraw!J34="","",CupDraw!J34) | D35: =IF(CupDraw!K34="","",CupDraw!K34) | E35: =IF(CupDraw!L34="","",CupDraw!L34) | H35: =CupDraw!O34 -> 17 | I35: =IF(CupDraw!P34="","",CupDraw!P34) -> Jack Walsh | J35: =IF(CupDraw!Q34="","",CupDraw!Q34) -> 1.8909091 | K35: =IF(CupDraw!R34="","",CupDraw!R34) | Q35: =IF(CupDraw!X34="","",CupDraw!X34)
C36: =IF(CupDraw!J35="","",CupDraw!J35) | D36: =IF(CupDraw!K35="","",CupDraw!K35) | E36: =IF(CupDraw!L35="","",CupDraw!L35) | I36: =IF(CupDraw!P35="","",CupDraw!P35) -> Gerard Ventom | J36: =IF(CupDraw!Q35="","",CupDraw!Q35) -> -4.8 | K36: =IF(CupDraw!R35="","",CupDraw!R35) | Q36: =IF(CupDraw!X35="","",CupDraw!X35)
B37: =CupDraw!I36 -> 18 | C37: =IF(CupDraw!J36="","",CupDraw!J36) | D37: =IF(CupDraw!K36="","",CupDraw!K36) | E37: =IF(CupDraw!L36="","",CupDraw!L36) | H37: =CupDraw!O36 -> 18 | I37: =IF(CupDraw!P36="","",CupDraw!P36) -> Lennie Bow | J37: =IF(CupDraw!Q36="","",CupDraw!Q36) -> 0 | K37: =IF(CupDraw!R36="","",CupDraw!R36) | Q37: =IF(CupDraw!X36="","",CupDraw!X36)
C38: =IF(CupDraw!J37="","",CupDraw!J37) | D38: =IF(CupDraw!K37="","",CupDraw!K37) | E38: =IF(CupDraw!L37="","",CupDraw!L37) | I38: =IF(CupDraw!P37="","",CupDraw!P37) -> Dave Bell | J38: =IF(CupDraw!Q37="","",CupDraw!Q37) -> -7 | K38: =IF(CupDraw!R37="","",CupDraw!R37) | N38: =CupDraw!U37 -> Earlier drawn ties
B39: =CupDraw!I38 -> 19 | C39: =IF(CupDraw!J38="","",CupDraw!J38) | D39: =IF(CupDraw!K38="","",CupDraw!K38) | E39: =IF(CupDraw!L38="","",CupDraw!L38) | H39: =CupDraw!O38 -> 19 | I39: =IF(CupDraw!P38="","",CupDraw!P38) | J39: =IF(CupDraw!Q38="","",CupDraw!Q38) | K39: =IF(CupDraw!R38="","",CupDraw!R38) | O39: =IF(CupDraw!V38="","",CupDraw!V38) | P39: =IF(CupDraw!W38="","",CupDraw!W38) | Q39: =IF(CupDraw!X38="","",CupDraw!X38)
C40: =IF(CupDraw!J39="","",CupDraw!J39) | D40: =IF(CupDraw!K39="","",CupDraw!K39) | E40: =IF(CupDraw!L39="","",CupDraw!L39) | I40: =IF(CupDraw!P39="","",CupDraw!P39) | J40: =IF(CupDraw!Q39="","",CupDraw!Q39) | K40: =IF(CupDraw!R39="","",CupDraw!R39) | O40: =IF(CupDraw!V39="","",CupDraw!V39) | P40: =IF(CupDraw!W39="","",CupDraw!W39) | Q40: =IF(CupDraw!X39="","",CupDraw!X39)
B41: =CupDraw!I40 -> 20 | C41: =IF(CupDraw!J40="","",CupDraw!J40) | D41: =IF(CupDraw!K40="","",CupDraw!K40) | E41: =IF(CupDraw!L40="","",CupDraw!L40) | H41: =CupDraw!O40 -> 20 | I41: =IF(CupDraw!P40="","",CupDraw!P40) | J41: =IF(CupDraw!Q40="","",CupDraw!Q40) | K41: =IF(CupDraw!R40="","",CupDraw!R40) | O41: =IF(CupDraw!V40="","",CupDraw!V40) | P41: =IF(CupDraw!W40="","",CupDraw!W40) | Q41: =IF(CupDraw!X40="","",CupDraw!X40)
C42: =IF(CupDraw!J41="","",CupDraw!J41) | D42: =IF(CupDraw!K41="","",CupDraw!K41) | E42: =IF(CupDraw!L41="","",CupDraw!L41) | I42: =IF(CupDraw!P41="","",CupDraw!P41) | J42: =IF(CupDraw!Q41="","",CupDraw!Q41) | K42: =IF(CupDraw!R41="","",CupDraw!R41) | O42: =IF(CupDraw!V41="","",CupDraw!V41) | P42: =IF(CupDraw!W41="","",CupDraw!W41) | Q42: =IF(CupDraw!X41="","",CupDraw!X41)
B43: =CupDraw!I42 -> 21 | C43: =IF(CupDraw!J42="","",CupDraw!J42) | D43: =IF(CupDraw!K42="","",CupDraw!K42) | E43: =IF(CupDraw!L42="","",CupDraw!L42) | H43: =CupDraw!O42 -> 21 | I43: =IF(CupDraw!P42="","",CupDraw!P42) | J43: =IF(CupDraw!Q42="","",CupDraw!Q42) | K43: =IF(CupDraw!R42="","",CupDraw!R42) | O43: =IF(CupDraw!V42="","",CupDraw!V42) | P43: =IF(CupDraw!W42="","",CupDraw!W42) | Q43: =IF(CupDraw!X42="","",CupDraw!X42)
C44: =IF(CupDraw!J43="","",CupDraw!J43) | D44: =IF(CupDraw!K43="","",CupDraw!K43) | E44: =IF(CupDraw!L43="","",CupDraw!L43) | I44: =IF(CupDraw!P43="","",CupDraw!P43) | J44: =IF(CupDraw!Q43="","",CupDraw!Q43) | K44: =IF(CupDraw!R43="","",CupDraw!R43) | O44: =IF(CupDraw!V43="","",CupDraw!V43) | P44: =IF(CupDraw!W43="","",CupDraw!W43) | Q44: =IF(CupDraw!X43="","",CupDraw!X43)
B45: =CupDraw!I44 -> 22 | C45: =IF(CupDraw!J44="","",CupDraw!J44) | D45: =IF(CupDraw!K44="","",CupDraw!K44) | E45: =IF(CupDraw!L44="","",CupDraw!L44) | H45: =CupDraw!O44 -> 22 | I45: =IF(CupDraw!P44="","",CupDraw!P44) | J45: =IF(CupDraw!Q44="","",CupDraw!Q44) | K45: =IF(CupDraw!R44="","",CupDraw!R44) | O45: =IF(CupDraw!V44="","",CupDraw!V44) | P45: =IF(CupDraw!W44="","",CupDraw!W44) | Q45: =IF(CupDraw!X44="","",CupDraw!X44)
C46: =IF(CupDraw!J45="","",CupDraw!J45) | D46: =IF(CupDraw!K45="","",CupDraw!K45) | E46: =IF(CupDraw!L45="","",CupDraw!L45) | I46: =IF(CupDraw!P45="","",CupDraw!P45) | J46: =IF(CupDraw!Q45="","",CupDraw!Q45) | K46: =IF(CupDraw!R45="","",CupDraw!R45) | O46: =IF(CupDraw!V45="","",CupDraw!V45) | P46: =IF(CupDraw!W45="","",CupDraw!W45) | Q46: =IF(CupDraw!X45="","",CupDraw!X45)
B47: =CupDraw!I46 -> 23 | C47: =IF(CupDraw!J46="","",CupDraw!J46) | D47: =IF(CupDraw!K46="","",CupDraw!K46) | E47: =IF(CupDraw!L46="","",CupDraw!L46) | H47: =CupDraw!O46 -> 23 | I47: =IF(CupDraw!P46="","",CupDraw!P46) | J47: =IF(CupDraw!Q46="","",CupDraw!Q46) | K47: =IF(CupDraw!R46="","",CupDraw!R46) | O47: =IF(CupDraw!V46="","",CupDraw!V46) | P47: =IF(CupDraw!W46="","",CupDraw!W46) | Q47: =IF(CupDraw!X46="","",CupDraw!X46)
C48: =IF(CupDraw!J47="","",CupDraw!J47) | D48: =IF(CupDraw!K47="","",CupDraw!K47) | E48: =IF(CupDraw!L47="","",CupDraw!L47) | I48: =IF(CupDraw!P47="","",CupDraw!P47) | J48: =IF(CupDraw!Q47="","",CupDraw!Q47) | K48: =IF(CupDraw!R47="","",CupDraw!R47) | O48: =IF(CupDraw!V47="","",CupDraw!V47) | P48: =IF(CupDraw!W47="","",CupDraw!W47) | Q48: =IF(CupDraw!X47="","",CupDraw!X47)
B49: =CupDraw!I48 -> 24 | C49: =IF(CupDraw!J48="","",CupDraw!J48) | D49: =IF(CupDraw!K48="","",CupDraw!K48) | E49: =IF(CupDraw!L48="","",CupDraw!L48) | H49: =CupDraw!O48 -> 24 | I49: =IF(CupDraw!P48="","",CupDraw!P48) | J49: =IF(CupDraw!Q48="","",CupDraw!Q48) | K49: =IF(CupDraw!R48="","",CupDraw!R48)
C50: =IF(CupDraw!J49="","",CupDraw!J49) | D50: =IF(CupDraw!K49="","",CupDraw!K49) | E50: =IF(CupDraw!L49="","",CupDraw!L49) | I50: =IF(CupDraw!P49="","",CupDraw!P49) | J50: =IF(CupDraw!Q49="","",CupDraw!Q49) | K50: =IF(CupDraw!R49="","",CupDraw!R49)
B51: =CupDraw!I50 -> 25 | C51: =IF(CupDraw!J50="","",CupDraw!J50) | D51: =IF(CupDraw!K50="","",CupDraw!K50) | E51: =IF(CupDraw!L50="","",CupDraw!L50) | H51: =CupDraw!O50 -> 25 | I51: =IF(CupDraw!P50="","",CupDraw!P50) | J51: =IF(CupDraw!Q50="","",CupDraw!Q50) | K51: =IF(CupDraw!R50="","",CupDraw!R50)
C52: =IF(CupDraw!J51="","",CupDraw!J51) | D52: =IF(CupDraw!K51="","",CupDraw!K51) | E52: =IF(CupDraw!L51="","",CupDraw!L51) | I52: =IF(CupDraw!P51="","",CupDraw!P51) | J52: =IF(CupDraw!Q51="","",CupDraw!Q51) | K52: =IF(CupDraw!R51="","",CupDraw!R51)
B53: =CupDraw!I52 -> 26 | C53: =IF(CupDraw!J52="","",CupDraw!J52) | D53: =IF(CupDraw!K52="","",CupDraw!K52) | E53: =IF(CupDraw!L52="","",CupDraw!L52) | H53: =CupDraw!O52 -> 26 | I53: =IF(CupDraw!P52="","",CupDraw!P52) | J53: =IF(CupDraw!Q52="","",CupDraw!Q52) | K53: =IF(CupDraw!R52="","",CupDraw!R52)
C54: =IF(CupDraw!J53="","",CupDraw!J53) | D54: =IF(CupDraw!K53="","",CupDraw!K53) | E54: =IF(CupDraw!L53="","",CupDraw!L53) | I54: =IF(CupDraw!P53="","",CupDraw!P53) | J54: =IF(CupDraw!Q53="","",CupDraw!Q53) | K54: =IF(CupDraw!R53="","",CupDraw!R53)
B55: =CupDraw!I54 -> 27 | C55: =IF(CupDraw!J54="","",CupDraw!J54) | D55: =IF(CupDraw!K54="","",CupDraw!K54) | E55: =IF(CupDraw!L54="","",CupDraw!L54) | H55: =CupDraw!O54 -> 27 | I55: =IF(CupDraw!P54="","",CupDraw!P54) | J55: =IF(CupDraw!Q54="","",CupDraw!Q54) | K55: =IF(CupDraw!R54="","",CupDraw!R54)
C56: =IF(CupDraw!J55="","",CupDraw!J55) | D56: =IF(CupDraw!K55="","",CupDraw!K55) | E56: =IF(CupDraw!L55="","",CupDraw!L55) | I56: =IF(CupDraw!P55="","",CupDraw!P55) | J56: =IF(CupDraw!Q55="","",CupDraw!Q55) | K56: =IF(CupDraw!R55="","",CupDraw!R55)
B57: =CupDraw!I56 -> 28 | C57: =IF(CupDraw!J56="","",CupDraw!J56) | D57: =IF(CupDraw!K56="","",CupDraw!K56) | E57: =IF(CupDraw!L56="","",CupDraw!L56) | H57: =CupDraw!O56 -> 28 | I57: =IF(CupDraw!P56="","",CupDraw!P56) | J57: =IF(CupDraw!Q56="","",CupDraw!Q56) | K57: =IF(CupDraw!R56="","",CupDraw!R56)
C58: =IF(CupDraw!J57="","",CupDraw!J57) | D58: =IF(CupDraw!K57="","",CupDraw!K57) | E58: =IF(CupDraw!L57="","",CupDraw!L57) | I58: =IF(CupDraw!P57="","",CupDraw!P57) | J58: =IF(CupDraw!Q57="","",CupDraw!Q57) | K58: =IF(CupDraw!R57="","",CupDraw!R57)
B59: =CupDraw!I58 -> 29 | C59: =IF(CupDraw!J58="","",CupDraw!J58) | D59: =IF(CupDraw!K58="","",CupDraw!K58) | E59: =IF(CupDraw!L58="","",CupDraw!L58) | H59: =CupDraw!O58 -> 29 | I59: =IF(CupDraw!P58="","",CupDraw!P58) | J59: =IF(CupDraw!Q58="","",CupDraw!Q58) | K59: =IF(CupDraw!R58="","",CupDraw!R58)
C60: =IF(CupDraw!J59="","",CupDraw!J59) | D60: =IF(CupDraw!K59="","",CupDraw!K59) | E60: =IF(CupDraw!L59="","",CupDraw!L59) | I60: =IF(CupDraw!P59="","",CupDraw!P59) | J60: =IF(CupDraw!Q59="","",CupDraw!Q59) | K60: =IF(CupDraw!R59="","",CupDraw!R59)
B61: =CupDraw!I60 -> 30 | C61: =IF(CupDraw!J60="","",CupDraw!J60) | D61: =IF(CupDraw!K60="","",CupDraw!K60) | E61: =IF(CupDraw!L60="","",CupDraw!L60) | H61: =CupDraw!O60 -> 30 | I61: =IF(CupDraw!P60="","",CupDraw!P60) | J61: =IF(CupDraw!Q60="","",CupDraw!Q60) | K61: =IF(CupDraw!R60="","",CupDraw!R60)
C62: =IF(CupDraw!J61="","",CupDraw!J61) | D62: =IF(CupDraw!K61="","",CupDraw!K61) | E62: =IF(CupDraw!L61="","",CupDraw!L61) | I62: =IF(CupDraw!P61="","",CupDraw!P61) | J62: =IF(CupDraw!Q61="","",CupDraw!Q61) | K62: =IF(CupDraw!R61="","",CupDraw!R61)
B63: =CupDraw!I62 -> 31 | C63: =IF(CupDraw!J62="","",CupDraw!J62) | D63: =IF(CupDraw!K62="","",CupDraw!K62) | E63: =IF(CupDraw!L62="","",CupDraw!L62) | H63: =CupDraw!O62 -> 31 | I63: =IF(CupDraw!P62="","",CupDraw!P62) | J63: =IF(CupDraw!Q62="","",CupDraw!Q62) | K63: =IF(CupDraw!R62="","",CupDraw!R62)
C64: =IF(CupDraw!J63="","",CupDraw!J63) | D64: =IF(CupDraw!K63="","",CupDraw!K63) | E64: =IF(CupDraw!L63="","",CupDraw!L63) | I64: =IF(CupDraw!P63="","",CupDraw!P63) | J64: =IF(CupDraw!Q63="","",CupDraw!Q63) | K64: =IF(CupDraw!R63="","",CupDraw!R63)
B65: =CupDraw!I64 -> 32 | C65: =IF(CupDraw!J64="","",CupDraw!J64) | D65: =IF(CupDraw!K64="","",CupDraw!K64) | E65: =IF(CupDraw!L64="","",CupDraw!L64) | H65: =CupDraw!O64 -> 32 | I65: =IF(CupDraw!P64="","",CupDraw!P64) | J65: =IF(CupDraw!Q64="","",CupDraw!Q64) | K65: =IF(CupDraw!R64="","",CupDraw!R64)
C66: =IF(CupDraw!J65="","",CupDraw!J65) | D66: =IF(CupDraw!K65="","",CupDraw!K65) | E66: =IF(CupDraw!L65="","",CupDraw!L65) | I66: =IF(CupDraw!P65="","",CupDraw!P65) | J66: =IF(CupDraw!Q65="","",CupDraw!Q65) | K66: =IF(CupDraw!R65="","",CupDraw!R65)
B67: =CupDraw!I66 -> 33 | C67: =IF(CupDraw!J66="","",CupDraw!J66) | D67: =IF(CupDraw!K66="","",CupDraw!K66) | E67: =IF(CupDraw!L66="","",CupDraw!L66)
C68: =IF(CupDraw!J67="","",CupDraw!J67) | D68: =IF(CupDraw!K67="","",CupDraw!K67) | E68: =IF(CupDraw!L67="","",CupDraw!L67)
B69: =CupDraw!I68 -> 34 | C69: =IF(CupDraw!J68="","",CupDraw!J68) | D69: =IF(CupDraw!K68="","",CupDraw!K68) | E69: =IF(CupDraw!L68="","",CupDraw!L68) | H69: =CupDraw!O68 -> Earlier drawn ties
